Workbook

Sheet INSTRUCCIONES
A1: BOTADURA - MAESTRO AUTOMATIZADO
A3: Uso:
A4: 1. Modificar, agregar o corregir invitados únicamente en la pestaña MAESTRO.
A5: 2. En la columna FUENTE/PESTAÑA del MAESTRO debe estar escrito exactamente el nombre de la pestaña destino.
A6: 3. Las pestañas de tribunas se completan automáticamente desde el MAESTRO mediante fórmulas.
A7: 4. No escribir sobre las fórmulas de las pestañas de tribunas.
A8: 5. Si Excel consulta actualizar o recalcular fórmulas, aceptar.
A10: Pestañas de tribunas automatizadas:
A11: ASMAR DIRECCIÓN
A12: ASMARTALC
A13: MILITARES
A14: CIVILES
... A21: El MAESTRO queda marcado en rojo/naranjo/amarillo según prioridad. No se eliminó ningún registro automáticamente.

Sheet VALIDACIÓN PROTOCOLO
A1: VALIDACIÓN PROTOCOLO - CONTROL DE DUPLICIDADES Y COINCIDENCIAS
A3: TOTAL REGISTROS REVISADOS | B3: 448 | D3: Criterio de revisión
A4: COINCIDENCIAS DETECTADAS | B4: 972 | D4: ALTA: revisar primero; puede existir invitación duplicada.
A5: ALTA | B5: 353 | D5: MEDIA: posible coincidencia por apellidos o cargo similar.
A6: MEDIA | B6: 496 | D6: BAJA: coincidencia débil; revisar solo si genera duda.
A7: BAJA | B7: 123 | D7: Prioridad OPA: no eliminar registros OPA; comparar y eliminar solo duplicados de otra tribuna.
A10: TIPO COINCIDENCIA | B10: PRIORIDAD | C10: VALOR DETECTADO | D10: DETALLE | E10: FILA 1 | F10: N° 1 | G10: NOMBRE 1 | H10: CARGO/PUESTO 1 | I10: TRIBUNA 1 | J10: FUENTE 1 | K10: ASISTENCIA 1 | L10: FILA 2 | M10: N° 2 | N10: NOMBRE 2 | O10: CARGO/PUESTO 2 | P10: TRIBUNA 2 | Q10: FUENTE 2 | R10: ASISTENCIA 2 | S10: RECOMENDACIÓN | T10: ESTADO REVISIÓN
A11: DUPLICADO EXACTO CARGO/PUESTO | B11: ALTA | C11: GERENTE COMERCIAL ARMADA | D11: Mismo cargo o puesto | E11: 21 | F11: 19 | H11: Gerente Comercial Armada | I11: ASMAR DIRECCIÓN | J11: ASMAR DIRECCIÓN | L11: 33 | M11: 28 | O11: Gerente Comercial Armada | P11: LATERAL | Q11: ASMARTALC | S11: REVISAR; PROBABLE MISMA INVITACIÓN O MISMO CARGO | T11: PENDIENTE
A12: DUPLICADO EXACTO CARGO/PUESTO | B12: ALTA | C12: GERENTE OPERACIONES | D12: Mismo cargo o puesto | E12: 38 | F12: 33 | H12: Gerente Operaciones | I12: VIP | J12: ASMARTALC | L12: 327 | M12: 330 | N12: Gonzalo Mercado | O12: Gerente Operaciones | P12: LATERAL | Q12: PROVEEDORES | R12: PENDIENTE | S12: REVISAR; PROBABLE MISMA INVITACIÓN O MISMO CARGO | T12: PENDIENTE
A13: DUPLICADO EXACTO CARGO/PUESTO | B13: ALTA | C13: INVITADO ESPECIAL | D13: Mismo cargo o puesto | E13: 74 | F13: 69 | G13: Carlos Cardoen Cornejo | H13: Invitado especial | I13: LATERAL | J13: ASMARTALC | K13: PENDIENTE | L13: 75 | M13: 70 | N13: Rodrigo Cardoen Aylwin | O13: Invitado especial | P13: LATERAL | Q13: ASMARTALC | R13: PENDIENTE | S13: REVISAR; PROBABLE MISMA INVITACIÓN O MISMO CARGO | T13: PENDIENTE
A14: DUPLICADO EXACTO CARGO/PUESTO | B14: ALTA | C14: COMANDANTE EN JEFE DE LA FUERZA AEREA | D14: Mismo cargo o puesto | E14: 117 | F14: 127 | H14: Comandante en Jefe de la Fuerza Aérea | I14: MILITARES | J14: MILITARES | L14: 377 | M14: 38 | N14: Hugo Rodríguez González | O14: Comandante en Jefe de la Fuerza Aérea | P14: OPA | Q14: OPA | R14: PENDIENTE | S14: REVISAR; PROBABLE MISMA INVITACIÓN O MISMO CARGO | T14: PENDIENTE
A15: DUPLICADO EXACTO CARGO/PUESTO | B15: ALTA | C15: COMANDANTE EN JEFE DEL EJERCITO | D15: Mismo cargo o puesto | E15: 122 | F15: 132 | H15: Comandante en Jefe del Ejército | I15: MILITARES | J15: MILITARES | L15: 376 | M15: 37 | N15: Pedro Varela Sabando | O15: Comandante en Jefe del Ejército | P15: OPA | Q15: OPA | R15: PENDIENTE | S15: REVISAR; PROBABLE MISMA INVITACIÓN O MISMO CARGO | T15: PENDIENTE
A16: DUPLICADO EXACTO CARGO/PUESTO | B16: ALTA | C16: DIRECTOR GENERAL DE LA POLICIA DE INVESTIGACIONES | D16: Mismo cargo o puesto | E16: 143 | F16: 153 | H16: Director General de la Policía de Investigaciones | I16: MILITARES | J16: MILITARES | L16: 379 | M16: 40 | N16: Eduardo Cerna Lozano | O16: Director General de la Policía de Investigaciones | P16: OPA | Q16: OPA | R16: PENDIENTE | S16: REVISAR; PROBABLE MISMA INVITACIÓN O MISMO CARGO | T16: PENDIENTE
A17: DUPLICADO EXACTO CARGO/PUESTO | B17: ALTA | C17: EX COMANDANTE EN JEFE DE LA ARMADA | D17: Mismo cargo o puesto | E17: 146 | F17: 156 | H17: Ex - Comandante en Jefe de la Armada | I17: MILITARES | J17: MILITARES | L17: 147 | M17: 157 | O17: Ex - Comandante en Jefe de la Armada | P17: MILITARES | Q17: MILITARES | S17: REVISAR; PROBABLE MISMA INVITACIÓN O MISMO CARGO | T17: PENDIENTE
A18: DUPLICADO EXACTO CARGO/PUESTO | B18: ALTA | C18: EX COMANDANTE EN JEFE DE LA ARMADA | D18: Mismo cargo o puesto | E18: 146 | F18: 156 | H18: Ex - Comandante en Jefe de la Armada | I18: MILITARES | J18: MILITARES | L18: 148 | M18: 158 | O18: Ex - Comandante en Jefe de la Armada | P18: MILITARES | Q18: MILITARES | S18: REVISAR; PROBABLE MISMA INVITACIÓN O MISMO CARGO | T18: PENDIENTE
A19: DUPLICADO EXACTO CARGO/PUESTO | B19: ALTA | C19: EX COMANDANTE EN JEFE DE LA ARMADA | D19: Mismo cargo o puesto | E19: 146 | F19: 156 | H19: Ex - Comandante en Jefe de la Armada | I19: MILITARES | J19: MILITARES | L19: 149 | M19: 159 | O19: Ex - Comandante en Jefe de la Armada | P19: MILITARES | Q19: MILITARES | S19: REVISAR; PROBABLE MISMA INVITACIÓN O MISMO CARGO | T19: PENDIENTE
A20: DUPLICADO EXACTO CARGO/PUESTO | B20: ALTA | C20: EX COMANDANTE EN JEFE DE LA ARMADA | D20: Mismo cargo o puesto | E20: 146 | F20: 156 | H20: Ex - Comandante en Jefe de la Armada | I20: MILITARES | J20: MILITARES | L20: 150 | M20: 160 | O20: Ex - Comandante en Jefe de la Armada | P20: MILITARES | Q20: MILITARES | S20: REVISAR; PROBABLE MISMA INVITACIÓN O MISMO CARGO | T20: PENDIENTE
A21: DUPLICADO EXACTO CARGO/PUESTO | B21: ALTA | C21: EX COMANDANTE EN JEFE DE LA ARMADA | D21: Mismo cargo o puesto | E21: 146 | F21: 156 | H21: Ex - Comandante en Jefe de la Armada | I21: MILITARES | J21: MILITARES | L21: 151 | M21: 161 | O21: Ex Comandante en Jefe de la Armada | P21: MILITARES | Q21: MILITARES | S21: REVISAR; PROBABLE MISMA INVITACIÓN O MISMO CARGO | T21: PENDIENTE
A22: DUPLICADO EXACTO CARGO/PUESTO | B22: ALTA | C22: EX COMANDANTE EN JEFE DE LA ARMADA | D22: Mismo cargo o puesto | E22: 146 | F22: 156 | H22: Ex - Comandante en Jefe de la Armada | I22: MILITARES | J22: MILITARES | L22: 380 | M22: 41 | N22: Jorge Patricio Arancibia Reyes | O22: Ex - Comandante en Jefe de la Armada | P22: OPA | Q22: OPA | R22: PENDIENTE | S22: REVISAR; PROBABLE MISMA INVITACIÓN O MISMO CARGO | T22: PENDIENTE
A23: DUPLICADO EXACTO CARGO/PUESTO | B23: ALTA | C23: EX COMANDANTE EN JEFE DE LA ARMADA | D23: Mismo cargo o puesto | E23: 146 | F23: 156 | H23: Ex - Comandante en Jefe de la Armada | I23: MILITARES | J23: MILITARES | L23: 381 | M23: 42 | N23: Miguel Ángel Vergara Villalobos | O23: Ex - Comandante en Jefe de la Armada | P23: OPA | Q23: OPA | R23: PENDIENTE | S23: REVISAR; PROBABLE MISMA INVITACIÓN O MISMO CARGO | T23: PENDIENTE
A24: DUPLICADO EXACTO CARGO/PUESTO | B24: ALTA | C24: EX COMANDANTE EN JEFE DE LA ARMADA | D24: Mismo cargo o puesto | E24: 146 | F24: 156 | H24: Ex - Comandante en Jefe de la Armada | I24: MILITARES | J24: MILITARES | L24: 382 | M24: 43 | N24: Rodolfo Codina Díaz | O24: Ex - Comandante en Jefe de la Armada | P24: OPA | Q24: OPA | R24: PENDIENTE | S24: REVISAR; PROBABLE MISMA INVITACIÓN O MISMO CARGO | T24: PENDIENTE
A25: DUPLICADO EXACTO CARGO/PUESTO | B25: ALTA | C25: EX COMANDANTE EN JEFE DE LA ARMADA | D25: Mismo cargo o puesto | E25: 146 | F25: 156 | H25: Ex - Comandante en Jefe de la Armada | I25: MILITARES | J25: MILITARES | L25: 383 | M25: 44 | N25: Edmundo González Robles | O25: Ex - Comandante en Jefe de la Armada | P25: OPA | Q25: OPA | R25: PENDIENTE | S25: REVISAR; PROBABLE MISMA INVITACIÓN O MISMO CARGO | T25: PENDIENTE
A26: DUPLICADO EXACTO CARGO/PUESTO | B26: ALTA | C26: EX COMANDANTE EN JEFE DE LA ARMADA | D26: Mismo cargo o puesto | E26: 146 | F26: 156 | H26: Ex - Comandante en Jefe de la Armada | I26: MILITARES | J26: MILITARES | L26: 384 | M26: 45 | N26: Enrique Larrañaga Martin | O26: Ex - Comandante en Jefe de la Armada | P26: OPA | Q26: OPA | R26: PENDIENTE | S26: REVISAR; PROBABLE MISMA INVITACIÓN O MISMO CARGO | T26: PENDIENTE
A27: DUPLICADO EXACTO CARGO/PUESTO | B27: ALTA | C27: EX COMANDANTE EN JEFE DE LA ARMADA | D27: Mismo cargo o puesto | E27: 146 | F27: 156 | H27: Ex - Comandante en Jefe de la Armada | I27: MILITARES | J27: MILITARES | L27: 385 | M27: 46 | N27: Julio Leiva Molina | O27: Ex - Comandante en Jefe de la Armada | P27: OPA | Q27: OPA | R27: PENDIENTE | S27: REVISAR; PROBABLE MISMA INVITACIÓN O MISMO CARGO | T27: PENDIENTE
A28: DUPLICADO EXACTO CARGO/PUESTO | B28: ALTA | C28: EX COMANDANTE EN JEFE DE LA ARMADA | D28: Mismo cargo o puesto | E28: 146 | F28: 156 | H28: Ex - Comandante en Jefe de la Armada | I28: MILITARES | J28: MILITARES | L28: 387 | M28: 48 | N28: Juan Andrés De La Maza Larraín | O28: Ex - Comandante en Jefe de la Armada | P28: OPA | Q28: OPA | R28: PENDIENTE | S28: REVISAR; PROBABLE MISMA INVITACIÓN O MISMO CARGO | T28: PENDIENTE
A29: DUPLICADO EXACTO CARGO/PUESTO | B29: ALTA | C29: EX COMANDANTE EN JEFE DE LA ARMADA | D29: Mismo cargo o puesto | E29: 147 | F29: 157 | H29: Ex - Comandante en Jefe de la Armada | I29: MILITARES | J29: MILITARES | L29: 148 | M29: 158 | O29: Ex - Comandante en Jefe de la Armada | P29: MILITARES | Q29: MILITARES | S29: REVISAR; PROBABLE MISMA INVITACIÓN O MISMO CARGO | T29: PENDIENTE
A30: DUPLICADO EXACTO CARGO/PUESTO | B30: ALTA | C30: EX COMANDANTE EN JEFE DE LA ARMADA | D30: Mismo cargo o puesto | E30: 147 | F30: 157 | H30: Ex - Comandante en Jefe de la Armada | I30: MILITARES | J30: MILITARES | L30: 149 | M30: 159 | O30: Ex - Comandante en Jefe de la Armada | P30: MILITARES | Q30: MILITARES | S30: REVISAR; PROBABLE MISMA INVITACIÓN O MISMO CARGO | T30: PENDIENTE
A31: DUPLICADO EXACTO CARGO/PUESTO | B31: ALTA | C31: EX COMANDANTE EN JEFE DE LA ARMADA | D31: Mismo cargo o puesto | E31: 147 | F31: 157 | H31: Ex - Comandante en Jefe de la Armada | I31: MILITARES | J31: MILITARES | L31: 150 | M31: 160 | O31: Ex - Comandante en Jefe de la Armada | P31: MILITARES | Q31: MILITARES | S31: REVISAR; PROBABLE MISMA INVITACIÓN O MISMO CARGO | T31: PENDIENTE
A32: DUPLICADO EXACTO CARGO/PUESTO | B32: ALTA | C32: EX COMANDANTE EN JEFE DE LA ARMADA | D32: Mismo cargo o puesto | E32: 147 | F32: 157 | H32: Ex - Comandante en Jefe de la Armada | I32: MILITARES | J32: MILITARES | L32: 151 | M32: 161 | O32: Ex Comandante en Jefe de la Armada | P32: MILITARES | Q32: MILITARES | S32: REVISAR; PROBABLE MISMA INVITACIÓN O MISMO CARGO | T32: PENDIENTE
A33: DUPLICADO EXACTO CARGO/PUESTO | B33: ALTA | C33: EX COMANDANTE EN JEFE DE LA ARMADA | D33: Mismo cargo o puesto | E33: 147 | F33: 157 | H33: Ex - Comandante en Jefe de la Armada | I33: MILITARES | J33: MILITARES | L33: 380 | M33: 41 | N33: Jorge Patricio Arancibia Reyes | O33: Ex - Comandante en Jefe de la Armada | P33: OPA | Q33: OPA | R33: PENDIENTE | S33: REVISAR; PROBABLE MISMA INVITACIÓN O MISMO CARGO | T33: PENDIENTE
A34: DUPLICADO EXACTO CARGO/PUESTO | B34: ALTA | C34: EX COMANDANTE EN JEFE DE LA ARMADA | D34: Mismo cargo o puesto | E34: 147 | F34: 157 | H34: Ex - Comandante en Jefe de la Armada | I34: MILITARES | J34: MILITARES | L34: 381 | M34: 42 | N34: Miguel Ángel Vergara Villalobos | O34: Ex - Comandante en Jefe de la Armada | P34: OPA | Q34: OPA | R34: PENDIENTE | S34: REVISAR; PROBABLE MISMA INVITACIÓN O MISMO CARGO | T34: PENDIENTE
A35: DUPLICADO EXACTO CARGO/PUESTO | B35: ALTA | C35: EX COMANDANTE EN JEFE DE LA ARMADA | D35: Mismo cargo o puesto | E35: 147 | F35: 157 | H35: Ex - Comandante en Jefe de la Armada | I35: MILITARES | J35: MILITARES | L35: 382 | M35: 43 | N35: Rodolfo Codina Díaz | O35: Ex - Comandante en Jefe de la Armada | P35: OPA | Q35: OPA | R35: PENDIENTE | S35: REVISAR; PROBABLE MISMA INVITACIÓN O MISMO CARGO | T35: PENDIENTE
A36: DUPLICADO EXACTO CARGO/PUESTO | B36: ALTA | C36: EX COMANDANTE EN JEFE DE LA ARMADA | D36: Mismo cargo o puesto | E36: 147 | F36: 157 | H36: Ex - Comandante en Jefe de la Armada | I36: MILITARES | J36: MILITARES | L36: 383 | M36: 44 | N36: Edmundo González Robles | O36: Ex - Comandante en Jefe de la Armada | P36: OPA | Q36: OPA | R36: PENDIENTE | S36: REVISAR; PROBABLE MISMA INVITACIÓN O MISMO CARGO | T36: PENDIENTE
A37: DUPLICADO EXACTO CARGO/PUESTO | B37: ALTA | C37: EX COMANDANTE EN JEFE DE LA ARMADA | D37: Mismo cargo o puesto | E37: 147 | F37: 157 | H37: Ex - Comandante en Jefe de la Armada | I37: MILITARES | J37: MILITARES | L37: 384 | M37: 45 | N37: Enrique Larrañaga Martin | O37: Ex - Comandante en Jefe de la Armada | P37: OPA | Q37: OPA | R37: PENDIENTE | S37: REVISAR; PROBABLE MISMA INVITACIÓN O MISMO CARGO | T37: PENDIENTE
A38: DUPLICADO EXACTO CARGO/PUESTO | B38: ALTA | C38: EX COMANDANTE EN JEFE DE LA ARMADA | D38: Mismo cargo o puesto | E38: 147 | F38: 157 | H38: Ex - Comandante en Jefe de la Armada | I38: MILITARES | J38: MILITARES | L38: 385 | M38: 46 | N38: Julio Leiva Molina | O38: Ex - Comandante en Jefe de la Armada | P38: OPA | Q38: OPA | R38: PENDIENTE | S38: REVISAR; PROBABLE MISMA INVITACIÓN O MISMO CARGO | T38: PENDIENTE
A39: DUPLICADO EXACTO CARGO/PUESTO | B39: ALTA | C39: EX COMANDANTE EN JEFE DE LA ARMADA | D39: Mismo cargo o puesto | E39: 147 | F39: 157 | H39: Ex - Comandante en Jefe de la Armada | I39: MILITARES | J39: MILITARES | L39: 387 | M39: 48 | N39: Juan Andrés De La Maza Larraín | O39: Ex - Comandante en Jefe de la Armada | P39: OPA | Q39: OPA | R39: PENDIENTE | S39: REVISAR; PROBABLE MISMA INVITACIÓN O MISMO CARGO | T39: PENDIENTE
A40: DUPLICADO EXACTO CARGO/PUESTO | B40: ALTA | C40: EX COMANDANTE EN JEFE DE LA ARMADA | D40: Mismo cargo o puesto | E40: 148 | F40: 158 | H40: Ex - Comandante en Jefe de la Armada | I40: MILITARES | J40: MILITARES | L40: 149 | M40: 159 | O40: Ex - Comandante en Jefe de la Armada | P40: MILITARES | Q40: MILITARES | S40: REVISAR; PROBABLE MISMA INVITACIÓN O MISMO CARGO | T40: PENDIENTE
A41: DUPLICADO EXACTO CARGO/PUESTO | B41: ALTA | C41: EX COMANDANTE EN JEFE DE LA ARMADA | D41: Mismo cargo o puesto | E41: 148 | F41: 158 | H41: Ex - Comandante en Jefe de la Armada | I41: MILITARES | J41: MILITARES | L41: 150 | M41: 160 | O41: Ex - Comandante en Jefe de la Armada | P41: MILITARES | Q41: MILITARES | S41: REVISAR; PROBABLE MISMA INVITACIÓN O MISMO CARGO | T41: PENDIENTE
A42: DUPLICADO EXACTO CARGO/PUESTO | B42: ALTA | C42: EX COMANDANTE EN JEFE DE LA ARMADA | D42: Mismo cargo o puesto | E42: 148 | F42: 158 | H42: Ex - Comandante en Jefe de la Armada | I42: MILITARES | J42: MILITARES | L42: 151 | M42: 161 | O42: Ex Comandante en Jefe de la Armada | P42: MILITARES | Q42: MILITARES | S42: REVISAR; PROBABLE MISMA INVITACIÓN O MISMO CARGO | T42: PENDIENTE
A43: DUPLICADO EXACTO CARGO/PUESTO | B43: ALTA | C43: EX COMANDANTE EN JEFE DE LA ARMADA | D43: Mismo cargo o puesto | E43: 148 | F43: 158 | H43: Ex - Comandante en Jefe de la Armada | I43: MILITARES | J43: MILITARES | L43: 380 | M43: 41 | N43: Jorge Patricio Arancibia Reyes | O43: Ex - Comandante en Jefe de la Armada | P43: OPA | Q43: OPA | R43: PENDIENTE | S43: REVISAR; PROBABLE MISMA INVITACIÓN O MISMO CARGO | T43: PENDIENTE
A44: DUPLICADO EXACTO CARGO/PUESTO | B44: ALTA | C44: EX COMANDANTE EN JEFE DE LA ARMADA | D44: Mismo cargo o puesto | E44: 148 | F44: 158 | H44: Ex - Comandante en Jefe de la Armada | I44: MILITARES | J44: MILITARES | L44: 381 | M44: 42 | N44: Miguel Ángel Vergara Villalobos | O44: Ex - Comandante en Jefe de la Armada | P44: OPA | Q44: OPA | R44: PENDIENTE | S44: REVISAR; PROBABLE MISMA INVITACIÓN O MISMO CARGO | T44: PENDIENTE
A45: DUPLICADO EXACTO CARGO/PUESTO | B45: ALTA | C45: EX COMANDANTE EN JEFE DE LA ARMADA | D45: Mismo cargo o puesto | E45: 148 | F45: 158 | H45: Ex - Comandante en Jefe de la Armada | I45: MILITARES | J45: MILITARES | L45: 382 | M45: 43 | N45: Rodolfo Codina Díaz | O45: Ex - Comandante en Jefe de la Armada | P45: OPA | Q45: OPA | R45: PENDIENTE | S45: REVISAR; PROBABLE MISMA INVITACIÓN O MISMO CARGO | T45: PENDIENTE
A46: DUPLICADO EXACTO CARGO/PUESTO | B46: ALTA | C46: EX COMANDANTE EN JEFE DE LA ARMADA | D46: Mismo cargo o puesto | E46: 148 | F46: 158 | H46: Ex - Comandante en Jefe de la Armada | I46: MILITARES | J46: MILITARES | L46: 383 | M46: 44 | N46: Edmundo González Robles | O46: Ex - Comandante en Jefe de la Armada | P46: OPA | Q46: OPA | R46: PENDIENTE | S46: REVISAR; PROBABLE MISMA INVITACIÓN O MISMO CARGO | T46: PENDIENTE
A47: DUPLICADO EXACTO CARGO/PUESTO | B47: ALTA | C47: EX COMANDANTE EN JEFE DE LA ARMADA | D47: Mismo cargo o puesto | E47: 148 | F47: 158 | H47: Ex - Comandante en Jefe de la Armada | I47: MILITARES | J47: MILITARES | L47: 384 | M47: 45 | N47: Enrique Larrañaga Martin | O47: Ex - Comandante en Jefe de la Armada | P47: OPA | Q47: OPA | R47: PENDIENTE | S47: REVISAR; PROBABLE MISMA INVITACIÓN O MISMO CARGO | T47: PENDIENTE
A48: DUPLICADO EXACTO CARGO/PUESTO | B48: ALTA | C48: EX COMANDANTE EN JEFE DE LA ARMADA | D48: Mismo cargo o puesto | E48: 148 | F48: 158 | H48: Ex - Comandante en Jefe de la Armada | I48: MILITARES | J48: MILITARES | L48: 385 | M48: 46 | N48: Julio Leiva Molina | O48: Ex - Comandante en Jefe de la Armada | P48: OPA | Q48: OPA | R48: PENDIENTE | S48: REVISAR; PROBABLE MISMA INVITACIÓN O MISMO CARGO | T48: PENDIENTE
A49: DUPLICADO EXACTO CARGO/PUESTO | B49: ALTA | C49: EX COMANDANTE EN JEFE DE LA ARMADA | D49: Mismo cargo o puesto | E49: 148 | F49: 158 | H49: Ex - Comandante en Jefe de la Armada | I49: MILITARES | J49: MILITARES | L49: 387 | M49: 48 | N49: Juan Andrés De La Maza Larraín | O49: Ex - Comandante en Jefe de la Armada | P49: OPA | Q49: OPA | R49: PENDIENTE | S49: REVISAR; PROBABLE MISMA INVITACIÓN O MISMO CARGO | T49: PENDIENTE
A50: DUPLICADO EXACTO CARGO/PUESTO | B50: ALTA | C50: EX COMANDANTE EN JEFE DE LA ARMADA | D50: Mismo cargo o puesto | E50: 149 | F50: 159 | H50: Ex - Comandante en Jefe de la Armada | I50: MILITARES | J50: MILITARES | L50: 150 | M50: 160 | O50: Ex - Comandante en Jefe de la Armada | P50: MILITARES | Q50: MILITARES | S50: REVISAR; PROBABLE MISMA INVITACIÓN O MISMO CARGO | T50: PENDIENTE
A51: DUPLICADO EXACTO CARGO/PUESTO | B51: ALTA | C51: EX COMANDANTE EN JEFE DE LA ARMADA | D51: Mismo cargo o puesto | E51: 149 | F51: 159 | H51: Ex - Comandante en Jefe de la Armada | I51: MILITARES | J51: MILITARES | L51: 151 | M51: 161 | O51: Ex Comandante en Jefe de la Armada | P51: MILITARES | Q51: MILITARES | S51: REVISAR; PROBABLE MISMA INVITACIÓN O MISMO CARGO | T51: PENDIENTE
A52: DUPLICADO EXACTO CARGO/PUESTO | B52: ALTA | C52: EX COMANDANTE EN JEFE DE LA ARMADA | D52: Mismo cargo o puesto | E52: 149 | F52: 159 | H52: Ex - Comandante en Jefe de la Armada | I52: MILITARES | J52: MILITARES | L52: 380 | M52: 41 | N52: Jorge Patricio Arancibia Reyes | O52: Ex - Comandante en Jefe de la Armada | P52: OPA | Q52: OPA | R52: PENDIENTE | S52: REVISAR; PROBABLE MISMA INVITACIÓN O MISMO CARGO | T52: PENDIENTE
A53: DUPLICADO EXACTO CARGO/PUESTO | B53: ALTA | C53: EX COMANDANTE EN JEFE DE LA ARMADA | D53: Mismo cargo o puesto | E53: 149 | F53: 159 | H53: Ex - Comandante en Jefe de la Armada | I53: MILITARES | J53: MILITARES | L53: 381 | M53: 42 | N53: Miguel Ángel Vergara Villalobos | O53: Ex - Comandante en Jefe de la Armada | P53: OPA | Q53: OPA | R53: PENDIENTE | S53: REVISAR; PROBABLE MISMA INVITACIÓN O MISMO CARGO | T53: PENDIENTE
A54: DUPLICADO EXACTO CARGO/PUESTO | B54: ALTA | C54: EX COMANDANTE EN JEFE DE LA ARMADA | D54: Mismo cargo o puesto | E54: 149 | F54: 159 | H54: Ex - Comandante en Jefe de la Armada | I54: MILITARES | J54: MILITARES | L54: 382 | M54: 43 | N54: Rodolfo Codina Díaz | O54: Ex - Comandante en Jefe de la Armada | P54: OPA | Q54: OPA | R54: PENDIENTE | S54: REVISAR; PROBABLE MISMA INVITACIÓN O MISMO CARGO | T54: PENDIENTE
A55: DUPLICADO EXACTO CARGO/PUESTO | B55: ALTA | C55: EX COMANDANTE EN JEFE DE LA ARMADA | D55: Mismo cargo o puesto | E55: 149 | F55: 159 | H55: Ex - Comandante en Jefe de la Armada | I55: MILITARES | J55: MILITARES | L55: 383 | M55: 44 | N55: Edmundo González Robles | O55: Ex - Comandante en Jefe de la Armada | P55: OPA | Q55: OPA | R55: PENDIENTE | S55: REVISAR; PROBABLE MISMA INVITACIÓN O MISMO CARGO | T55: PENDIENTE
A56: DUPLICADO EXACTO CARGO/PUESTO | B56: ALTA | C56: EX COMANDANTE EN JEFE DE LA ARMADA | D56: Mismo cargo o puesto | E56: 149 | F56: 159 | H56: Ex - Comandante en Jefe de la Armada | I56: MILITARES | J56: MILITARES | L56: 384 | M56: 45 | N56: Enrique Larrañaga Martin | O56: Ex - Comandante en Jefe de la Armada | P56: OPA | Q56: OPA | R56: PENDIENTE | S56: REVISAR; PROBABLE MISMA INVITACIÓN O MISMO CARGO | T56: PENDIENTE
A57: DUPLICADO EXACTO CARGO/PUESTO | B57: ALTA | C57: EX COMANDANTE EN JEFE DE LA ARMADA | D57: Mismo cargo o puesto | E57: 149 | F57: 159 | H57: Ex - Comandante en Jefe de la Armada | I57: MILITARES | J57: MILITARES | L57: 385 | M57: 46 | N57: Julio Leiva Molina | O57: Ex - Comandante en Jefe de la Armada | P57: OPA | Q57: OPA | R57: PENDIENTE | S57: REVISAR; PROBABLE MISMA INVITACIÓN O MISMO CARGO | T57: PENDIENTE
A58: DUPLICADO EXACTO CARGO/PUESTO | B58: ALTA | C58: EX COMANDANTE EN JEFE DE LA ARMADA | D58: Mismo cargo o puesto | E58: 149 | F58: 159 | H58: Ex - Comandante en Jefe de la Armada | I58: MILITARES | J58: MILITARES | L58: 387 | M58: 48 | N58: Juan Andrés De La Maza Larraín | O58: Ex - Comandante en Jefe de la Armada | P58: OPA | Q58: OPA | R58: PENDIENTE | S58: REVISAR; PROBABLE MISMA INVITACIÓN O MISMO CARGO | T58: PENDIENTE
A59: DUPLICADO EXACTO CARGO/PUESTO | B59: ALTA | C59: EX COMANDANTE EN JEFE DE LA ARMADA | D59: Mismo cargo o puesto | E59: 150 | F59: 160 | H59: Ex - Comandante en Jefe de la Armada | I59: MILITARES | J59: MILITARES | L59: 151 | M59: 161 | O59: Ex Comandante en Jefe de la Armada | P59: MILITARES | Q59: MILITARES | S59: REVISAR; PROBABLE MISMA INVITACIÓN O MISMO CARGO | T59: PENDIENTE
A60: DUPLICADO EXACTO CARGO/PUESTO | B60: ALTA | C60: EX COMANDANTE EN JEFE DE LA ARMADA | D60: Mismo cargo o puesto | E60: 150 | F60: 160 | H60: Ex - Comandante en Jefe de la Armada | I60: MILITARES | J60: MILITARES | L60: 380 | M60: 41 | N60: Jorge Patricio Arancibia Reyes | O60: Ex - Comandante en Jefe de la Armada | P60: OPA | Q60: OPA | R60: PENDIENTE | S60: REVISAR; PROBABLE MISMA INVITACIÓN O MISMO CARGO | T60: PENDIENTE
A61: DUPLICADO EXACTO CARGO/PUESTO | B61: ALTA | C61: EX COMANDANTE EN JEFE DE LA ARMADA | D61: Mismo cargo o puesto | E61: 150 | F61: 160 | H61: Ex - Comandante en Jefe de la Armada | I61: MILITARES | J61: MILITARES | L61: 381 | M61: 42 | N61: Miguel Ángel Vergara Villalobos | O61: Ex - Comandante en Jefe de la Armada | P61: OPA | Q61: OPA | R61: PENDIENTE | S61: REVISAR; PROBABLE MISMA INVITACIÓN O MISMO CARGO | T61: PENDIENTE
A62: DUPLICADO EXACTO CARGO/PUESTO | B62: ALTA | C62: EX COMANDANTE EN JEFE DE LA ARMADA | D62: Mismo cargo o puesto | E62: 150 | F62: 160 | H62: Ex - Comandante en Jefe de la Armada | I62: MILITARES | J62: MILITARES | L62: 382 | M62: 43 | N62: Rodolfo Codina Díaz | O62: Ex - Comandante en Jefe de la Armada | P62: OPA | Q62: OPA | R62: PENDIENTE | S62: REVISAR; PROBABLE MISMA INVITACIÓN O MISMO CARGO | T62: PENDIENTE
A63: DUPLICADO EXACTO CARGO/PUESTO | B63: ALTA | C63: EX COMANDANTE EN JEFE DE LA ARMADA | D63: Mismo cargo o puesto | E63: 150 | F63: 160 | H63: Ex - Comandante en Jefe de la Armada | I63: MILITARES | J63: MILITARES | L63: 383 | M63: 44 | N63: Edmundo González Robles | O63: Ex - Comandante en Jefe de la Armada | P63: OPA | Q63: OPA | R63: PENDIENTE | S63: REVISAR; PROBABLE MISMA INVITACIÓN O MISMO CARGO | T63: PENDIENTE
A64: DUPLICADO EXACTO CARGO/PUESTO | B64: ALTA | C64: EX COMANDANTE EN JEFE DE LA ARMADA | D64: Mismo cargo o puesto | E64: 150 | F64: 160 | H64: Ex - Comandante en Jefe de la Armada | I64: MILITARES | J64: MILITARES | L64: 384 | M64: 45 | N64: Enrique Larrañaga Martin | O64: Ex - Comandante en Jefe de la Armada | P64: OPA | Q64: OPA | R64: PENDIENTE | S64: REVISAR; PROBABLE MISMA INVITACIÓN O MISMO CARGO | T64: PENDIENTE
A65: DUPLICADO EXACTO CARGO/PUESTO | B65: ALTA | C65: EX COMANDANTE EN JEFE DE LA ARMADA | D65: Mismo cargo o puesto | E65: 150 | F65: 160 | H65: Ex - Comandante en Jefe de la Armada | I65: MILITARES | J65: MILITARES | L65: 385 | M65: 46 | N65: Julio Leiva Molina | O65: Ex - Comandante en Jefe de la Armada | P65: OPA | Q65: OPA | R65: PENDIENTE | S65: REVISAR; PROBABLE MISMA INVITACIÓN O MISMO CARGO | T65: PENDIENTE
A66: DUPLICADO EXACTO CARGO/PUESTO | B66: ALTA | C66: EX COMANDANTE EN JEFE DE LA ARMADA | D66: Mismo cargo o puesto | E66: 150 | F66: 160 | H66: Ex - Comandante en Jefe de la Armada | I66: MILITARES | J66: MILITARES | L66: 387 | M66: 48 | N66: Juan Andrés De La Maza Larraín | O66: Ex - Comandante en Jefe de la Armada | P66: OPA | Q66: OPA | R66: PENDIENTE | S66: REVISAR; PROBABLE MISMA INVITACIÓN O MISMO CARGO | T66: PENDIENTE
A67: DUPLICADO EXACTO CARGO/PUESTO | B67: ALTA | C67: EX COMANDANTE EN JEFE DE LA ARMADA | D67: Mismo cargo o puesto | E67: 151 | F67: 161 | H67: Ex Comandante en Jefe de la Armada | I67: MILITARES | J67: MILITARES | L67: 380 | M67: 41 | N67: Jorge Patricio Arancibia Reyes | O67: Ex - Comandante en Jefe de la Armada | P67: OPA | Q67: OPA | R67: PENDIENTE | S67: REVISAR; PROBABLE MISMA INVITACIÓN O MISMO CARGO | T67: PENDIENTE
A68: DUPLICADO EXACTO CARGO/PUESTO | B68: ALTA | C68: EX COMANDANTE EN JEFE DE LA ARMADA | D68: Mismo cargo o puesto | E68: 151 | F68: 161 | H68: Ex Comandante en Jefe de la Armada | I68: MILITARES | J68: MILITARES | L68: 381 | M68: 42 | N68: Miguel Ángel Vergara Villalobos | O68: Ex - Comandante en Jefe de la Armada | P68: OPA | Q68: OPA | R68: PENDIENTE | S68: REVISAR; PROBABLE MISMA INVITACIÓN O MISMO CARGO | T68: PENDIENTE
A69: DUPLICADO EXACTO CARGO/PUESTO | B69: ALTA | C69: EX COMANDANTE EN JEFE DE LA ARMADA | D69: Mismo cargo o puesto | E69: 151 | F69: 161 | H69: Ex Comandante en Jefe de la Armada | I69: MILITARES | J69: MILITARES | L69: 382 | M69: 43 | N69: Rodolfo Codina Díaz | O69: Ex - Comandante en Jefe de la Armada | P69: OPA | Q69: OPA | R69: PENDIENTE | S69: REVISAR; PROBABLE MISMA INVITACIÓN O MISMO CARGO | T69: PENDIENTE
A70: DUPLICADO EXACTO CARGO/PUESTO | B70: ALTA | C70: EX COMANDANTE EN JEFE DE LA ARMADA | D70: Mismo cargo o puesto | E70: 151 | F70: 161 | H70: Ex Comandante en Jefe de la Armada | I70: MILITARES | J70: MILITARES | L70: 383 | M70: 44 | N70: Edmundo González Robles | O70: Ex - Comandante en Jefe de la Armada | P70: OPA | Q70: OPA | R70: PENDIENTE | S70: REVISAR; PROBABLE MISMA INVITACIÓN O MISMO CARGO | T70: PENDIENTE
A71: DUPLICADO EXACTO CARGO/PUESTO | B71: ALTA | C71: EX COMANDANTE EN JEFE DE LA ARMADA | D71: Mismo cargo o puesto | E71: 151 | F71: 161 | H71: Ex Comandante en Jefe de la Armada | I71: MILITARES | J71: MILITARES | L71: 384 | M71: 45 | N71: Enrique Larrañaga Martin | O71: Ex - Comandante en Jefe de la Armada | P71: OPA | Q71: OPA | R71: PENDIENTE | S71: REVISAR; PROBABLE MISMA INVITACIÓN O MISMO CARGO | T71: PENDIENTE
... A75: DUPLICADO EXACTO CARGO/PUESTO | B75: ALTA | C75: JEFE DEL ESTADO MAYOR CONJUNTO | D75: Mismo cargo o puesto | E75: 154 | F75: 164 | H75: Jefe del Estado Mayor Conjunto | I75: MILITARES | J75: MILITARES | L75: 388 | M75: 49 | N75: Leonardo Romanini Gutiérrez | O75: Jefe del Estado Mayor Conjunto | P75: OPA | Q75: OPA | R75: PENDIENTE | S75: REVISAR; PROBABLE MISMA INVITACIÓN O MISMO CARGO | T75: PENDIENTE
A76: DUPLICADO EXACTO CARGO/PUESTO | B76: ALTA | C76: JEFE PROYECTO DIPRIDA | D76: Mismo cargo o puesto | E76: 165 | F76: 175 | H76: Jefe Proyecto DIPRIDA | I76: MILITARES | J76: MILITARES | L76: 166 | M76: 176 | O76: Jefe Proyecto DIPRIDA | P76: MILITARES | Q76: MILITARES | S76: REVISAR; PROBABLE MISMA INVITACIÓN O MISMO CARGO | T76: PENDIENTE
A77: DUPLICADO EXACTO CARGO/PUESTO | B77: ALTA | C77: JEFE PROYECTO DIPRIDA | D77: Mismo cargo o puesto | E77: 165 | F77: 175 | H77: Jefe Proyecto DIPRIDA | I77: MILITARES | J77: MILITARES | L77: 167 | M77: 177 | O77: Jefe Proyecto DIPRIDA | P77: MILITARES | Q77: MILITARES | S77: REVISAR; PROBABLE MISMA INVITACIÓN O MISMO CARGO | T77: PENDIENTE
A78: DUPLICADO EXACTO CARGO/PUESTO | B78: ALTA | C78: JEFE PROYECTO DIPRIDA | D78: Mismo cargo o puesto | E78: 166 | F78: 176 | H78: Jefe Proyecto DIPRIDA | I78: MILITARES | J78: MILITARES | L78: 167 | M78: 177 | O78: Jefe Proyecto DIPRIDA | P78: MILITARES | Q78: MILITARES | S78: REVISAR; PROBABLE MISMA INVITACIÓN O MISMO CARGO | T78: PENDIENTE
A79: DUPLICADO EXACTO CARGO/PUESTO | B79: ALTA | C79: CONTRALOR GENERAL DE LA REPUBLICA | D79: Mismo cargo o puesto | E79: 176 | F79: 185 | H79: Contralor General de la República | I79: CIVILES | J79: CIVILES | L79: 349 | M79: 10 | N79: Dorothy Pérez Gutiérrez | O79: Contralor General de la República | P79: OPA | Q79: OPA | R79: PENDIENTE | S79: REVISAR; PROBABLE MISMA INVITACIÓN O MISMO CARGO | T79: PENDIENTE
A80: DUPLICADO EXACTO CARGO/PUESTO | B80: ALTA | C80: DIPUTADA DE LA REGION DEL BIOBIO DISTRITO N 20 | D80: Mismo cargo o puesto | E80: 180 | F80: 189 | H80: Diputada de la Región del Biobío Distrito N° 20 | I80: CIVILES | J80: CIVILES | L80: 181 | M80: 190 | O80: Diputada de la Región del Biobío Distrito N° 20 | P80: CIVILES | Q80: CIVILES | S80: REVISAR; PROBABLE MISMA INVITACIÓN O MISMO CARGO | T80: PENDIENTE
A81: DUPLICADO EXACTO CARGO/PUESTO | B81: ALTA | C81: DIPUTADA DE LA REGION DEL BIOBIO DISTRITO N 20 | D81: Mismo cargo o puesto | E81: 180 | F81: 189 | H81: Diputada de la Región del Biobío Distrito N° 20 | I81: CIVILES | J81: CIVILES | L81: 182 | M81: 191 | O81: Diputada de la Región del Biobío Distrito N° 20 | P81: CIVILES | Q81: CIVILES | S81: REVISAR; PROBABLE MISMA INVITACIÓN O MISMO CARGO | T81: PENDIENTE
A82: DUPLICADO EXACTO CARGO/PUESTO | B82: ALTA | C82: DIPUTADA DE LA REGION DEL BIOBIO DISTRITO N 20 | D82: Mismo cargo o puesto | E82: 181 | F82: 190 | H82: Diputada de la Región del Biobío Distrito N° 20 | I82: CIVILES | J82: CIVILES | L82: 182 | M82: 191 | O82: Diputada de la Región del Biobío Distrito N° 20 | P82: CIVILES | Q82: CIVILES | S82: REVISAR; PROBABLE MISMA INVITACIÓN O MISMO CARGO | T82: PENDIENTE
A83: DUPLICADO EXACTO CARGO/PUESTO | B83: ALTA | C83: DIPUTADO DE LA REGION DEL BIOBIO DISTRITO N 20 | D83: Mismo cargo o puesto | E83: 183 | F83: 192 | H83: Diputado de la Región del Biobío Distrito N° 20 | I83: CIVILES | J83: CIVILES | L83: 184 | M83: 193 | O83: Diputado de la Región del Biobío Distrito N° 20 | P83: CIVILES | Q83: CIVILES | S83: REVISAR; PROBABLE MISMA INVITACIÓN O MISMO CARGO | T83: PENDIENTE
A84: DUPLICADO EXACTO CARGO/PUESTO | B84: ALTA | C84: DIPUTADO DE LA REGION DEL BIOBIO DISTRITO N 20 | D84: Mismo cargo o puesto | E84: 183 | F84: 192 | H84: Diputado de la Región del Biobío Distrito N° 20 | I84: CIVILES | J84: CIVILES | L84: 185 | M84: 194 | O84: Diputado de la Región del Biobío Distrito N° 20 | P84: CIVILES | Q84: CIVILES | S84: REVISAR; PROBABLE MISMA INVITACIÓN O MISMO CARGO | T84: PENDIENTE
A85: DUPLICADO EXACTO CARGO/PUESTO | B85: ALTA | C85: DIPUTADO DE LA REGION DEL BIOBIO DISTRITO N 20 | D85: Mismo cargo o puesto | E85: 183 | F85: 192 | H85: Diputado de la Región del Biobío Distrito N° 20 | I85: CIVILES | J85: CIVILES | L85: 186 | M85: 195 | O85: Diputado de la Región del Biobío Distrito N° 20 | P85: CIVILES | Q85: CIVILES | S85: REVISAR; PROBABLE MISMA INVITACIÓN O MISMO CARGO | T85: PENDIENTE
A86: DUPLICADO EXACTO CARGO/PUESTO | B86: ALTA | C86: DIPUTADO DE LA REGION DEL BIOBIO DISTRITO N 20 | D86: Mismo cargo o puesto | E86: 183 | F86: 192 | H86: Diputado de la Región del Biobío Distrito N° 20 | I86: CIVILES | J86: CIVILES | L86: 187 | M86: 196 | O86: Diputado de la Región del Biobío Distrito N° 20 | P86: CIVILES | Q86: CIVILES | S86: REVISAR; PROBABLE MISMA INVITACIÓN O MISMO CARGO | T86: PENDIENTE
A87: DUPLICADO EXACTO CARGO/PUESTO | B87: ALTA | C87: DIPUTADO DE LA REGION DEL BIOBIO DISTRITO N 20 | D87: Mismo cargo o puesto | E87: 184 | F87: 193 | H87: Diputado de la Región del Biobío Distrito N° 20 | I87: CIVILES | J87: CIVILES | L87: 185 | M87: 194 | O87: Diputado de la Región del Biobío Distrito N° 20 | P87: CIVILES | Q87: CIVILES | S87: REVISAR; PROBABLE MISMA INVITACIÓN O MISMO CARGO | T87: PENDIENTE
A88: DUPLICADO EXACTO CARGO/PUESTO | B88: ALTA | C88: DIPUTADO DE LA REGION DEL BIOBIO DISTRITO N 20 | D88: Mismo cargo o puesto | E88: 184 | F88: 193 | H88: Diputado de la Región del Biobío Distrito N° 20 | I88: CIVILES | J88: CIVILES | L88: 186 | M88: 195 | O88: Diputado de la Región del Biobío Distrito N° 20 | P88: CIVILES | Q88: CIVILES | S88: REVISAR; PROBABLE MISMA INVITACIÓN O MISMO CARGO | T88: PENDIENTE
A89: DUPLICADO EXACTO CARGO/PUESTO | B89: ALTA | C89: DIPUTADO DE LA REGION DEL BIOBIO DISTRITO N 20 | D89: Mismo cargo o puesto | E89: 184 | F89: 193 | H89: Diputado de la Región del Biobío Distrito N° 20 | I89: CIVILES | J89: CIVILES | L89: 187 | M89: 196 | O89: Diputado de la Región del Biobío Distrito N° 20 | P89: CIVILES | Q89: CIVILES | S89: REVISAR; PROBABLE MISMA INVITACIÓN O MISMO CARGO | T89: PENDIENTE
A90: DUPLICADO EXACTO CARGO/PUESTO | B90: ALTA | C90: DIPUTADO DE LA REGION DEL BIOBIO DISTRITO N 20 | D90: Mismo cargo o puesto | E90: 185 | F90: 194 | H90: Diputado de la Región del Biobío Distrito N° 20 | I90: CIVILES | J90: CIVILES | L90: 186 | M90: 195 | O90: Diputado de la Región del Biobío Distrito N° 20 | P90: CIVILES | Q90: CIVILES | S90: REVISAR; PROBABLE MISMA INVITACIÓN O MISMO CARGO | T90: PENDIENTE
A91: DUPLICADO EXACTO CARGO/PUESTO | B91: ALTA | C91: DIPUTADO DE LA REGION DEL BIOBIO DISTRITO N 20 | D91: Mismo cargo o puesto | E91: 185 | F91: 194 | H91: Diputado de la Región del Biobío Distrito N° 20 | I91: CIVILES | J91: CIVILES | L91: 187 | M91: 196 | O91: Diputado de la Región del Biobío Distrito N° 20 | P91: CIVILES | Q91: CIVILES | S91: REVISAR; PROBABLE MISMA INVITACIÓN O MISMO CARGO | T91: PENDIENTE
... A107: DUPLICADO EXACTO CARGO/PUESTO | B107: ALTA | C107: DIRECTOR NACIONAL SNA | D107: Mismo cargo o puesto | E107: 193 | F107: 202 | H107: Director Nacional SNA | I107: CIVILES | J107: CIVILES | L107: 194 | M107: 203 | O107: Director Nacional SNA | P107: CIVILES | Q107: CIVILES | S107: REVISAR; PROBABLE MISMA INVITACIÓN O MISMO CARGO | T107: PENDIENTE
A108: DUPLICADO EXACTO CARGO/PUESTO | B108: ALTA | C108: EX SUBSECRETARIO DE DEFENSA | D108: Mismo cargo o puesto | E108: 198 | F108: 207 | H108: Ex Subsecretario de Defensa | I108: CIVILES | J108: CIVILES | L108: 452 | M108: 113 | N108: Cristián De La Maza Riquelme | O108: Ex Subsecretario de Defensa | P108: OPA | Q108: OPA | R108: PENDIENTE | S108: REVISAR; PROBABLE MISMA INVITACIÓN O MISMO CARGO | T108: PENDIENTE
A109: DUPLICADO EXACTO CARGO/PUESTO | B109: ALTA | C109: INTEGRANTE DE LA COMISION DE DEFENSA NACIONAL D 23 | D109: Mismo cargo o puesto | E109: 209 | F109: 220 | G109: Miguel Angel Becker Alvear | H109: Integrante de la Comisión de Defensa Nacional D 23 | I109: CIVILES | J109: CIVILES | K109: PENDIENTE | L109: 210 | M109: 221 | N109: Ericka Ñanco Vasquez | O109: Integrante de la Comisión de Defensa Nacional D 23 | P109: CIVILES | Q109: CIVILES | R109: PENDIENTE | S109: REVISAR; PROBABLE MISMA INVITACIÓN O MISMO CARGO | T109: PENDIENTE
A110: DUPLICADO EXACTO CARGO/PUESTO | B110: ALTA | C110: MINISTRA CIENCIA TECNOLOGIA CONOCIMIENTO E INNOVACION | D110: Mismo cargo o puesto | E110: 219 | F110: 230 | H110: Ministra Ciencia, Tecnología, Conocimiento e Innovación | I110: CIVILES | J110: CIVILES | L110: 362 | M110: 23 | N110: Ximena Lincolao Pilquian | O110: Ministra Ciencia, Tecnología, Conocimiento e Innovación | P110: OPA | Q110: OPA | R110: PENDIENTE | S110: REVISAR; PROBABLE MISMA INVITACIÓN O MISMO CARGO | T110: PENDIENTE
A111: DUPLICADO EXACTO CARGO/PUESTO | B111: ALTA | C111: MINISTRA DEL MEDIO AMBIENTE | D111: Mismo cargo o puesto | E111: 228 | F111: 239 | H111: Ministra del Medio Ambiente | I111: CIVILES | J111: CIVILES | L111: 360 | M111: 21 | N111: Francisca Toledo Echegaray | O111: Ministra del Medio Ambiente | P111: OPA | Q111: OPA | R111: PENDIENTE | S111: REVISAR; PROBABLE MISMA INVITACIÓN O MISMO CARGO | T111: PENDIENTE
A112: DUPLICADO EXACTO CARGO/PUESTO | B112: ALTA | C112: MINISTRO DE DEFENSA NACIONAL | D112: Mismo cargo o puesto | E112: 232 | F112: 243 | H112: Ministro de Defensa Nacional | I112: CIVILES | J112: CIVILES | L112: 340 | M112: 2 | N112: Fernando Barros Tocornal | O112: Ministro de Defensa Nacional | P112: OPA | Q112: OPA | R112: PENDIENTE | S112: REVISAR; PROBABLE MISMA INVITACIÓN O MISMO CARGO | T112: PENDIENTE
A113: DUPLICADO EXACTO CARGO/PUESTO | B113: ALTA | C113: MINISTRO DE HACIENDA | D113: Mismo cargo o puesto | E113: 237 | F113: 248 | G113: Mario Marcel Cullell | H113: Ministro de Hacienda | I113: CIVILES | J113: CIVILES | K113: PENDIENTE | L113: 353 | M113: 14 | N113: Jorge Quiroz Castro | O113: Ministro de Hacienda | P113: OPA | Q113: OPA | R113: PENDIENTE | S113: REVISAR; PROBABLE MISMA INVITACIÓN O MISMO CARGO | T113: PENDIENTE
A114: DUPLICADO EXACTO CARGO/PUESTO | B114: ALTA | C114: MINISTRO DE OBRAS PUBLICAS | D114: Mismo cargo o puesto | E114: 241 | F114: 252 | H114: Ministro de Obras Públicas | I114: CIVILES | J114: CIVILES | L114: 356 | M114: 17 | N114: Martin Arrau García-Huidobro | O114: Ministro de Obras Públicas | P114: OPA | Q114: OPA | R114: PENDIENTE | S114: REVISAR; PROBABLE MISMA INVITACIÓN O MISMO CARGO | T114: PENDIENTE
A115: DUPLICADO EXACTO CARGO/PUESTO | B115: ALTA | C115: MINISTRO DE TRANSPORTES Y TELECOMUNICACIONES | D115: Mismo cargo o puesto | E115: 242 | F115: 253 | H115: Ministro de Transportes y Telecomunicaciones | I115: CIVILES | J115: CIVILES | L115: 357 | M115: 18 | N115: Louis De Grange Concha | O115: Ministro de Transportes y Telecomunicaciones | P115: OPA | Q115: OPA | R115: PENDIENTE | S115: REVISAR; PROBABLE MISMA INVITACIÓN O MISMO CARGO | T115: PENDIENTE
A116: DUPLICADO EXACTO CARGO/PUESTO | B116: ALTA | C116: MINISTRO DEL INTERIOR | D116: Mismo cargo o puesto | E116: 244 | F116: 255 | G116: Álvaro Elizalde Soto | H116: Ministro del Interior | I116: CIVILES | J116: CIVILES | K116: PENDIENTE | L116: 351 | M116: 12 | N116: Claudio Alvarado Andrade | O116: Ministro del Interior | P116: OPA | Q116: OPA | R116: PENDIENTE | S116: REVISAR; PROBABLE MISMA INVITACIÓN O MISMO CARGO | T116: PENDIENTE
A117: DUPLICADO EXACTO CARGO/PUESTO | B117: ALTA | C117: PRESIDENTA DEL TRIBUNAL CONSTITUCIONAL | D117: Mismo cargo o puesto | E117: 247 | F117: 258 | G117: Nancy Yañez Fuenzalida | H117: Presidenta del Tribunal Constitucional | I117: CIVILES | J117: CIVILES | K117: PENDIENTE | L117: 348 | M117: 9 | N117: Daniela Marzi Muñoz | O117: Presidenta del Tribunal Constitucional | P117: OPA | Q117: OPA | R117: PENDIENTE | S117: REVISAR; PROBABLE MISMA INVITACIÓN O MISMO CARGO | T117: PENDIENTE
A118: DUPLICADO EXACTO CARGO/PUESTO | B118: ALTA | C118: PRESIDENTE COMISION DE DEFENSA NACIONAL CIR 11 | D118: Mismo cargo o puesto | E118: 248 | F118: 259 | H118: Presidente Comisión de Defensa Nacional Cir. 11 | I118: CIVILES | J118: CIVILES | L118: 391 | M118: 52 | N118: Francisco Huenchumilla Jaramillo | O118: Presidente Comisión de Defensa Nacional Cir. 11 | P118: OPA | Q118: OPA | R118: PENDIENTE | S118: REVISAR; PROBABLE MISMA INVITACIÓN O MISMO CARGO | T118: PENDIENTE
A119: DUPLICADO EXACTO CARGO/PUESTO | B119: ALTA | C119: PRESIDENTE DE LA REPUBLICA | D119: Mismo cargo o puesto | E119: 251 | F119: 262 | H119: Presidente de la República | I119: CIVILES | J119: CIVILES | L119: 339 | M119: 1 | N119: José Antonio Kast Rist | O119: Presidente de la República | P119: OPA | Q119: OPA | R119: PENDIENTE | S119: REVISAR; PROBABLE MISMA INVITACIÓN O MISMO CARGO | T119: PENDIENTE
A120: DUPLICADO EXACTO CARGO/PUESTO | B120: ALTA | C120: SENADOR DE LA REGION DEL BIOBIO CIRCUNSCRIPCION N 10 | D120: Mismo cargo o puesto | E120: 254 | F120: 265 | H120: Senador de la Región del Biobío Circunscripción N°10 | I120: CIVILES | J120: CIVILES | L120: 255 | M120: 266 | O120: Senador de la Región del Biobío Circunscripción N°10 | P120: CIVILES | Q120: CIVILES | S120: REVISAR; PROBABLE MISMA INVITACIÓN O MISMO CARGO | T120: PENDIENTE
A121: DUPLICADO EXACTO CARGO/PUESTO | B121: ALTA | C121: SENADOR DE LA REGION DEL BIOBIO CIRCUNSCRIPCION N 10 | D121: Mismo cargo o puesto | E121: 254 | F121: 265 | H121: Senador de la Región del Biobío Circunscripción N°10 | I121: CIVILES | J121: CIVILES | L121: 256 | M121: 267 | O121: Senador de la Región del Biobío Circunscripción N°10 | P121: CIVILES | Q121: CIVILES | S121: REVISAR; PROBABLE MISMA INVITACIÓN O MISMO CARGO | T121: PENDIENTE
...

Sheet MAESTRO
A1: ASMAR DIRECCIÓN
A2: NRO. | B2: FUENTE/PESTAÑA | C2: TRIBUNA | D2: PRIORIDAD | E2: GRADO/TRATAMIENTO | F2: VOCATIVO | G2: PREFIJO | H2: NOMBRE | I2: APELLIDO PATERNO | J2: APELLIDO MATERNO | K2: Nombre Apellido Paterno Apellido Materno | L2: ASISTENCIA | M2: CORREO ELECTRÓNICO | N2: CARGO | O2: EMPRESA/UNIVERSIDAD/OTRO | P2: ORIGEN | Q2: PAÍS | R2: CATEGORÍA | S2: CÓCTEL | T2: CONFIRMACIÓN | U2: ORDEN ACTIVO | V2: UBICACIÓN | W2: IR A TRIBUNA | X2: OBSERVACIONES | Y2: ALERTA VALIDACIÓN
A3: 1 | B3: ASMAR DIRECCIÓN | C3: ASMAR DIRECCIÓN | N3: ADMINISTRADOR ASMAR (M) | O3: ASMARMAG | P3: NACIONAL | Q3: CHILE | R3: 1. ASMAR DIRECCIÓN | Y3: =IF(K3="","",IF(COUNTIF($K:$K,K3)>1,"DUPLICADO NOMBRE",IF(AND(N3<>"",COUNTIF($N:$N,N3)>1),"DUPLICADO CARGO","")))
A4: 2 | B4: ASMAR DIRECCIÓN | C4: ASMAR DIRECCIÓN | N4: ADMINISTRADOR ASMAR VALPARAÍSO | O4: ASMARVALP | P4: NACIONAL | Q4: CHILE | R4: 1. ASMAR DIRECCIÓN | Y4: =IF(K4="","",IF(COUNTIF($K:$K,K4)>1,"DUPLICADO NOMBRE",IF(AND(N4<>"",COUNTIF($N:$N,N4)>1),"DUPLICADO CARGO","")))
A5: 3 | B5: ASMAR DIRECCIÓN | C5: ASMAR DIRECCIÓN | N5: AUDITOR CORPORATIVO | O5: ASMARCORP | P5: NACIONAL | Q5: CHILE | R5: 1. ASMAR DIRECCIÓN | Y5: =IF(K5="","",IF(COUNTIF($K:$K,K5)>1,"DUPLICADO NOMBRE",IF(AND(N5<>"",COUNTIF($N:$N,N5)>1),"DUPLICADO CARGO","")))
A6: 4 | B6: ASMAR DIRECCIÓN | C6: ASMAR DIRECCIÓN | N6: Director | O6: ASMARCORP | P6: Nacional | Q6: Chile | R6: 1. ASMAR DIRECCIÓN | S6: Pelícanos | Y6: =IF(K6="","",IF(COUNTIF($K:$K,K6)>1,"DUPLICADO NOMBRE",IF(AND(N6<>"",COUNTIF($N:$N,N6)>1),"DUPLICADO CARGO","")))
A7: 5 | B7: ASMAR DIRECCIÓN | C7: ASMAR DIRECCIÓN | N7: Gerente Corp. Construcción Naval | O7: ASMARCORP | P7: Nacional | Q7: Chile | R7: 1. ASMAR DIRECCIÓN | S7: Pelícanos | Y7: =IF(K7="","",IF(COUNTIF($K:$K,K7)>1,"DUPLICADO NOMBRE",IF(AND(N7<>"",COUNTIF($N:$N,N7)>1),"DUPLICADO CARGO","")))
A8: 6 | B8: ASMAR DIRECCIÓN | C8: ASMAR DIRECCIÓN | N8: Gerente Corp. Operaciones | O8: ASMARCORP | P8: Nacional | Q8: Chile | R8: 1. ASMAR DIRECCIÓN | Y8: =IF(K8="","",IF(COUNTIF($K:$K,K8)>1,"DUPLICADO NOMBRE",IF(AND(N8<>"",COUNTIF($N:$N,N8)>1),"DUPLICADO CARGO","")))
A9: 7 | B9: ASMAR DIRECCIÓN | C9: ASMAR DIRECCIÓN | N9: Gerente Corp. Planificación y Desarrollo | O9: ASMARCORP | P9: Nacional | Q9: Chile | R9: 1. ASMAR DIRECCIÓN | Y9: =IF(K9="","",IF(COUNTIF($K:$K,K9)>1,"DUPLICADO NOMBRE",IF(AND(N9<>"",COUNTIF($N:$N,N9)>1),"DUPLICADO CARGO","")))
A10: 8 | B10: ASMAR DIRECCIÓN | C10: ASMAR DIRECCIÓN | N10: Gerente Corporativo de Finanzas | O10: ASMARCORP | P10: Nacional | Q10: Chile | R10: 1. ASMAR DIRECCIÓN | Y10: =IF(K10="","",IF(COUNTIF($K:$K,K10)>1,"DUPLICADO NOMBRE",IF(AND(N10<>"",COUNTIF($N:$N,N10)>1),"DUPLICADO CARGO","")))
A11: 9 | B11: ASMAR DIRECCIÓN | C11: ASMAR DIRECCIÓN | N11: Gerente Corporativo de Personas | O11: ASMARCORP | P11: Nacional | Q11: Chile | R11: 1. ASMAR DIRECCIÓN | Y11: =IF(K11="","",IF(COUNTIF($K:$K,K11)>1,"DUPLICADO NOMBRE",IF(AND(N11<>"",COUNTIF($N:$N,N11)>1),"DUPLICADO CARGO","")))
A12: 10 | B12: ASMAR DIRECCIÓN | C12: ASMAR DIRECCIÓN | N12: Jefe Corporativo Comunicaciones y RR.PP. | O12: ASMARCORP | P12: Nacional | Q12: Chile | R12: 1. ASMAR DIRECCIÓN | Y12: =IF(K12="","",IF(COUNTIF($K:$K,K12)>1,"DUPLICADO NOMBRE",IF(AND(N12<>"",COUNTIF($N:$N,N12)>1),"DUPLICADO CARGO","")))
A13: 11 | B13: ASMAR DIRECCIÓN | C13: ASMAR DIRECCIÓN | N13: Jefe Corporativo de Finanzas | O13: ASMARCORP | P13: Nacional | Q13: Chile | R13: 1. ASMAR DIRECCIÓN | Y13: =IF(K13="","",IF(COUNTIF($K:$K,K13)>1,"DUPLICADO NOMBRE",IF(AND(N13<>"",COUNTIF($N:$N,N13)>1),"DUPLICADO CARGO","")))
A14: 12 | B14: ASMAR DIRECCIÓN | C14: ASMAR DIRECCIÓN | N14: Jefe Corporativo de Unidad de Contabilidad | O14: ASMARCORP | P14: Nacional | Q14: Chile | R14: 1. ASMAR DIRECCIÓN | Y14: =IF(K14="","",IF(COUNTIF($K:$K,K14)>1,"DUPLICADO NOMBRE",IF(AND(N14<>"",COUNTIF($N:$N,N14)>1),"DUPLICADO CARGO","")))
A15: 13 | B15: ASMAR DIRECCIÓN | C15: ASMAR DIRECCIÓN | N15: Jefe Corporativo de Unidad de Recursos Financieros | O15: ASMARCORP | P15: Nacional | Q15: Chile | R15: 1. ASMAR DIRECCIÓN | Y15: =IF(K15="","",IF(COUNTIF($K:$K,K15)>1,"DUPLICADO NOMBRE",IF(AND(N15<>"",COUNTIF($N:$N,N15)>1),"DUPLICADO CARGO","")))
A16: 14 | B16: ASMAR DIRECCIÓN | C16: ASMAR DIRECCIÓN | N16: Jefe Corporativo de Unidad de Tesorería | O16: ASMARCORP | P16: Nacional | Q16: Chile | R16: 1. ASMAR DIRECCIÓN | Y16: =IF(K16="","",IF(COUNTIF($K:$K,K16)>1,"DUPLICADO NOMBRE",IF(AND(N16<>"",COUNTIF($N:$N,N16)>1),"DUPLICADO CARGO","")))
A17: 15 | B17: ASMAR DIRECCIÓN | C17: ASMAR DIRECCIÓN | N17: Jefe Corporativo Unidad de Gobierno Corporativo | O17: ASMARCORP | P17: Nacional | Q17: Chile | R17: 1. ASMAR DIRECCIÓN | Y17: =IF(K17="","",IF(COUNTIF($K:$K,K17)>1,"DUPLICADO NOMBRE",IF(AND(N17<>"",COUNTIF($N:$N,N17)>1),"DUPLICADO CARGO","")))
A18: 16 | B18: ASMAR DIRECCIÓN | C18: ASMAR DIRECCIÓN | N18: Secretario Consejo Superior | O18: ASMARCORP | P18: Nacional | Q18: Chile | R18: 1. ASMAR DIRECCIÓN | Y18: =IF(K18="","",IF(COUNTIF($K:$K,K18)>1,"DUPLICADO NOMBRE",IF(AND(N18<>"",COUNTIF($N:$N,N18)>1),"DUPLICADO CARGO","")))
A19: 17 | B19: ASMAR DIRECCIÓN | C19: ASMAR DIRECCIÓN | N19: Secretario General | O19: ASMARCORP | P19: Nacional | Q19: Chile | R19: 1. ASMAR DIRECCIÓN | Y19: =IF(K19="","",IF(COUNTIF($K:$K,K19)>1,"DUPLICADO NOMBRE",IF(AND(N19<>"",COUNTIF($N:$N,N19)>1),"DUPLICADO CARGO","")))
A20: 18 | B20: ASMAR DIRECCIÓN | C20: ASMAR DIRECCIÓN | N20: Subdirector | O20: ASMARCORP | P20: Nacional | Q20: Chile | R20: 1. ASMAR DIRECCIÓN | S20: Galpón | Y20: =IF(K20="","",IF(COUNTIF($K:$K,K20)>1,"DUPLICADO NOMBRE",IF(AND(N20<>"",COUNTIF($N:$N,N20)>1),"DUPLICADO CARGO","")))
A21: 19 | B21: ASMAR DIRECCIÓN | C21: ASMAR DIRECCIÓN | N21: Gerente Comercial Armada | O21: EX ASMAR | P21: Nacional | Q21: Chile | R21: 1. ASMAR DIRECCIÓN | Y21: =IF(K21="","",IF(COUNTIF($K:$K,K21)>1,"DUPLICADO NOMBRE",IF(AND(N21<>"",COUNTIF($N:$N,N21)>1),"DUPLICADO CARGO","")))
A22: 20 | B22: ASMAR DIRECCIÓN | C22: ASMAR DIRECCIÓN | N22: Gerente Comercial Buques Mercantes | O22: EX ASMAR | P22: Nacional | Q22: Chile | R22: 1. ASMAR DIRECCIÓN | Y22: =IF(K22="","",IF(COUNTIF($K:$K,K22)>1,"DUPLICADO NOMBRE",IF(AND(N22<>"",COUNTIF($N:$N,N22)>1),"DUPLICADO CARGO","")))
A23: 21 | B23: ASMAR DIRECCIÓN | C23: ASMAR DIRECCIÓN | N23: Gerente Comercial Corporativo | O23: EX ASMAR | P23: Nacional | Q23: Chile | R23: 1. ASMAR DIRECCIÓN | Y23: =IF(K23="","",IF(COUNTIF($K:$K,K23)>1,"DUPLICADO NOMBRE",IF(AND(N23<>"",COUNTIF($N:$N,N23)>1),"DUPLICADO CARGO","")))
A24: 22 | B24: ASMAR DIRECCIÓN | C24: ASMAR DIRECCIÓN | N24: Gerente de Construcción Naval | O24: EX ASMAR | P24: Nacional | Q24: Chile | R24: 1. ASMAR DIRECCIÓN | Y24: =IF(K24="","",IF(COUNTIF($K:$K,K24)>1,"DUPLICADO NOMBRE",IF(AND(N24<>"",COUNTIF($N:$N,N24)>1),"DUPLICADO CARGO","")))
A25: 23 | B25: ASMAR DIRECCIÓN | C25: ASMAR DIRECCIÓN | N25: Presidente de la Asociación General de Personal en Retiro y Montepíos de las Fuerzas Armadas, Fuerzas de Órden y Seguridad Pública | O25: ASOCIACIÓN GENERAL PERSONAL EN RETIRO Y MONTEPIOS | P25: Nacional | Q25: Chile | R25: 1. ASMAR DIRECCIÓN | Y25: =IF(K25="","",IF(COUNTIF($K:$K,K25)>1,"DUPLICADO NOMBRE",IF(AND(N25<>"",COUNTIF($N:$N,N25)>1),"DUPLICADO CARGO","")))
A26: 24 | B26: ASMAR DIRECCIÓN | C26: ASMAR DIRECCIÓN | N26: Alcaldesa de Valdivia | P26: Nacional | Q26: Chile | R26: 1. ASMAR DIRECCIÓN | S26: Pelícanos | Y26: =IF(K26="","",IF(COUNTIF($K:$K,K26)>1,"DUPLICADO NOMBRE",IF(AND(N26<>"",COUNTIF($N:$N,N26)>1),"DUPLICADO CARGO","")))
Y27: =IF(K27="","",IF(COUNTIF($K:$K,K27)>1,"DUPLICADO NOMBRE",IF(AND(N27<>"",COUNTIF($N:$N,N27)>1),"DUPLICADO CARGO","")))
A28: ASMARTALC | Y28: =IF(K28="","",IF(COUNTIF($K:$K,K28)>1,"DUPLICADO NOMBRE",IF(AND(N28<>"",COUNTIF($N:$N,N28)>1),"DUPLICADO CARGO","")))
A29: Nro. | B29: Fuente/Pestaña | C29: Tribuna | D29: Prioridad | E29: Grado/Tratamiento | F29: Vocativo | G29: Prefijo | H29: Nombre | I29: Apellido Paterno | J29: Apellido Materno | K29: Nombre Apellido Paterno Apellido Materno | L29: PENDIENTE | M29: Correo electrónico | N29: Cargo | O29: Empresa/Universidad/Otro | P29: Origen | Q29: País | R29: Categoría | S29: Cóctel | T29: Confirmación | U29: Orden Activo | V29: Ubicación | W29: Ir a Tribuna | X29: Observaciones | Y29: =IF(K29="","",IF(COUNTIF($K:$K,K29)>1,"DUPLICADO NOMBRE",IF(AND(N29<>"",COUNTIF($N:$N,N29)>1),"DUPLICADO CARGO",""))) -> DUPLICADO NOMBRE
A30: 25 | B30: ASMARTALC | C30: VIP | D30: 1 | G30: CN | N30: Admistrador Asmar (T) | O30: ASMARTALC | P30: Nacional | Q30: Chile | R30: 2. ASMARTALC | S30: Pelícanos | Y30: =IF(K30="","",IF(COUNTIF($K:$K,K30)>1,"DUPLICADO NOMBRE",IF(AND(N30<>"",COUNTIF($N:$N,N30)>1),"DUPLICADO CARGO","")))
A31: 26 | B31: ASMARTALC | C31: LATERAL | D31: 1 | G31: Sr. | N31: Ingeniero Senior Administrador | O31: ASMARTALC | P31: Nacional | Q31: Chile | R31: 2. ASMARTALC | S31: Galpón | Y31: =IF(K31="","",IF(COUNTIF($K:$K,K31)>1,"DUPLICADO NOMBRE",IF(AND(N31<>"",COUNTIF($N:$N,N31)>1),"DUPLICADO CARGO","")))
A32: 27 | B32: ASMARTALC | C32: LATERAL | D32: 1 | G32: SOM | N32: Condestable Mayor ASMAR T | O32: ASMARTALC | P32: Nacional | Q32: Chile | R32: 2. ASMARTALC | S32: Pelícanos | Y32: =IF(K32="","",IF(COUNTIF($K:$K,K32)>1,"DUPLICADO NOMBRE",IF(AND(N32<>"",COUNTIF($N:$N,N32)>1),"DUPLICADO CARGO","")))
A33: 28 | B33: ASMARTALC | C33: LATERAL | D33: 1 | G33: CF | N33: Gerente Comercial Armada | O33: ASMARTALC | P33: Nacional | Q33: Chile | R33: 2. ASMARTALC | S33: Galpón | Y33: =IF(K33="","",IF(COUNTIF($K:$K,K33)>1,"DUPLICADO NOMBRE",IF(AND(N33<>"",COUNTIF($N:$N,N33)>1),"DUPLICADO CARGO","")))
A34: 29 | B34: ASMARTALC | C34: LATERAL | D34: 1 | G34: Sr. | N34: Gerente Comercial Buques Mercantes y Pesqueros | O34: ASMARTALC | P34: Nacional | Q34: Chile | R34: 2. ASMARTALC | S34: Galpón | Y34: =IF(K34="","",IF(COUNTIF($K:$K,K34)>1,"DUPLICADO NOMBRE",IF(AND(N34<>"",COUNTIF($N:$N,N34)>1),"DUPLICADO CARGO","")))
A35: 30 | B35: ASMARTALC | C35: VIP | D35: 1 | G35: CF | N35: Gerente Construcción Naval | O35: ASMARTALC | P35: Nacional | Q35: Chile | R35: 2. ASMARTALC | S35: Pelícanos | Y35: =IF(K35="","",IF(COUNTIF($K:$K,K35)>1,"DUPLICADO NOMBRE",IF(AND(N35<>"",COUNTIF($N:$N,N35)>1),"DUPLICADO CARGO","")))
A36: 31 | B36: ASMARTALC | C36: LATERAL | D36: 1 | G36: Sr. | N36: Gerente de Investigacion, Desarrollo e Inversiones | O36: ASMARTALC | P36: Nacional | Q36: Chile | R36: 2. ASMARTALC | S36: Galpón | Y36: =IF(K36="","",IF(COUNTIF($K:$K,K36)>1,"DUPLICADO NOMBRE",IF(AND(N36<>"",COUNTIF($N:$N,N36)>1),"DUPLICADO CARGO","")))
A37: 32 | B37: ASMARTALC | C37: LATERAL | D37: 1 | G37: Sra. | N37: Gerente Gestion | O37: ASMARTALC | P37: Nacional | Q37: Chile | R37: 2. ASMARTALC | S37: Pelícanos | Y37: =IF(K37="","",IF(COUNTIF($K:$K,K37)>1,"DUPLICADO NOMBRE",IF(AND(N37<>"",COUNTIF($N:$N,N37)>1),"DUPLICADO CARGO","")))
A38: 33 | B38: ASMARTALC | C38: VIP | D38: 1 | G38: CN | N38: Gerente Operaciones | O38: ASMARTALC | P38: Nacional | Q38: Chile | R38: 2. ASMARTALC | S38: Pelícanos | Y38: =IF(K38="","",IF(COUNTIF($K:$K,K38)>1,"DUPLICADO NOMBRE",IF(AND(N38<>"",COUNTIF($N:$N,N38)>1),"DUPLICADO CARGO","")))
A39: 34 | B39: ASMARTALC | C39: LATERAL | D39: 1 | G39: CF | N39: Gerente Reparaciones | O39: ASMARTALC | P39: Nacional | Q39: Chile | R39: 2. ASMARTALC | S39: Galpón | Y39: =IF(K39="","",IF(COUNTIF($K:$K,K39)>1,"DUPLICADO NOMBRE",IF(AND(N39<>"",COUNTIF($N:$N,N39)>1),"DUPLICADO CARGO","")))
A40: 35 | B40: ASMARTALC | C40: LATERAL | D40: 1 | G40: Sr. | N40: Gerente RRHH | O40: ASMARTALC | P40: Nacional | Q40: Chile | R40: 2. ASMARTALC | S40: Galpón | Y40: =IF(K40="","",IF(COUNTIF($K:$K,K40)>1,"DUPLICADO NOMBRE",IF(AND(N40<>"",COUNTIF($N:$N,N40)>1),"DUPLICADO CARGO","")))
A41: 36 | B41: ASMARTALC | C41: VIP | D41: 1 | G41: CF | N41: Gerente Logística | O41: ASMARTALC | P41: Nacional | Q41: Chile | R41: 2. ASMARTALC | S41: Pelícanos | Y41: =IF(K41="","",IF(COUNTIF($K:$K,K41)>1,"DUPLICADO NOMBRE",IF(AND(N41<>"",COUNTIF($N:$N,N41)>1),"DUPLICADO CARGO","")))
... A67: 62 | B67: ASMARTALC | C67: LATERAL | D67: 2 | G67: Sr. | N67: Jefe Taller Estructuras | O67: ASMARTALC | P67: Nacional | Q67: Chile | R67: 2. ASMARTALC | S67: Galpón | Y67: =IF(K67="","",IF(COUNTIF($K:$K,K67)>1,"DUPLICADO NOMBRE",IF(AND(N67<>"",COUNTIF($N:$N,N67)>1),"DUPLICADO CARGO","")))
A68: 63 | B68: ASMARTALC | C68: LATERAL | D68: 2 | N68: Jefe Taller Habitabilidad y Electricidad | O68: ASMARTALC | P68: Nacional | Q68: Chile | R68: 2. ASMARTALC | S68: Galpón | Y68: =IF(K68="","",IF(COUNTIF($K:$K,K68)>1,"DUPLICADO NOMBRE",IF(AND(N68<>"",COUNTIF($N:$N,N68)>1),"DUPLICADO CARGO","")))
A69: 64 | B69: ASMARTALC | C69: ASMARTALC | D69: 1 | N69: Presidente Sindicato de Empleados | O69: ASMARTALC | P69: Nacional | Q69: Chile | R69: 2. ASMARTALC | S69: Pelícanos | Y69: =IF(K69="","",IF(COUNTIF($K:$K,K69)>1,"DUPLICADO NOMBRE",IF(AND(N69<>"",COUNTIF($N:$N,N69)>1),"DUPLICADO CARGO","")))
A70: 65 | B70: ASMARTALC | C70: ASMARTALC | D70: 1 | N70: Presidente Sindicato de Funcionarios(as) | O70: ASMARTALC | P70: Nacional | Q70: Chile | R70: 2. ASMARTALC | S70: Pelícanos | Y70: =IF(K70="","",IF(COUNTIF($K:$K,K70)>1,"DUPLICADO NOMBRE",IF(AND(N70<>"",COUNTIF($N:$N,N70)>1),"DUPLICADO CARGO","")))
A71: 66 | B71: ASMARTALC | C71: ASMARTALC | D71: 1 | N71: Presidente Sindicato de Profesionales | O71: ASMARTALC | P71: Nacional | Q71: Chile | R71: 2. ASMARTALC | S71: Pelícanos | Y71: =IF(K71="","",IF(COUNTIF($K:$K,K71)>1,"DUPLICADO NOMBRE",IF(AND(N71<>"",COUNTIF($N:$N,N71)>1),"DUPLICADO CARGO","")))
A72: 67 | B72: ASMARTALC | C72: ASMARTALC | D72: 1 | N72: Presidente Sindicato de Trabajadores | O72: ASMARTALC | P72: Nacional | Q72: Chile | R72: 2. ASMARTALC | S72: Pelícanos | Y72: =IF(K72="","",IF(COUNTIF($K:$K,K72)>1,"DUPLICADO NOMBRE",IF(AND(N72<>"",COUNTIF($N:$N,N72)>1),"DUPLICADO CARGO","")))
A73: 68 | B73: ASMARTALC | C73: ASMARTALC | D73: 1 | N73: Presidente Sindicato Inter Empresas de Supervisores | O73: ASMARTALC | P73: Nacional | Q73: Chile | R73: 2. ASMARTALC | S73: Pelícanos | Y73: =IF(K73="","",IF(COUNTIF($K:$K,K73)>1,"DUPLICADO NOMBRE",IF(AND(N73<>"",COUNTIF($N:$N,N73)>1),"DUPLICADO CARGO","")))
A74: 69 | B74: ASMARTALC | C74: LATERAL | D74: 1 | G74: Sr. | H74: Carlos | I74: Cardoen | J74: Cornejo | K74: Carlos Cardoen Cornejo | L74: PENDIENTE | N74: Invitado especial | O74: ASMARTALC | P74: Nacional | Q74: Chile | R74: 2. ASMARTALC | S74: Pelícanos | Y74: =IF(K74="","",IF(COUNTIF($K:$K,K74)>1,"DUPLICADO NOMBRE",IF(AND(N74<>"",COUNTIF($N:$N,N74)>1),"DUPLICADO CARGO",""))) -> DUPLICADO CARGO
A75: 70 | B75: ASMARTALC | C75: LATERAL | D75: 1 | G75: Sr. | H75: Rodrigo | I75: Cardoen | J75: Aylwin | K75: Rodrigo Cardoen Aylwin | L75: PENDIENTE | N75: Invitado especial | O75: ASMARTALC | P75: Nacional | Q75: Chile | R75: 2. ASMARTALC | S75: Pelícanos | Y75: =IF(K75="","",IF(COUNTIF($K:$K,K75)>1,"DUPLICADO NOMBRE",IF(AND(N75<>"",COUNTIF($N:$N,N75)>1),"DUPLICADO CARGO",""))) -> DUPLICADO CARGO
Y76: =IF(K76="","",IF(COUNTIF($K:$K,K76)>1,"DUPLICADO NOMBRE",IF(AND(N76<>"",COUNTIF($N:$N,N76)>1),"DUPLICADO CARGO","")))
A77: MILITARES | Y77: =IF(K77="","",IF(COUNTIF($K:$K,K77)>1,"DUPLICADO NOMBRE",IF(AND(N77<>"",COUNTIF($N:$N,N77)>1),"DUPLICADO CARGO","")))
A78: 88 | B78: MILITARES | C78: MILITARES | N78: Agregado de Defensa Ajdunto y Naval de Perú | O78: Armada de Chile | P78: Extranjero | Q78: Perú | R78: 3. Autoridades militares y navales | Y78: =IF(K78="","",IF(COUNTIF($K:$K,K78)>1,"DUPLICADO NOMBRE",IF(AND(N78<>"",COUNTIF($N:$N,N78)>1),"DUPLICADO CARGO","")))
A79: 89 | B79: MILITARES | C79: MILITARES | N79: Agregado de Defensa de Alemania | O79: Armada de Chile | P79: Extranjero | Q79: Alemania | R79: 3. Autoridades militares y navales | Y79: =IF(K79="","",IF(COUNTIF($K:$K,K79)>1,"DUPLICADO NOMBRE",IF(AND(N79<>"",COUNTIF($N:$N,N79)>1),"DUPLICADO CARGO","")))
A80: 90 | B80: MILITARES | C80: MILITARES | N80: Agregado de Defensa de Canadá | O80: Armada de Chile | P80: Extranjero | Q80: Canadá | R80: 3. Autoridades militares y navales | Y80: =IF(K80="","",IF(COUNTIF($K:$K,K80)>1,"DUPLICADO NOMBRE",IF(AND(N80<>"",COUNTIF($N:$N,N80)>1),"DUPLICADO CARGO","")))
A81: 91 | B81: MILITARES | C81: MILITARES | N81: Agregado de Defensa de Corea | O81: Armada de Chile | P81: Nacional | Q81: Chile | R81: 3. Autoridades militares y navales | Y81: =IF(K81="","",IF(COUNTIF($K:$K,K81)>1,"DUPLICADO NOMBRE",IF(AND(N81<>"",COUNTIF($N:$N,N81)>1),"DUPLICADO CARGO","")))
A82: 92 | B82: MILITARES | C82: MILITARES | N82: Agregado de Defensa de El Salvador | O82: Armada de Chile | P82: Nacional | Q82: Chile | R82: 3. Autoridades militares y navales | Y82: =IF(K82="","",IF(COUNTIF($K:$K,K82)>1,"DUPLICADO NOMBRE",IF(AND(N82<>"",COUNTIF($N:$N,N82)>1),"DUPLICADO CARGO","")))
A83: 93 | B83: MILITARES | C83: MILITARES | N83: Agregado de Defensa de España | O83: Armada de Chile | P83: Extranjero | Q83: España | R83: 3. Autoridades militares y navales | Y83: =IF(K83="","",IF(COUNTIF($K:$K,K83)>1,"DUPLICADO NOMBRE",IF(AND(N83<>"",COUNTIF($N:$N,N83)>1),"DUPLICADO CARGO","")))
A84: 94 | B84: MILITARES | C84: MILITARES | N84: Agregado de Defensa de Honduras | O84: Armada de Chile | P84: Nacional | Q84: Chile | R84: 3. Autoridades militares y navales | Y84: =IF(K84="","",IF(COUNTIF($K:$K,K84)>1,"DUPLICADO NOMBRE",IF(AND(N84<>"",COUNTIF($N:$N,N84)>1),"DUPLICADO CARGO","")))
A85: 95 | B85: MILITARES | C85: MILITARES | N85: Agregado de Defensa de India | O85: Armada de Chile | P85: Nacional | Q85: Chile | R85: 3. Autoridades militares y navales | Y85: =IF(K85="","",IF(COUNTIF($K:$K,K85)>1,"DUPLICADO NOMBRE",IF(AND(N85<>"",COUNTIF($N:$N,N85)>1),"DUPLICADO CARGO","")))
A86: 96 | B86: MILITARES | C86: MILITARES | N86: Agregado de Defensa de Israel | O86: Armada de Chile | P86: Extranjero | Q86: Israel | R86: 3. Autoridades militares y navales | Y86: =IF(K86="","",IF(COUNTIF($K:$K,K86)>1,"DUPLICADO NOMBRE",IF(AND(N86<>"",COUNTIF($N:$N,N86)>1),"DUPLICADO CARGO","")))
A87: 97 | B87: MILITARES | C87: MILITARES | N87: Agregado de Defensa de Japón | O87: Armada de Chile | P87: Nacional | Q87: Chile | R87: 3. Autoridades militares y navales | Y87: =IF(K87="","",IF(COUNTIF($K:$K,K87)>1,"DUPLICADO NOMBRE",IF(AND(N87<>"",COUNTIF($N:$N,N87)>1),"DUPLICADO CARGO","")))
A88: 98 | B88: MILITARES | C88: MILITARES | N88: Agregado de Defensa de Paraguay | O88: Armada de Chile | P88: Nacional | Q88: Chile | R88: 3. Autoridades militares y navales | Y88: =IF(K88="","",IF(COUNTIF($K:$K,K88)>1,"DUPLICADO NOMBRE",IF(AND(N88<>"",COUNTIF($N:$N,N88)>1),"DUPLICADO CARGO","")))
A89: 99 | B89: MILITARES | C89: MILITARES | N89: Agregado de Defensa de Uruguay | O89: Armada de Chile | P89: Nacional | Q89: Chile | R89: 3. Autoridades militares y navales | Y89: =IF(K89="","",IF(COUNTIF($K:$K,K89)>1,"DUPLICADO NOMBRE",IF(AND(N89<>"",COUNTIF($N:$N,N89)>1),"DUPLICADO CARGO","")))
... A102: 112 | B102: MILITARES | C102: MILITARES | N102: Agregado Naval de Colombia | O102: Armada de Chile | P102: Extranjero | Q102: Colombia | R102: 3. Autoridades militares y navales | Y102: =IF(K102="","",IF(COUNTIF($K:$K,K102)>1,"DUPLICADO NOMBRE",IF(AND(N102<>"",COUNTIF($N:$N,N102)>1),"DUPLICADO CARGO","")))
A103: 113 | B103: MILITARES | C103: MILITARES | H103: Patricio | I103: Rivas | K103: Patricio Rivas | L103: PENDIENTE | M103: privas@armada.mil.ec | N103: Agregado Naval de Ecuador | O103: Armada de Chile | P103: Extranjero | Q103: Ecuador | R103: 3. Autoridades militares y navales | Y103: =IF(K103="","",IF(COUNTIF($K:$K,K103)>1,"DUPLICADO NOMBRE",IF(AND(N103<>"",COUNTIF($N:$N,N103)>1),"DUPLICADO CARGO","")))
A104: 114 | B104: MILITARES | C104: MILITARES | N104: Agregado Naval de México | O104: Armada de Chile | P104: Extranjero | Q104: México | R104: 3. Autoridades militares y navales | Y104: =IF(K104="","",IF(COUNTIF($K:$K,K104)>1,"DUPLICADO NOMBRE",IF(AND(N104<>"",COUNTIF($N:$N,N104)>1),"DUPLICADO CARGO","")))
A105: 115 | B105: MILITARES | C105: MILITARES | N105: Auditor General de la Armada | O105: AUDITGEN | P105: Nacional | Q105: Chile | R105: 3. Autoridades militares y navales | Y105: =IF(K105="","",IF(COUNTIF($K:$K,K105)>1,"DUPLICADO NOMBRE",IF(AND(N105<>"",COUNTIF($N:$N,N105)>1),"DUPLICADO CARGO","")))
A106: 116 | B106: MILITARES | C106: MILITARES | N106: Ayudante de Ordenes | O106: CARABINEROS | P106: Nacional | Q106: Chile | R106: 3. Autoridades militares y navales | Y106: =IF(K106="","",IF(COUNTIF($K:$K,K106)>1,"DUPLICADO NOMBRE",IF(AND(N106<>"",COUNTIF($N:$N,N106)>1),"DUPLICADO CARGO","")))
A107: 117 | B107: MILITARES | C107: MILITARES | N107: AYUDORALM | O107: ARMADA | P107: Nacional | Q107: Chile | R107: 3. Autoridades militares y navales | Y107: =IF(K107="","",IF(COUNTIF($K:$K,K107)>1,"DUPLICADO NOMBRE",IF(AND(N107<>"",COUNTIF($N:$N,N107)>1),"DUPLICADO CARGO","")))
A108: 118 | B108: MILITARES | C108: MILITARES | N108: AYUDORMINDEF | O108: AUTORIDADES | P108: Nacional | Q108: Chile | R108: 3. Autoridades militares y navales | Y108: =IF(K108="","",IF(COUNTIF($K:$K,K108)>1,"DUPLICADO NOMBRE",IF(AND(N108<>"",COUNTIF($N:$N,N108)>1),"DUPLICADO CARGO","")))
A109: 119 | B109: MILITARES | C109: MILITARES | N109: AYUDORSEZONA | O109: ARMADA | P109: Nacional | Q109: Chile | R109: 3. Autoridades militares y navales | Y109: =IF(K109="","",IF(COUNTIF($K:$K,K109)>1,"DUPLICADO NOMBRE",IF(AND(N109<>"",COUNTIF($N:$N,N109)>1),"DUPLICADO CARGO","")))
A110: 120 | B110: MILITARES | C110: MILITARES | N110: AYUDORSUBSECDEF | O110: AUTORIDADES | P110: Nacional | Q110: Chile | R110: 3. Autoridades militares y navales | Y110: =IF(K110="","",IF(COUNTIF($K:$K,K110)>1,"DUPLICADO NOMBRE",IF(AND(N110<>"",COUNTIF($N:$N,N110)>1),"DUPLICADO CARGO","")))
A111: 121 | B111: MILITARES | C111: MILITARES | N111: Comandante de la Aviación Naval | O111: COMAVNAV | P111: Nacional | Q111: Chile | R111: 3. Autoridades militares y navales | Y111: =IF(K111="","",IF(COUNTIF($K:$K,K111)>1,"DUPLICADO NOMBRE",IF(AND(N111<>"",COUNTIF($N:$N,N111)>1),"DUPLICADO CARGO","")))
A112: 122 | B112: MILITARES | C112: MILITARES | N112: Comandante de la Fuerza de Submarinos | O112: FUERSUB | P112: Nacional | Q112: Chile | R112: 3. Autoridades militares y navales | Y112: =IF(K112="","",IF(COUNTIF($K:$K,K112)>1,"DUPLICADO NOMBRE",IF(AND(N112<>"",COUNTIF($N:$N,N112)>1),"DUPLICADO CARGO","")))
A113: 123 | B113: MILITARES | C113: MILITARES | N113: Comandante de Operaciones Navales | O113: COMOPER | P113: Nacional | Q113: Chile | R113: 3. Autoridades militares y navales | Y113: =IF(K113="","",IF(COUNTIF($K:$K,K113)>1,"DUPLICADO NOMBRE",IF(AND(N113<>"",COUNTIF($N:$N,N113)>1),"DUPLICADO CARGO","")))
A114: 124 | B114: MILITARES | C114: MILITARES | N114: Comandante de Operaciones Terrestres | O114: EJÉRCITO | P114: Nacional | Q114: Chile | R114: 3. Autoridades militares y navales | Y114: =IF(K114="","",IF(COUNTIF($K:$K,K114)>1,"DUPLICADO NOMBRE",IF(AND(N114<>"",COUNTIF($N:$N,N114)>1),"DUPLICADO CARGO","")))
A115: 125 | B115: MILITARES | C115: MILITARES | N115: Comandante en Jefe de la Armada | O115: ARMADA | P115: Nacional | Q115: Chile | R115: 3. Autoridades militares y navales | Y115: =IF(K115="","",IF(COUNTIF($K:$K,K115)>1,"DUPLICADO NOMBRE",IF(AND(N115<>"",COUNTIF($N:$N,N115)>1),"DUPLICADO CARGO","")))
... A161: 171 | B161: MILITARES | C161: MILITARES | N161: Subjefe del Estado Mayor Conjunto | O161: ALTO MANDO FF.AA. | P161: Nacional | Q161: Chile | R161: 3. Autoridades militares y navales | Y161: =IF(K161="","",IF(COUNTIF($K:$K,K161)>1,"DUPLICADO NOMBRE",IF(AND(N161<>"",COUNTIF($N:$N,N161)>1),"DUPLICADO CARGO","")))
A162: 172 | B162: MILITARES | C162: MILITARES | O162: CONAES | P162: Nacional | Q162: Chile | R162: 3. Autoridades militares y navales | Y162: =IF(K162="","",IF(COUNTIF($K:$K,K162)>1,"DUPLICADO NOMBRE",IF(AND(N162<>"",COUNTIF($N:$N,N162)>1),"DUPLICADO CARGO","")))
A163: 173 | B163: MILITARES | C163: MILITARES | N163: Jefe Depto. DIPRIDA | O163: ARMADA | P163: Nacional | Q163: Chile | R163: 3. Autoridades militares y navales | Y163: =IF(K163="","",IF(COUNTIF($K:$K,K163)>1,"DUPLICADO NOMBRE",IF(AND(N163<>"",COUNTIF($N:$N,N163)>1),"DUPLICADO CARGO","")))
A164: 174 | B164: MILITARES | C164: MILITARES | N164: Jefe ITO Construcciones | O164: ARMADA | P164: Nacional | Q164: Chile | R164: 3. Autoridades militares y navales | Y164: =IF(K164="","",IF(COUNTIF($K:$K,K164)>1,"DUPLICADO NOMBRE",IF(AND(N164<>"",COUNTIF($N:$N,N164)>1),"DUPLICADO CARGO","")))
A165: 175 | B165: MILITARES | C165: MILITARES | N165: Jefe Proyecto DIPRIDA | O165: ARMADA | P165: Nacional | Q165: Chile | R165: 3. Autoridades militares y navales | Y165: =IF(K165="","",IF(COUNTIF($K:$K,K165)>1,"DUPLICADO NOMBRE",IF(AND(N165<>"",COUNTIF($N:$N,N165)>1),"DUPLICADO CARGO","")))
A166: 176 | B166: MILITARES | C166: MILITARES | N166: Jefe Proyecto DIPRIDA | O166: ARMADA | P166: Nacional | Q166: Chile | R166: 3. Autoridades militares y navales | Y166: =IF(K166="","",IF(COUNTIF($K:$K,K166)>1,"DUPLICADO NOMBRE",IF(AND(N166<>"",COUNTIF($N:$N,N166)>1),"DUPLICADO CARGO","")))
A167: 177 | B167: MILITARES | C167: MILITARES | N167: Jefe Proyecto DIPRIDA | O167: ARMADA | P167: Nacional | Q167: Chile | R167: 3. Autoridades militares y navales | Y167: =IF(K167="","",IF(COUNTIF($K:$K,K167)>1,"DUPLICADO NOMBRE",IF(AND(N167<>"",COUNTIF($N:$N,N167)>1),"DUPLICADO CARGO","")))
Y168: =IF(K168="","",IF(COUNTIF($K:$K,K168)>1,"DUPLICADO NOMBRE",IF(AND(N168<>"",COUNTIF($N:$N,N168)>1),"DUPLICADO CARGO","")))
A169: CIVILES | Y169: =IF(K169="","",IF(COUNTIF($K:$K,K169)>1,"DUPLICADO NOMBRE",IF(AND(N169<>"",COUNTIF($N:$N,N169)>1),"DUPLICADO CARGO","")))
A170: 178 | Y170: =IF(K170="","",IF(COUNTIF($K:$K,K170)>1,"DUPLICADO NOMBRE",IF(AND(N170<>"",COUNTIF($N:$N,N170)>1),"DUPLICADO CARGO","")))
A171: 179 | B171: CIVILES | C171: CIVILES | N171: Alcalde Ilustre Municipalidad de Concepción | P171: Nacional | Q171: Chile | R171: 4. Autoridades civiles del Estado, Gobierno y políticos | Y171: =IF(K171="","",IF(COUNTIF($K:$K,K171)>1,"DUPLICADO NOMBRE",IF(AND(N171<>"",COUNTIF($N:$N,N171)>1),"DUPLICADO CARGO","")))
A172: 180 | B172: CIVILES | C172: CIVILES | N172: Alcalde Ilustre Municipalidad de Hualpén | P172: Nacional | Q172: Chile | R172: 4. Autoridades civiles del Estado, Gobierno y políticos | Y172: =IF(K172="","",IF(COUNTIF($K:$K,K172)>1,"DUPLICADO NOMBRE",IF(AND(N172<>"",COUNTIF($N:$N,N172)>1),"DUPLICADO CARGO","")))
A173: 181 | B173: CIVILES | C173: CIVILES | N173: Alcalde Ilustre Municipalidad de Talcahuano | P173: Nacional | Q173: Chile | R173: 4. Autoridades civiles del Estado, Gobierno y políticos | Y173: =IF(K173="","",IF(COUNTIF($K:$K,K173)>1,"DUPLICADO NOMBRE",IF(AND(N173<>"",COUNTIF($N:$N,N173)>1),"DUPLICADO CARGO","")))
A174: 183 | B174: CIVILES | C174: CIVILES | H174: Kenneth | I174: Pugh | J174: Olavarria | K174: Kenneth Pugh Olavarria | L174: PENDIENTE | M174: kpugh@senado.cl | N174: Comisión de Defensa Nacional Cir. 6 | O174: Senado de la República | P174: Nacional | Q174: Chile | R174: 4. Autoridades civiles del Estado, Gobierno y políticos | Y174: =IF(K174="","",IF(COUNTIF($K:$K,K174)>1,"DUPLICADO NOMBRE",IF(AND(N174<>"",COUNTIF($N:$N,N174)>1),"DUPLICADO CARGO","")))
A175: 184 | B175: CIVILES | C175: CIVILES | H175: Javier | I175: Macaya | J175: Danus | K175: Javier Macaya Danus | L175: PENDIENTE | M175: jmacaya@senado.cl | N175: Comisión de Defensa Nacional Cir. 8 | O175: Senado de la República | P175: Nacional | Q175: Chile | R175: 4. Autoridades civiles del Estado, Gobierno y políticos | Y175: =IF(K175="","",IF(COUNTIF($K:$K,K175)>1,"DUPLICADO NOMBRE",IF(AND(N175<>"",COUNTIF($N:$N,N175)>1),"DUPLICADO CARGO","")))
A176: 185 | B176: CIVILES | C176: CIVILES | N176: Contralor General de la República | P176: Nacional | Q176: Chile | R176: 4. Autoridades civiles del Estado, Gobierno y políticos | Y176: =IF(K176="","",IF(COUNTIF($K:$K,K176)>1,"DUPLICADO NOMBRE",IF(AND(N176<>"",COUNTIF($N:$N,N176)>1),"DUPLICADO CARGO","")))
A177: 186 | B177: CIVILES | C177: CIVILES | H177: Víctor | I177: Henriquez | J177: Gonzalez | K177: Víctor Henriquez Gonzalez | L177: PENDIENTE | N177: Contralor Regional Bio Bio | O177: Contraloría General de la República | P177: Nacional | Q177: Chile | R177: 4. Autoridades civiles del Estado, Gobierno y políticos | Y177: =IF(K177="","",IF(COUNTIF($K:$K,K177)>1,"DUPLICADO NOMBRE",IF(AND(N177<>"",COUNTIF($N:$N,N177)>1),"DUPLICADO CARGO","")))
A178: 187 | B178: CIVILES | C178: CIVILES | N178: Defensor Nacional | O178: DEFENSOR NACIONAL | P178: Nacional | Q178: Chile | R178: 4. Autoridades civiles del Estado, Gobierno y políticos | Y178: =IF(K178="","",IF(COUNTIF($K:$K,K178)>1,"DUPLICADO NOMBRE",IF(AND(N178<>"",COUNTIF($N:$N,N178)>1),"DUPLICADO CARGO","")))
A179: 188 | B179: CIVILES | C179: CIVILES | N179: Delegado Presidencial Región del Biobío | O179: AUTORIDAD LOCAL | P179: Nacional | Q179: Chile | R179: 4. Autoridades civiles del Estado, Gobierno y políticos | Y179: =IF(K179="","",IF(COUNTIF($K:$K,K179)>1,"DUPLICADO NOMBRE",IF(AND(N179<>"",COUNTIF($N:$N,N179)>1),"DUPLICADO CARGO","")))
A180: 189 | B180: CIVILES | C180: CIVILES | N180: Diputada de la Región del Biobío Distrito N° 20 | O180: Cámara de Diputadas y Diputados | P180: Nacional | Q180: Chile | R180: 4. Autoridades civiles del Estado, Gobierno y políticos | Y180: =IF(K180="","",IF(COUNTIF($K:$K,K180)>1,"DUPLICADO NOMBRE",IF(AND(N180<>"",COUNTIF($N:$N,N180)>1),"DUPLICADO CARGO","")))
A181: 190 | B181: CIVILES | C181: CIVILES | N181: Diputada de la Región del Biobío Distrito N° 20 | O181: Cámara de Diputadas y Diputados | P181: Nacional | Q181: Chile | R181: 4. Autoridades civiles del Estado, Gobierno y políticos | Y181: =IF(K181="","",IF(COUNTIF($K:$K,K181)>1,"DUPLICADO NOMBRE",IF(AND(N181<>"",COUNTIF($N:$N,N181)>1),"DUPLICADO CARGO","")))
A182: 191 | B182: CIVILES | C182: CIVILES | N182: Diputada de la Región del Biobío Distrito N° 20 | O182: Cámara de Diputadas y Diputados | P182: Nacional | Q182: Chile | R182: 4. Autoridades civiles del Estado, Gobierno y políticos | Y182: =IF(K182="","",IF(COUNTIF($K:$K,K182)>1,"DUPLICADO NOMBRE",IF(AND(N182<>"",COUNTIF($N:$N,N182)>1),"DUPLICADO CARGO","")))
...

Sheet ASMAR DIRECCIÓN
A1: ASMAR DIRECCIÓN
A2: NRO. | B2: FUENTE/PESTAÑA | C2: TRIBUNA | D2: PRIORIDAD | E2: GRADO/TRATAMIENTO | F2: VOCATIVO | G2: PREFIJO | H2: NOMBRE | I2: APELLIDO PATERNO | J2: APELLIDO MATERNO | K2: Nombre Apellido Paterno Apellido Materno | L2: ASISTENCIA | M2: CORREO ELECTRÓNICO | N2: CARGO | O2: EMPRESA/UNIVERSIDAD/OTRO | P2: ORIGEN | Q2: PAÍS | R2: CATEGORÍA | S2: CÓCTEL | T2: CONFIRMACIÓN | U2: ORDEN ACTIVO | V2: UBICACIÓN | W2: IR A TRIBUNA | X2: OBSERVACIONES
A3: =IFERROR(INDEX(MAESTRO!A:A,_xludf.AGGREGATE(15,6,ROW(MAESTRO!$B$3:$B$1000)/((MAESTRO!$B$3:$B$1000="ASMAR DIRECCIÓN")*(UPPER(MAESTRO!$L$3:$L$1000)="CONFIRMADO")),ROWS($A$3:A3))),"") | B3: =IFERROR(INDEX(MAESTRO!B:B,_xludf.AGGREGATE(15,6,ROW(MAESTRO!$B$3:$B$1000)/((MAESTRO!$B$3:$B$1000="ASMAR DIRECCIÓN")*(UPPER(MAESTRO!$L$3:$L$1000)="CONFIRMADO")),ROWS($A$3:A3))),"") | C3: =IFERROR(INDEX(MAESTRO!C:C,_xludf.AGGREGATE(15,6,ROW(MAESTRO!$B$3:$B$1000)/((MAESTRO!$B$3:$B$1000="ASMAR DIRECCIÓN")*(UPPER(MAESTRO!$L$3:$L$1000)="CONFIRMADO")),ROWS($A$3:A3))),"") | D3: =IFERROR(INDEX(MAESTRO!D:D,_xludf.AGGREGATE(15,6,ROW(MAESTRO!$B$3:$B$1000)/((MAESTRO!$B$3:$B$1000="ASMAR DIRECCIÓN")*(UPPER(MAESTRO!$L$3:$L$1000)="CONFIRMADO")),ROWS($A$3:A3))),"") | E3: =IFERROR(INDEX(MAESTRO!E:E,_xludf.AGGREGATE(15,6,ROW(MAESTRO!$B$3:$B$1000)/((MAESTRO!$B$3:$B$1000="ASMAR DIRECCIÓN")*(UPPER(MAESTRO!$L$3:$L$1000)="CONFIRMADO")),ROWS($A$3:A3))),"") | F3: =IFERROR(INDEX(MAESTRO!F:F,_xludf.AGGREGATE(15,6,ROW(MAESTRO!$B$3:$B$1000)/((MAESTRO!$B$3:$B$1000="ASMAR DIRECCIÓN")*(UPPER(MAESTRO!$L$3:$L$1000)="CONFIRMADO")),ROWS($A$3:A3))),"") | G3: =IFERROR(INDEX(MAESTRO!G:G,_xludf.AGGREGATE(15,6,ROW(MAESTRO!$B$3:$B$1000)/((MAESTRO!$B$3:$B$1000="ASMAR DIRECCIÓN")*(UPPER(MAESTRO!$L$3:$L$1000)="CONFIRMADO")),ROWS($A$3:A3))),"") | H3: =IFERROR(INDEX(MAESTRO!H:H,_xludf.AGGREGATE(15,6,ROW(MAESTRO!$B$3:$B$1000)/((MAESTRO!$B$3:$B$1000="ASMAR DIRECCIÓN")*(UPPER(MAESTRO!$L$3:$L$1000)="CONFIRMADO")),ROWS($A$3:A3))),"") | I3: =IFERROR(INDEX(MAESTRO!I:I,_xludf.AGGREGATE(15,6,ROW(MAESTRO!$B$3:$B$1000)/((MAESTRO!$B$3:$B$1000="ASMAR DIRECCIÓN")*(UPPER(MAESTRO!$L$3:$L$1000)="CONFIRMADO")),ROWS($A$3:A3))),"") | J3: =IFERROR(INDEX(MAESTRO!J:J,_xludf.AGGREGATE(15,6,ROW(MAESTRO!$B$3:$B$1000)/((MAESTRO!$B$3:$B$1000="ASMAR DIRECCIÓN")*(UPPER(MAESTRO!$L$3:$L$1000)="CONFIRMADO")),ROWS($A$3:A3))),"") | K3: =IFERROR(INDEX(MAESTRO!K:K,_xludf.AGGREGATE(15,6,ROW(MAESTRO!$B$3:$B$1000)/((MAESTRO!$B$3:$B$1000="ASMAR DIRECCIÓN")*(UPPER(MAESTRO!$L$3:$L$1000)="CONFIRMADO")),ROWS($A$3:A3))),"") | L3: =IFERROR(INDEX(MAESTRO!L:L,_xludf.AGGREGATE(15,6,ROW(MAESTRO!$B$3:$B$1000)/((MAESTRO!$B$3:$B$1000="ASMAR DIRECCIÓN")*(UPPER(MAESTRO!$L$3:$L$1000)="CONFIRMADO")),ROWS($A$3:A3))),"") | M3: =IFERROR(INDEX(MAESTRO!M:M,_xludf.AGGREGATE(15,6,ROW(MAESTRO!$B$3:$B$1000)/((MAESTRO!$B$3:$B$1000="ASMAR DIRECCIÓN")*(UPPER(MAESTRO!$L$3:$L$1000)="CONFIRMADO")),ROWS($A$3:A3))),"") | N3: =IFERROR(INDEX(MAESTRO!N:N,_xludf.AGGREGATE(15,6,ROW(MAESTRO!$B$3:$B$1000)/((MAESTRO!$B$3:$B$1000="ASMAR DIRECCIÓN")*(UPPER(MAESTRO!$L$3:$L$1000)="CONFIRMADO")),ROWS($A$3:A3))),"") | O3: =IFERROR(INDEX(MAESTRO!O:O,_xludf.AGGREGATE(15,6,ROW(MAESTRO!$B$3:$B$1000)/((MAESTRO!$B$3:$B$1000="ASMAR DIRECCIÓN")*(UPPER(MAESTRO!$L$3:$L$1000)="CONFIRMADO")),ROWS($A$3:A3))),"") | P3: =IFERROR(INDEX(MAESTRO!P:P,_xludf.AGGREGATE(15,6,ROW(MAESTRO!$B$3:$B$1000)/((MAESTRO!$B$3:$B$1000="ASMAR DIRECCIÓN")*(UPPER(MAESTRO!$L$3:$L$1000)="CONFIRMADO")),ROWS($A$3:A3))),"") | Q3: =IFERROR(INDEX(MAESTRO!Q:Q,_xludf.AGGREGATE(15,6,ROW(MAESTRO!$B$3:$B$1000)/((MAESTRO!$B$3:$B$1000="ASMAR DIRECCIÓN")*(UPPER(MAESTRO!$L$3:$L$1000)="CONFIRMADO")),ROWS($A$3:A3))),"") | R3: =IFERROR(INDEX(MAESTRO!R:R,_xludf.AGGREGATE(15,6,ROW(MAESTRO!$B$3:$B$1000)/((MAESTRO!$B$3:$B$1000="ASMAR DIRECCIÓN")*(UPPER(MAESTRO!$L$3:$L$1000)="CONFIRMADO")),ROWS($A$3:A3))),"") | S3: =IFERROR(INDEX(MAESTRO!S:S,_xludf.AGGREGATE(15,6,ROW(MAESTRO!$B$3:$B$1000)/((MAESTRO!$B$3:$B$1000="ASMAR DIRECCIÓN")*(UPPER(MAESTRO!$L$3:$L$1000)="CONFIRMADO")),ROWS($A$3:A3))),"") | T3: =IFERROR(INDEX(MAESTRO!T:T,_xludf.AGGREGATE(15,6,ROW(MAESTRO!$B$3:$B$1000)/((MAESTRO!$B$3:$B$1000="ASMAR DIRECCIÓN")*(UPPER(MAESTRO!$L$3:$L$1000)="CONFIRMADO")),ROWS($A$3:A3))),"") | U3: =IFERROR(INDEX(MAESTRO!U:U,_xludf.AGGREGATE(15,6,ROW(MAESTRO!$B$3:$B$1000)/((MAESTRO!$B$3:$B$1000="ASMAR DIRECCIÓN")*(UPPER(MAESTRO!$L$3:$L$1000)="CONFIRMADO")),ROWS($A$3:A3))),"") | V3: =IFERROR(INDEX(MAESTRO!V:V,_xludf.AGGREGATE(15,6,ROW(MAESTRO!$B$3:$B$1000)/((MAESTRO!$B$3:$B$1000="ASMAR DIRECCIÓN")*(UPPER(MAESTRO!$L$3:$L$1000)="CONFIRMADO")),ROWS($A$3:A3))),"") | W3: =IFERROR(INDEX(MAESTRO!W:W,_xludf.AGGREGATE(15,6,ROW(MAESTRO!$B$3:$B$1000)/((MAESTRO!$B$3:$B$1000="ASMAR DIRECCIÓN")*(UPPER(MAESTRO!$L$3:$L$1000)="CONFIRMADO")),ROWS($A$3:A3))),"") | X3: =IFERROR(INDEX(MAESTRO!X:X,_xludf.AGGREGATE(15,6,ROW(MAESTRO!$B$3:$B$1000)/((MAESTRO!$B$3:$B$1000="ASMAR DIRECCIÓN")*(UPPER(MAESTRO!$L$3:$L$1000)="CONFIRMADO")),ROWS($A$3:A3))),"")
A4: =IFERROR(INDEX(MAESTRO!A:A,_xludf.AGGREGATE(15,6,ROW(MAESTRO!$B$3:$B$1000)/((MAESTRO!$B$3:$B$1000="ASMAR DIRECCIÓN")*(UPPER(MAESTRO!$L$3:$L$1000)="CONFIRMADO")),ROWS($A$3:A4))),"") | B4: =IFERROR(INDEX(MAESTRO!B:B,_xludf.AGGREGATE(15,6,ROW(MAESTRO!$B$3:$B$1000)/((MAESTRO!$B$3:$B$1000="ASMAR DIRECCIÓN")*(UPPER(MAESTRO!$L$3:$L$1000)="CONFIRMADO")),ROWS($A$3:A4))),"") | C4: =IFERROR(INDEX(MAESTRO!C:C,_xludf.AGGREGATE(15,6,ROW(MAESTRO!$B$3:$B$1000)/((MAESTRO!$B$3:$B$1000="ASMAR DIRECCIÓN")*(UPPER(MAESTRO!$L$3:$L$1000)="CONFIRMADO")),ROWS($A$3:A4))),"") | D4: =IFERROR(INDEX(MAESTRO!D:D,_xludf.AGGREGATE(15,6,ROW(MAESTRO!$B$3:$B$1000)/((MAESTRO!$B$3:$B$1000="ASMAR DIRECCIÓN")*(UPPER(MAESTRO!$L$3:$L$1000)="CONFIRMADO")),ROWS($A$3:A4))),"") | E4: =IFERROR(INDEX(MAESTRO!E:E,_xludf.AGGREGATE(15,6,ROW(MAESTRO!$B$3:$B$1000)/((MAESTRO!$B$3:$B$1000="ASMAR DIRECCIÓN")*(UPPER(MAESTRO!$L$3:$L$1000)="CONFIRMADO")),ROWS($A$3:A4))),"") | F4: =IFERROR(INDEX(MAESTRO!F:F,_xludf.AGGREGATE(15,6,ROW(MAESTRO!$B$3:$B$1000)/((MAESTRO!$B$3:$B$1000="ASMAR DIRECCIÓN")*(UPPER(MAESTRO!$L$3:$L$1000)="CONFIRMADO")),ROWS($A$3:A4))),"") | G4: =IFERROR(INDEX(MAESTRO!G:G,_xludf.AGGREGATE(15,6,ROW(MAESTRO!$B$3:$B$1000)/((MAESTRO!$B$3:$B$1000="ASMAR DIRECCIÓN")*(UPPER(MAESTRO!$L$3:$L$1000)="CONFIRMADO")),ROWS($A$3:A4))),"") | H4: =IFERROR(INDEX(MAESTRO!H:H,_xludf.AGGREGATE(15,6,ROW(MAESTRO!$B$3:$B$1000)/((MAESTRO!$B$3:$B$1000="ASMAR DIRECCIÓN")*(UPPER(MAESTRO!$L$3:$L$1000)="CONFIRMADO")),ROWS($A$3:A4))),"") | I4: =IFERROR(INDEX(MAESTRO!I:I,_xludf.AGGREGATE(15,6,ROW(MAESTRO!$B$3:$B$1000)/((MAESTRO!$B$3:$B$1000="ASMAR DIRECCIÓN")*(UPPER(MAESTRO!$L$3:$L$1000)="CONFIRMADO")),ROWS($A$3:A4))),"") | J4: =IFERROR(INDEX(MAESTRO!J:J,_xludf.AGGREGATE(15,6,ROW(MAESTRO!$B$3:$B$1000)/((MAESTRO!$B$3:$B$1000="ASMAR DIRECCIÓN")*(UPPER(MAESTRO!$L$3:$L$1000)="CONFIRMADO")),ROWS($A$3:A4))),"") | K4: =IFERROR(INDEX(MAESTRO!K:K,_xludf.AGGREGATE(15,6,ROW(MAESTRO!$B$3:$B$1000)/((MAESTRO!$B$3:$B$1000="ASMAR DIRECCIÓN")*(UPPER(MAESTRO!$L$3:$L$1000)="CONFIRMADO")),ROWS($A$3:A4))),"") | L4: =IFERROR(INDEX(MAESTRO!L:L,_xludf.AGGREGATE(15,6,ROW(MAESTRO!$B$3:$B$1000)/((MAESTRO!$B$3:$B$1000="ASMAR DIRECCIÓN")*(UPPER(MAESTRO!$L$3:$L$1000)="CONFIRMADO")),ROWS($A$3:A4))),"") | M4: =IFERROR(INDEX(MAESTRO!M:M,_xludf.AGGREGATE(15,6,ROW(MAESTRO!$B$3:$B$1000)/((MAESTRO!$B$3:$B$1000="ASMAR DIRECCIÓN")*(UPPER(MAESTRO!$L$3:$L$1000)="CONFIRMADO")),ROWS($A$3:A4))),"") | N4: =IFERROR(INDEX(MAESTRO!N:N,_xludf.AGGREGATE(15,6,ROW(MAESTRO!$B$3:$B$1000)/((MAESTRO!$B$3:$B$1000="ASMAR DIRECCIÓN")*(UPPER(MAESTRO!$L$3:$L$1000)="CONFIRMADO")),ROWS($A$3:A4))),"") | O4: =IFERROR(INDEX(MAESTRO!O:O,_xludf.AGGREGATE(15,6,ROW(MAESTRO!$B$3:$B$1000)/((MAESTRO!$B$3:$B$1000="ASMAR DIRECCIÓN")*(UPPER(MAESTRO!$L$3:$L$1000)="CONFIRMADO")),ROWS($A$3:A4))),"") | P4: =IFERROR(INDEX(MAESTRO!P:P,_xludf.AGGREGATE(15,6,ROW(MAESTRO!$B$3:$B$1000)/((MAESTRO!$B$3:$B$1000="ASMAR DIRECCIÓN")*(UPPER(MAESTRO!$L$3:$L$1000)="CONFIRMADO")),ROWS($A$3:A4))),"") | Q4: =IFERROR(INDEX(MAESTRO!Q:Q,_xludf.AGGREGATE(15,6,ROW(MAESTRO!$B$3:$B$1000)/((MAESTRO!$B$3:$B$1000="ASMAR DIRECCIÓN")*(UPPER(MAESTRO!$L$3:$L$1000)="CONFIRMADO")),ROWS($A$3:A4))),"") | R4: =IFERROR(INDEX(MAESTRO!R:R,_xludf.AGGREGATE(15,6,ROW(MAESTRO!$B$3:$B$1000)/((MAESTRO!$B$3:$B$1000="ASMAR DIRECCIÓN")*(UPPER(MAESTRO!$L$3:$L$1000)="CONFIRMADO")),ROWS($A$3:A4))),"") | S4: =IFERROR(INDEX(MAESTRO!S:S,_xludf.AGGREGATE(15,6,ROW(MAESTRO!$B$3:$B$1000)/((MAESTRO!$B$3:$B$1000="ASMAR DIRECCIÓN")*(UPPER(MAESTRO!$L$3:$L$1000)="CONFIRMADO")),ROWS($A$3:A4))),"") | T4: =IFERROR(INDEX(MAESTRO!T:T,_xludf.AGGREGATE(15,6,ROW(MAESTRO!$B$3:$B$1000)/((MAESTRO!$B$3:$B$1000="ASMAR DIRECCIÓN")*(UPPER(MAESTRO!$L$3:$L$1000)="CONFIRMADO")),ROWS($A$3:A4))),"") | U4: =IFERROR(INDEX(MAESTRO!U:U,_xludf.AGGREGATE(15,6,ROW(MAESTRO!$B$3:$B$1000)/((MAESTRO!$B$3:$B$1000="ASMAR DIRECCIÓN")*(UPPER(MAESTRO!$L$3:$L$1000)="CONFIRMADO")),ROWS($A$3:A4))),"") | V4: =IFERROR(INDEX(MAESTRO!V:V,_xludf.AGGREGATE(15,6,ROW(MAESTRO!$B$3:$B$1000)/((MAESTRO!$B$3:$B$1000="ASMAR DIRECCIÓN")*(UPPER(MAESTRO!$L$3:$L$1000)="CONFIRMADO")),ROWS($A$3:A4))),"") | W4: =IFERROR(INDEX(MAESTRO!W:W,_xludf.AGGREGATE(15,6,ROW(MAESTRO!$B$3:$B$1000)/((MAESTRO!$B$3:$B$1000="ASMAR DIRECCIÓN")*(UPPER(MAESTRO!$L$3:$L$1000)="CONFIRMADO")),ROWS($A$3:A4))),"") | X4: =IFERROR(INDEX(MAESTRO!X:X,_xludf.AGGREGATE(15,6,ROW(MAESTRO!$B$3:$B$1000)/((MAESTRO!$B$3:$B$1000="ASMAR DIRECCIÓN")*(UPPER(MAESTRO!$L$3:$L$1000)="CONFIRMADO")),ROWS($A$3:A4))),"")
A5: =IFERROR(INDEX(MAESTRO!A:A,_xludf.AGGREGATE(15,6,ROW(MAESTRO!$B$3:$B$1000)/((MAESTRO!$B$3:$B$1000="ASMAR DIRECCIÓN")*(UPPER(MAESTRO!$L$3:$L$1000)="CONFIRMADO")),ROWS($A$3:A5))),"") | B5: =IFERROR(INDEX(MAESTRO!B:B,_xludf.AGGREGATE(15,6,ROW(MAESTRO!$B$3:$B$1000)/((MAESTRO!$B$3:$B$1000="ASMAR DIRECCIÓN")*(UPPER(MAESTRO!$L$3:$L$1000)="CONFIRMADO")),ROWS($A$3:A5))),"") | C5: =IFERROR(INDEX(MAESTRO!C:C,_xludf.AGGREGATE(15,6,ROW(MAESTRO!$B$3:$B$1000)/((MAESTRO!$B$3:$B$1000="ASMAR DIRECCIÓN")*(UPPER(MAESTRO!$L$3:$L$1000)="CONFIRMADO")),ROWS($A$3:A5))),"") | D5: =IFERROR(INDEX(MAESTRO!D:D,_xludf.AGGREGATE(15,6,ROW(MAESTRO!$B$3:$B$1000)/((MAESTRO!$B$3:$B$1000="ASMAR DIRECCIÓN")*(UPPER(MAESTRO!$L$3:$L$1000)="CONFIRMADO")),ROWS($A$3:A5))),"") | E5: =IFERROR(INDEX(MAESTRO!E:E,_xludf.AGGREGATE(15,6,ROW(MAESTRO!$B$3:$B$1000)/((MAESTRO!$B$3:$B$1000="ASMAR DIRECCIÓN")*(UPPER(MAESTRO!$L$3:$L$1000)="CONFIRMADO")),ROWS($A$3:A5))),"") | F5: =IFERROR(INDEX(MAESTRO!F:F,_xludf.AGGREGATE(15,6,ROW(MAESTRO!$B$3:$B$1000)/((MAESTRO!$B$3:$B$1000="ASMAR DIRECCIÓN")*(UPPER(MAESTRO!$L$3:$L$1000)="CONFIRMADO")),ROWS($A$3:A5))),"") | G5: =IFERROR(INDEX(MAESTRO!G:G,_xludf.AGGREGATE(15,6,ROW(MAESTRO!$B$3:$B$1000)/((MAESTRO!$B$3:$B$1000="ASMAR DIRECCIÓN")*(UPPER(MAESTRO!$L$3:$L$1000)="CONFIRMADO")),ROWS($A$3:A5))),"") | H5: =IFERROR(INDEX(MAESTRO!H:H,_xludf.AGGREGATE(15,6,ROW(MAESTRO!$B$3:$B$1000)/((MAESTRO!$B$3:$B$1000="ASMAR DIRECCIÓN")*(UPPER(MAESTRO!$L$3:$L$1000)="CONFIRMADO")),ROWS($A$3:A5))),"") | I5: =IFERROR(INDEX(MAESTRO!I:I,_xludf.AGGREGATE(15,6,ROW(MAESTRO!$B$3:$B$1000)/((MAESTRO!$B$3:$B$1000="ASMAR DIRECCIÓN")*(UPPER(MAESTRO!$L$3:$L$1000)="CONFIRMADO")),ROWS($A$3:A5))),"") | J5: =IFERROR(INDEX(MAESTRO!J:J,_xludf.AGGREGATE(15,6,ROW(MAESTRO!$B$3:$B$1000)/((MAESTRO!$B$3:$B$1000="ASMAR DIRECCIÓN")*(UPPER(MAESTRO!$L$3:$L$1000)="CONFIRMADO")),ROWS($A$3:A5))),"") | K5: =IFERROR(INDEX(MAESTRO!K:K,_xludf.AGGREGATE(15,6,ROW(MAESTRO!$B$3:$B$1000)/((MAESTRO!$B$3:$B$1000="ASMAR DIRECCIÓN")*(UPPER(MAESTRO!$L$3:$L$1000)="CONFIRMADO")),ROWS($A$3:A5))),"") | L5: =IFERROR(INDEX(MAESTRO!L:L,_xludf.AGGREGATE(15,6,ROW(MAESTRO!$B$3:$B$1000)/((MAESTRO!$B$3:$B$1000="ASMAR DIRECCIÓN")*(UPPER(MAESTRO!$L$3:$L$1000)="CONFIRMADO")),ROWS($A$3:A5))),"") | M5: =IFERROR(INDEX(MAESTRO!M:M,_xludf.AGGREGATE(15,6,ROW(MAESTRO!$B$3:$B$1000)/((MAESTRO!$B$3:$B$1000="ASMAR DIRECCIÓN")*(UPPER(MAESTRO!$L$3:$L$1000)="CONFIRMADO")),ROWS($A$3:A5))),"") | N5: =IFERROR(INDEX(MAESTRO!N:N,_xludf.AGGREGATE(15,6,ROW(MAESTRO!$B$3:$B$1000)/((MAESTRO!$B$3:$B$1000="ASMAR DIRECCIÓN")*(UPPER(MAESTRO!$L$3:$L$1000)="CONFIRMADO")),ROWS($A$3:A5))),"") | O5: =IFERROR(INDEX(MAESTRO!O:O,_xludf.AGGREGATE(15,6,ROW(MAESTRO!$B$3:$B$1000)/((MAESTRO!$B$3:$B$1000="ASMAR DIRECCIÓN")*(UPPER(MAESTRO!$L$3:$L$1000)="CONFIRMADO")),ROWS($A$3:A5))),"") | P5: =IFERROR(INDEX(MAESTRO!P:P,_xludf.AGGREGATE(15,6,ROW(MAESTRO!$B$3:$B$1000)/((MAESTRO!$B$3:$B$1000="ASMAR DIRECCIÓN")*(UPPER(MAESTRO!$L$3:$L$1000)="CONFIRMADO")),ROWS($A$3:A5))),"") | Q5: =IFERROR(INDEX(MAESTRO!Q:Q,_xludf.AGGREGATE(15,6,ROW(MAESTRO!$B$3:$B$1000)/((MAESTRO!$B$3:$B$1000="ASMAR DIRECCIÓN")*(UPPER(MAESTRO!$L$3:$L$1000)="CONFIRMADO")),ROWS($A$3:A5))),"") | R5: =IFERROR(INDEX(MAESTRO!R:R,_xludf.AGGREGATE(15,6,ROW(MAESTRO!$B$3:$B$1000)/((MAESTRO!$B$3:$B$1000="ASMAR DIRECCIÓN")*(UPPER(MAESTRO!$L$3:$L$1000)="CONFIRMADO")),ROWS($A$3:A5))),"") | S5: =IFERROR(INDEX(MAESTRO!S:S,_xludf.AGGREGATE(15,6,ROW(MAESTRO!$B$3:$B$1000)/((MAESTRO!$B$3:$B$1000="ASMAR DIRECCIÓN")*(UPPER(MAESTRO!$L$3:$L$1000)="CONFIRMADO")),ROWS($A$3:A5))),"") | T5: =IFERROR(INDEX(MAESTRO!T:T,_xludf.AGGREGATE(15,6,ROW(MAESTRO!$B$3:$B$1000)/((MAESTRO!$B$3:$B$1000="ASMAR DIRECCIÓN")*(UPPER(MAESTRO!$L$3:$L$1000)="CONFIRMADO")),ROWS($A$3:A5))),"") | U5: =IFERROR(INDEX(MAESTRO!U:U,_xludf.AGGREGATE(15,6,ROW(MAESTRO!$B$3:$B$1000)/((MAESTRO!$B$3:$B$1000="ASMAR DIRECCIÓN")*(UPPER(MAESTRO!$L$3:$L$1000)="CONFIRMADO")),ROWS($A$3:A5))),"") | V5: =IFERROR(INDEX(MAESTRO!V:V,_xludf.AGGREGATE(15,6,ROW(MAESTRO!$B$3:$B$1000)/((MAESTRO!$B$3:$B$1000="ASMAR DIRECCIÓN")*(UPPER(MAESTRO!$L$3:$L$1000)="CONFIRMADO")),ROWS($A$3:A5))),"") | W5: =IFERROR(INDEX(MAESTRO!W:W,_xludf.AGGREGATE(15,6,ROW(MAESTRO!$B$3:$B$1000)/((MAESTRO!$B$3:$B$1000="ASMAR DIRECCIÓN")*(UPPER(MAESTRO!$L$3:$L$1000)="CONFIRMADO")),ROWS($A$3:A5))),"") | X5: =IFERROR(INDEX(MAESTRO!X:X,_xludf.AGGREGATE(15,6,ROW(MAESTRO!$B$3:$B$1000)/((MAESTRO!$B$3:$B$1000="ASMAR DIRECCIÓN")*(UPPER(MAESTRO!$L$3:$L$1000)="CONFIRMADO")),ROWS($A$3:A5))),"")
A6: =IFERROR(INDEX(MAESTRO!A:A,_xludf.AGGREGATE(15,6,ROW(MAESTRO!$B$3:$B$1000)/((MAESTRO!$B$3:$B$1000="ASMAR DIRECCIÓN")*(UPPER(MAESTRO!$L$3:$L$1000)="CONFIRMADO")),ROWS($A$3:A6))),"") | B6: =IFERROR(INDEX(MAESTRO!B:B,_xludf.AGGREGATE(15,6,ROW(MAESTRO!$B$3:$B$1000)/((MAESTRO!$B$3:$B$1000="ASMAR DIRECCIÓN")*(UPPER(MAESTRO!$L$3:$L$1000)="CONFIRMADO")),ROWS($A$3:A6))),"") | C6: =IFERROR(INDEX(MAESTRO!C:C,_xludf.AGGREGATE(15,6,ROW(MAESTRO!$B$3:$B$1000)/((MAESTRO!$B$3:$B$1000="ASMAR DIRECCIÓN")*(UPPER(MAESTRO!$L$3:$L$1000)="CONFIRMADO")),ROWS($A$3:A6))),"") | D6: =IFERROR(INDEX(MAESTRO!D:D,_xludf.AGGREGATE(15,6,ROW(MAESTRO!$B$3:$B$1000)/((MAESTRO!$B$3:$B$1000="ASMAR DIRECCIÓN")*(UPPER(MAESTRO!$L$3:$L$1000)="CONFIRMADO")),ROWS($A$3:A6))),"") | E6: =IFERROR(INDEX(MAESTRO!E:E,_xludf.AGGREGATE(15,6,ROW(MAESTRO!$B$3:$B$1000)/((MAESTRO!$B$3:$B$1000="ASMAR DIRECCIÓN")*(UPPER(MAESTRO!$L$3:$L$1000)="CONFIRMADO")),ROWS($A$3:A6))),"") | F6: =IFERROR(INDEX(MAESTRO!F:F,_xludf.AGGREGATE(15,6,ROW(MAESTRO!$B$3:$B$1000)/((MAESTRO!$B$3:$B$1000="ASMAR DIRECCIÓN")*(UPPER(MAESTRO!$L$3:$L$1000)="CONFIRMADO")),ROWS($A$3:A6))),"") | G6: =IFERROR(INDEX(MAESTRO!G:G,_xludf.AGGREGATE(15,6,ROW(MAESTRO!$B$3:$B$1000)/((MAESTRO!$B$3:$B$1000="ASMAR DIRECCIÓN")*(UPPER(MAESTRO!$L$3:$L$1000)="CONFIRMADO")),ROWS($A$3:A6))),"") | H6: =IFERROR(INDEX(MAESTRO!H:H,_xludf.AGGREGATE(15,6,ROW(MAESTRO!$B$3:$B$1000)/((MAESTRO!$B$3:$B$1000="ASMAR DIRECCIÓN")*(UPPER(MAESTRO!$L$3:$L$1000)="CONFIRMADO")),ROWS($A$3:A6))),"") | I6: =IFERROR(INDEX(MAESTRO!I:I,_xludf.AGGREGATE(15,6,ROW(MAESTRO!$B$3:$B$1000)/((MAESTRO!$B$3:$B$1000="ASMAR DIRECCIÓN")*(UPPER(MAESTRO!$L$3:$L$1000)="CONFIRMADO")),ROWS($A$3:A6))),"") | J6: =IFERROR(INDEX(MAESTRO!J:J,_xludf.AGGREGATE(15,6,ROW(MAESTRO!$B$3:$B$1000)/((MAESTRO!$B$3:$B$1000="ASMAR DIRECCIÓN")*(UPPER(MAESTRO!$L$3:$L$1000)="CONFIRMADO")),ROWS($A$3:A6))),"") | K6: =IFERROR(INDEX(MAESTRO!K:K,_xludf.AGGREGATE(15,6,ROW(MAESTRO!$B$3:$B$1000)/((MAESTRO!$B$3:$B$1000="ASMAR DIRECCIÓN")*(UPPER(MAESTRO!$L$3:$L$1000)="CONFIRMADO")),ROWS($A$3:A6))),"") | L6: =IFERROR(INDEX(MAESTRO!L:L,_xludf.AGGREGATE(15,6,ROW(MAESTRO!$B$3:$B$1000)/((MAESTRO!$B$3:$B$1000="ASMAR DIRECCIÓN")*(UPPER(MAESTRO!$L$3:$L$1000)="CONFIRMADO")),ROWS($A$3:A6))),"") | M6: =IFERROR(INDEX(MAESTRO!M:M,_xludf.AGGREGATE(15,6,ROW(MAESTRO!$B$3:$B$1000)/((MAESTRO!$B$3:$B$1000="ASMAR DIRECCIÓN")*(UPPER(MAESTRO!$L$3:$L$1000)="CONFIRMADO")),ROWS($A$3:A6))),"") | N6: =IFERROR(INDEX(MAESTRO!N:N,_xludf.AGGREGATE(15,6,ROW(MAESTRO!$B$3:$B$1000)/((MAESTRO!$B$3:$B$1000="ASMAR DIRECCIÓN")*(UPPER(MAESTRO!$L$3:$L$1000)="CONFIRMADO")),ROWS($A$3:A6))),"") | O6: =IFERROR(INDEX(MAESTRO!O:O,_xludf.AGGREGATE(15,6,ROW(MAESTRO!$B$3:$B$1000)/((MAESTRO!$B$3:$B$1000="ASMAR DIRECCIÓN")*(UPPER(MAESTRO!$L$3:$L$1000)="CONFIRMADO")),ROWS($A$3:A6))),"") | P6: =IFERROR(INDEX(MAESTRO!P:P,_xludf.AGGREGATE(15,6,ROW(MAESTRO!$B$3:$B$1000)/((MAESTRO!$B$3:$B$1000="ASMAR DIRECCIÓN")*(UPPER(MAESTRO!$L$3:$L$1000)="CONFIRMADO")),ROWS($A$3:A6))),"") | Q6: =IFERROR(INDEX(MAESTRO!Q:Q,_xludf.AGGREGATE(15,6,ROW(MAESTRO!$B$3:$B$1000)/((MAESTRO!$B$3:$B$1000="ASMAR DIRECCIÓN")*(UPPER(MAESTRO!$L$3:$L$1000)="CONFIRMADO")),ROWS($A$3:A6))),"") | R6: =IFERROR(INDEX(MAESTRO!R:R,_xludf.AGGREGATE(15,6,ROW(MAESTRO!$B$3:$B$1000)/((MAESTRO!$B$3:$B$1000="ASMAR DIRECCIÓN")*(UPPER(MAESTRO!$L$3:$L$1000)="CONFIRMADO")),ROWS($A$3:A6))),"") | S6: =IFERROR(INDEX(MAESTRO!S:S,_xludf.AGGREGATE(15,6,ROW(MAESTRO!$B$3:$B$1000)/((MAESTRO!$B$3:$B$1000="ASMAR DIRECCIÓN")*(UPPER(MAESTRO!$L$3:$L$1000)="CONFIRMADO")),ROWS($A$3:A6))),"") | T6: =IFERROR(INDEX(MAESTRO!T:T,_xludf.AGGREGATE(15,6,ROW(MAESTRO!$B$3:$B$1000)/((MAESTRO!$B$3:$B$1000="ASMAR DIRECCIÓN")*(UPPER(MAESTRO!$L$3:$L$1000)="CONFIRMADO")),ROWS($A$3:A6))),"") | U6: =IFERROR(INDEX(MAESTRO!U:U,_xludf.AGGREGATE(15,6,ROW(MAESTRO!$B$3:$B$1000)/((MAESTRO!$B$3:$B$1000="ASMAR DIRECCIÓN")*(UPPER(MAESTRO!$L$3:$L$1000)="CONFIRMADO")),ROWS($A$3:A6))),"") | V6: =IFERROR(INDEX(MAESTRO!V:V,_xludf.AGGREGATE(15,6,ROW(MAESTRO!$B$3:$B$1000)/((MAESTRO!$B$3:$B$1000="ASMAR DIRECCIÓN")*(UPPER(MAESTRO!$L$3:$L$1000)="CONFIRMADO")),ROWS($A$3:A6))),"") | W6: =IFERROR(INDEX(MAESTRO!W:W,_xludf.AGGREGATE(15,6,ROW(MAESTRO!$B$3:$B$1000)/((MAESTRO!$B$3:$B$1000="ASMAR DIRECCIÓN")*(UPPER(MAESTRO!$L$3:$L$1000)="CONFIRMADO")),ROWS($A$3:A6))),"") | X6: =IFERROR(INDEX(MAESTRO!X:X,_xludf.AGGREGATE(15,6,ROW(MAESTRO!$B$3:$B$1000)/((MAESTRO!$B$3:$B$1000="ASMAR DIRECCIÓN")*(UPPER(MAESTRO!$L$3:$L$1000)="CONFIRMADO")),ROWS($A$3:A6))),"")
A7: =IFERROR(INDEX(MAESTRO!A:A,_xludf.AGGREGATE(15,6,ROW(MAESTRO!$B$3:$B$1000)/((MAESTRO!$B$3:$B$1000="ASMAR DIRECCIÓN")*(UPPER(MAESTRO!$L$3:$L$1000)="CONFIRMADO")),ROWS($A$3:A7))),"") | B7: =IFERROR(INDEX(MAESTRO!B:B,_xludf.AGGREGATE(15,6,ROW(MAESTRO!$B$3:$B$1000)/((MAESTRO!$B$3:$B$1000="ASMAR DIRECCIÓN")*(UPPER(MAESTRO!$L$3:$L$1000)="CONFIRMADO")),ROWS($A$3:A7))),"") | C7: =IFERROR(INDEX(MAESTRO!C:C,_xludf.AGGREGATE(15,6,ROW(MAESTRO!$B$3:$B$1000)/((MAESTRO!$B$3:$B$1000="ASMAR DIRECCIÓN")*(UPPER(MAESTRO!$L$3:$L$1000)="CONFIRMADO")),ROWS($A$3:A7))),"") | D7: =IFERROR(INDEX(MAESTRO!D:D,_xludf.AGGREGATE(15,6,ROW(MAESTRO!$B$3:$B$1000)/((MAESTRO!$B$3:$B$1000="ASMAR DIRECCIÓN")*(UPPER(MAESTRO!$L$3:$L$1000)="CONFIRMADO")),ROWS($A$3:A7))),"") | E7: =IFERROR(INDEX(MAESTRO!E:E,_xludf.AGGREGATE(15,6,ROW(MAESTRO!$B$3:$B$1000)/((MAESTRO!$B$3:$B$1000="ASMAR DIRECCIÓN")*(UPPER(MAESTRO!$L$3:$L$1000)="CONFIRMADO")),ROWS($A$3:A7))),"") | F7: =IFERROR(INDEX(MAESTRO!F:F,_xludf.AGGREGATE(15,6,ROW(MAESTRO!$B$3:$B$1000)/((MAESTRO!$B$3:$B$1000="ASMAR DIRECCIÓN")*(UPPER(MAESTRO!$L$3:$L$1000)="CONFIRMADO")),ROWS($A$3:A7))),"") | G7: =IFERROR(INDEX(MAESTRO!G:G,_xludf.AGGREGATE(15,6,ROW(MAESTRO!$B$3:$B$1000)/((MAESTRO!$B$3:$B$1000="ASMAR DIRECCIÓN")*(UPPER(MAESTRO!$L$3:$L$1000)="CONFIRMADO")),ROWS($A$3:A7))),"") | H7: =IFERROR(INDEX(MAESTRO!H:H,_xludf.AGGREGATE(15,6,ROW(MAESTRO!$B$3:$B$1000)/((MAESTRO!$B$3:$B$1000="ASMAR DIRECCIÓN")*(UPPER(MAESTRO!$L$3:$L$1000)="CONFIRMADO")),ROWS($A$3:A7))),"") | I7: =IFERROR(INDEX(MAESTRO!I:I,_xludf.AGGREGATE(15,6,ROW(MAESTRO!$B$3:$B$1000)/((MAESTRO!$B$3:$B$1000="ASMAR DIRECCIÓN")*(UPPER(MAESTRO!$L$3:$L$1000)="CONFIRMADO")),ROWS($A$3:A7))),"") | J7: =IFERROR(INDEX(MAESTRO!J:J,_xludf.AGGREGATE(15,6,ROW(MAESTRO!$B$3:$B$1000)/((MAESTRO!$B$3:$B$1000="ASMAR DIRECCIÓN")*(UPPER(MAESTRO!$L$3:$L$1000)="CONFIRMADO")),ROWS($A$3:A7))),"") | K7: =IFERROR(INDEX(MAESTRO!K:K,_xludf.AGGREGATE(15,6,ROW(MAESTRO!$B$3:$B$1000)/((MAESTRO!$B$3:$B$1000="ASMAR DIRECCIÓN")*(UPPER(MAESTRO!$L$3:$L$1000)="CONFIRMADO")),ROWS($A$3:A7))),"") | L7: =IFERROR(INDEX(MAESTRO!L:L,_xludf.AGGREGATE(15,6,ROW(MAESTRO!$B$3:$B$1000)/((MAESTRO!$B$3:$B$1000="ASMAR DIRECCIÓN")*(UPPER(MAESTRO!$L$3:$L$1000)="CONFIRMADO")),ROWS($A$3:A7))),"") | M7: =IFERROR(INDEX(MAESTRO!M:M,_xludf.AGGREGATE(15,6,ROW(MAESTRO!$B$3:$B$1000)/((MAESTRO!$B$3:$B$1000="ASMAR DIRECCIÓN")*(UPPER(MAESTRO!$L$3:$L$1000)="CONFIRMADO")),ROWS($A$3:A7))),"") | N7: =IFERROR(INDEX(MAESTRO!N:N,_xludf.AGGREGATE(15,6,ROW(MAESTRO!$B$3:$B$1000)/((MAESTRO!$B$3:$B$1000="ASMAR DIRECCIÓN")*(UPPER(MAESTRO!$L$3:$L$1000)="CONFIRMADO")),ROWS($A$3:A7))),"") | O7: =IFERROR(INDEX(MAESTRO!O:O,_xludf.AGGREGATE(15,6,ROW(MAESTRO!$B$3:$B$1000)/((MAESTRO!$B$3:$B$1000="ASMAR DIRECCIÓN")*(UPPER(MAESTRO!$L$3:$L$1000)="CONFIRMADO")),ROWS($A$3:A7))),"") | P7: =IFERROR(INDEX(MAESTRO!P:P,_xludf.AGGREGATE(15,6,ROW(MAESTRO!$B$3:$B$1000)/((MAESTRO!$B$3:$B$1000="ASMAR DIRECCIÓN")*(UPPER(MAESTRO!$L$3:$L$1000)="CONFIRMADO")),ROWS($A$3:A7))),"") | Q7: =IFERROR(INDEX(MAESTRO!Q:Q,_xludf.AGGREGATE(15,6,ROW(MAESTRO!$B$3:$B$1000)/((MAESTRO!$B$3:$B$1000="ASMAR DIRECCIÓN")*(UPPER(MAESTRO!$L$3:$L$1000)="CONFIRMADO")),ROWS($A$3:A7))),"") | R7: =IFERROR(INDEX(MAESTRO!R:R,_xludf.AGGREGATE(15,6,ROW(MAESTRO!$B$3:$B$1000)/((MAESTRO!$B$3:$B$1000="ASMAR DIRECCIÓN")*(UPPER(MAESTRO!$L$3:$L$1000)="CONFIRMADO")),ROWS($A$3:A7))),"") | S7: =IFERROR(INDEX(MAESTRO!S:S,_xludf.AGGREGATE(15,6,ROW(MAESTRO!$B$3:$B$1000)/((MAESTRO!$B$3:$B$1000="ASMAR DIRECCIÓN")*(UPPER(MAESTRO!$L$3:$L$1000)="CONFIRMADO")),ROWS($A$3:A7))),"") | T7: =IFERROR(INDEX(MAESTRO!T:T,_xludf.AGGREGATE(15,6,ROW(MAESTRO!$B$3:$B$1000)/((MAESTRO!$B$3:$B$1000="ASMAR DIRECCIÓN")*(UPPER(MAESTRO!$L$3:$L$1000)="CONFIRMADO")),ROWS($A$3:A7))),"") | U7: =IFERROR(INDEX(MAESTRO!U:U,_xludf.AGGREGATE(15,6,ROW(MAESTRO!$B$3:$B$1000)/((MAESTRO!$B$3:$B$1000="ASMAR DIRECCIÓN")*(UPPER(MAESTRO!$L$3:$L$1000)="CONFIRMADO")),ROWS($A$3:A7))),"") | V7: =IFERROR(INDEX(MAESTRO!V:V,_xludf.AGGREGATE(15,6,ROW(MAESTRO!$B$3:$B$1000)/((MAESTRO!$B$3:$B$1000="ASMAR DIRECCIÓN")*(UPPER(MAESTRO!$L$3:$L$1000)="CONFIRMADO")),ROWS($A$3:A7))),"") | W7: =IFERROR(INDEX(MAESTRO!W:W,_xludf.AGGREGATE(15,6,ROW(MAESTRO!$B$3:$B$1000)/((MAESTRO!$B$3:$B$1000="ASMAR DIRECCIÓN")*(UPPER(MAESTRO!$L$3:$L$1000)="CONFIRMADO")),ROWS($A$3:A7))),"") | X7: =IFERROR(INDEX(MAESTRO!X:X,_xludf.AGGREGATE(15,6,ROW(MAESTRO!$B$3:$B$1000)/((MAESTRO!$B$3:$B$1000="ASMAR DIRECCIÓN")*(UPPER(MAESTRO!$L$3:$L$1000)="CONFIRMADO")),ROWS($A$3:A7))),"")
A8: =IFERROR(INDEX(MAESTRO!A:A,_xludf.AGGREGATE(15,6,ROW(MAESTRO!$B$3:$B$1000)/((MAESTRO!$B$3:$B$1000="ASMAR DIRECCIÓN")*(UPPER(MAESTRO!$L$3:$L$1000)="CONFIRMADO")),ROWS($A$3:A8))),"") | B8: =IFERROR(INDEX(MAESTRO!B:B,_xludf.AGGREGATE(15,6,ROW(MAESTRO!$B$3:$B$1000)/((MAESTRO!$B$3:$B$1000="ASMAR DIRECCIÓN")*(UPPER(MAESTRO!$L$3:$L$1000)="CONFIRMADO")),ROWS($A$3:A8))),"") | C8: =IFERROR(INDEX(MAESTRO!C:C,_xludf.AGGREGATE(15,6,ROW(MAESTRO!$B$3:$B$1000)/((MAESTRO!$B$3:$B$1000="ASMAR DIRECCIÓN")*(UPPER(MAESTRO!$L$3:$L$1000)="CONFIRMADO")),ROWS($A$3:A8))),"") | D8: =IFERROR(INDEX(MAESTRO!D:D,_xludf.AGGREGATE(15,6,ROW(MAESTRO!$B$3:$B$1000)/((MAESTRO!$B$3:$B$1000="ASMAR DIRECCIÓN")*(UPPER(MAESTRO!$L$3:$L$1000)="CONFIRMADO")),ROWS($A$3:A8))),"") | E8: =IFERROR(INDEX(MAESTRO!E:E,_xludf.AGGREGATE(15,6,ROW(MAESTRO!$B$3:$B$1000)/((MAESTRO!$B$3:$B$1000="ASMAR DIRECCIÓN")*(UPPER(MAESTRO!$L$3:$L$1000)="CONFIRMADO")),ROWS($A$3:A8))),"") | F8: =IFERROR(INDEX(MAESTRO!F:F,_xludf.AGGREGATE(15,6,ROW(MAESTRO!$B$3:$B$1000)/((MAESTRO!$B$3:$B$1000="ASMAR DIRECCIÓN")*(UPPER(MAESTRO!$L$3:$L$1000)="CONFIRMADO")),ROWS($A$3:A8))),"") | G8: =IFERROR(INDEX(MAESTRO!G:G,_xludf.AGGREGATE(15,6,ROW(MAESTRO!$B$3:$B$1000)/((MAESTRO!$B$3:$B$1000="ASMAR DIRECCIÓN")*(UPPER(MAESTRO!$L$3:$L$1000)="CONFIRMADO")),ROWS($A$3:A8))),"") | H8: =IFERROR(INDEX(MAESTRO!H:H,_xludf.AGGREGATE(15,6,ROW(MAESTRO!$B$3:$B$1000)/((MAESTRO!$B$3:$B$1000="ASMAR DIRECCIÓN")*(UPPER(MAESTRO!$L$3:$L$1000)="CONFIRMADO")),ROWS($A$3:A8))),"") | I8: =IFERROR(INDEX(MAESTRO!I:I,_xludf.AGGREGATE(15,6,ROW(MAESTRO!$B$3:$B$1000)/((MAESTRO!$B$3:$B$1000="ASMAR DIRECCIÓN")*(UPPER(MAESTRO!$L$3:$L$1000)="CONFIRMADO")),ROWS($A$3:A8))),"") | J8: =IFERROR(INDEX(MAESTRO!J:J,_xludf.AGGREGATE(15,6,ROW(MAESTRO!$B$3:$B$1000)/((MAESTRO!$B$3:$B$1000="ASMAR DIRECCIÓN")*(UPPER(MAESTRO!$L$3:$L$1000)="CONFIRMADO")),ROWS($A$3:A8))),"") | K8: =IFERROR(INDEX(MAESTRO!K:K,_xludf.AGGREGATE(15,6,ROW(MAESTRO!$B$3:$B$1000)/((MAESTRO!$B$3:$B$1000="ASMAR DIRECCIÓN")*(UPPER(MAESTRO!$L$3:$L$1000)="CONFIRMADO")),ROWS($A$3:A8))),"") | L8: =IFERROR(INDEX(MAESTRO!L:L,_xludf.AGGREGATE(15,6,ROW(MAESTRO!$B$3:$B$1000)/((MAESTRO!$B$3:$B$1000="ASMAR DIRECCIÓN")*(UPPER(MAESTRO!$L$3:$L$1000)="CONFIRMADO")),ROWS($A$3:A8))),"") | M8: =IFERROR(INDEX(MAESTRO!M:M,_xludf.AGGREGATE(15,6,ROW(MAESTRO!$B$3:$B$1000)/((MAESTRO!$B$3:$B$1000="ASMAR DIRECCIÓN")*(UPPER(MAESTRO!$L$3:$L$1000)="CONFIRMADO")),ROWS($A$3:A8))),"") | N8: =IFERROR(INDEX(MAESTRO!N:N,_xludf.AGGREGATE(15,6,ROW(MAESTRO!$B$3:$B$1000)/((MAESTRO!$B$3:$B$1000="ASMAR DIRECCIÓN")*(UPPER(MAESTRO!$L$3:$L$1000)="CONFIRMADO")),ROWS($A$3:A8))),"") | O8: =IFERROR(INDEX(MAESTRO!O:O,_xludf.AGGREGATE(15,6,ROW(MAESTRO!$B$3:$B$1000)/((MAESTRO!$B$3:$B$1000="ASMAR DIRECCIÓN")*(UPPER(MAESTRO!$L$3:$L$1000)="CONFIRMADO")),ROWS($A$3:A8))),"") | P8: =IFERROR(INDEX(MAESTRO!P:P,_xludf.AGGREGATE(15,6,ROW(MAESTRO!$B$3:$B$1000)/((MAESTRO!$B$3:$B$1000="ASMAR DIRECCIÓN")*(UPPER(MAESTRO!$L$3:$L$1000)="CONFIRMADO")),ROWS($A$3:A8))),"") | Q8: =IFERROR(INDEX(MAESTRO!Q:Q,_xludf.AGGREGATE(15,6,ROW(MAESTRO!$B$3:$B$1000)/((MAESTRO!$B$3:$B$1000="ASMAR DIRECCIÓN")*(UPPER(MAESTRO!$L$3:$L$1000)="CONFIRMADO")),ROWS($A$3:A8))),"") | R8: =IFERROR(INDEX(MAESTRO!R:R,_xludf.AGGREGATE(15,6,ROW(MAESTRO!$B$3:$B$1000)/((MAESTRO!$B$3:$B$1000="ASMAR DIRECCIÓN")*(UPPER(MAESTRO!$L$3:$L$1000)="CONFIRMADO")),ROWS($A$3:A8))),"") | S8: =IFERROR(INDEX(MAESTRO!S:S,_xludf.AGGREGATE(15,6,ROW(MAESTRO!$B$3:$B$1000)/((MAESTRO!$B$3:$B$1000="ASMAR DIRECCIÓN")*(UPPER(MAESTRO!$L$3:$L$1000)="CONFIRMADO")),ROWS($A$3:A8))),"") | T8: =IFERROR(INDEX(MAESTRO!T:T,_xludf.AGGREGATE(15,6,ROW(MAESTRO!$B$3:$B$1000)/((MAESTRO!$B$3:$B$1000="ASMAR DIRECCIÓN")*(UPPER(MAESTRO!$L$3:$L$1000)="CONFIRMADO")),ROWS($A$3:A8))),"") | U8: =IFERROR(INDEX(MAESTRO!U:U,_xludf.AGGREGATE(15,6,ROW(MAESTRO!$B$3:$B$1000)/((MAESTRO!$B$3:$B$1000="ASMAR DIRECCIÓN")*(UPPER(MAESTRO!$L$3:$L$1000)="CONFIRMADO")),ROWS($A$3:A8))),"") | V8: =IFERROR(INDEX(MAESTRO!V:V,_xludf.AGGREGATE(15,6,ROW(MAESTRO!$B$3:$B$1000)/((MAESTRO!$B$3:$B$1000="ASMAR DIRECCIÓN")*(UPPER(MAESTRO!$L$3:$L$1000)="CONFIRMADO")),ROWS($A$3:A8))),"") | W8: =IFERROR(INDEX(MAESTRO!W:W,_xludf.AGGREGATE(15,6,ROW(MAESTRO!$B$3:$B$1000)/((MAESTRO!$B$3:$B$1000="ASMAR DIRECCIÓN")*(UPPER(MAESTRO!$L$3:$L$1000)="CONFIRMADO")),ROWS($A$3:A8))),"") | X8: =IFERROR(INDEX(MAESTRO!X:X,_xludf.AGGREGATE(15,6,ROW(MAESTRO!$B$3:$B$1000)/((MAESTRO!$B$3:$B$1000="ASMAR DIRECCIÓN")*(UPPER(MAESTRO!$L$3:$L$1000)="CONFIRMADO")),ROWS($A$3:A8))),"")
A9: =IFERROR(INDEX(MAESTRO!A:A,_xludf.AGGREGATE(15,6,ROW(MAESTRO!$B$3:$B$1000)/((MAESTRO!$B$3:$B$1000="ASMAR DIRECCIÓN")*(UPPER(MAESTRO!$L$3:$L$1000)="CONFIRMADO")),ROWS($A$3:A9))),"") | B9: =IFERROR(INDEX(MAESTRO!B:B,_xludf.AGGREGATE(15,6,ROW(MAESTRO!$B$3:$B$1000)/((MAESTRO!$B$3:$B$1000="ASMAR DIRECCIÓN")*(UPPER(MAESTRO!$L$3:$L$1000)="CONFIRMADO")),ROWS($A$3:A9))),"") | C9: =IFERROR(INDEX(MAESTRO!C:C,_xludf.AGGREGATE(15,6,ROW(MAESTRO!$B$3:$B$1000)/((MAESTRO!$B$3:$B$1000="ASMAR DIRECCIÓN")*(UPPER(MAESTRO!$L$3:$L$1000)="CONFIRMADO")),ROWS($A$3:A9))),"") | D9: =IFERROR(INDEX(MAESTRO!D:D,_xludf.AGGREGATE(15,6,ROW(MAESTRO!$B$3:$B$1000)/((MAESTRO!$B$3:$B$1000="ASMAR DIRECCIÓN")*(UPPER(MAESTRO!$L$3:$L$1000)="CONFIRMADO")),ROWS($A$3:A9))),"") | E9: =IFERROR(INDEX(MAESTRO!E:E,_xludf.AGGREGATE(15,6,ROW(MAESTRO!$B$3:$B$1000)/((MAESTRO!$B$3:$B$1000="ASMAR DIRECCIÓN")*(UPPER(MAESTRO!$L$3:$L$1000)="CONFIRMADO")),ROWS($A$3:A9))),"") | F9: =IFERROR(INDEX(MAESTRO!F:F,_xludf.AGGREGATE(15,6,ROW(MAESTRO!$B$3:$B$1000)/((MAESTRO!$B$3:$B$1000="ASMAR DIRECCIÓN")*(UPPER(MAESTRO!$L$3:$L$1000)="CONFIRMADO")),ROWS($A$3:A9))),"") | G9: =IFERROR(INDEX(MAESTRO!G:G,_xludf.AGGREGATE(15,6,ROW(MAESTRO!$B$3:$B$1000)/((MAESTRO!$B$3:$B$1000="ASMAR DIRECCIÓN")*(UPPER(MAESTRO!$L$3:$L$1000)="CONFIRMADO")),ROWS($A$3:A9))),"") | H9: =IFERROR(INDEX(MAESTRO!H:H,_xludf.AGGREGATE(15,6,ROW(MAESTRO!$B$3:$B$1000)/((MAESTRO!$B$3:$B$1000="ASMAR DIRECCIÓN")*(UPPER(MAESTRO!$L$3:$L$1000)="CONFIRMADO")),ROWS($A$3:A9))),"") | I9: =IFERROR(INDEX(MAESTRO!I:I,_xludf.AGGREGATE(15,6,ROW(MAESTRO!$B$3:$B$1000)/((MAESTRO!$B$3:$B$1000="ASMAR DIRECCIÓN")*(UPPER(MAESTRO!$L$3:$L$1000)="CONFIRMADO")),ROWS($A$3:A9))),"") | J9: =IFERROR(INDEX(MAESTRO!J:J,_xludf.AGGREGATE(15,6,ROW(MAESTRO!$B$3:$B$1000)/((MAESTRO!$B$3:$B$1000="ASMAR DIRECCIÓN")*(UPPER(MAESTRO!$L$3:$L$1000)="CONFIRMADO")),ROWS($A$3:A9))),"") | K9: =IFERROR(INDEX(MAESTRO!K:K,_xludf.AGGREGATE(15,6,ROW(MAESTRO!$B$3:$B$1000)/((MAESTRO!$B$3:$B$1000="ASMAR DIRECCIÓN")*(UPPER(MAESTRO!$L$3:$L$1000)="CONFIRMADO")),ROWS($A$3:A9))),"") | L9: =IFERROR(INDEX(MAESTRO!L:L,_xludf.AGGREGATE(15,6,ROW(MAESTRO!$B$3:$B$1000)/((MAESTRO!$B$3:$B$1000="ASMAR DIRECCIÓN")*(UPPER(MAESTRO!$L$3:$L$1000)="CONFIRMADO")),ROWS($A$3:A9))),"") | M9: =IFERROR(INDEX(MAESTRO!M:M,_xludf.AGGREGATE(15,6,ROW(MAESTRO!$B$3:$B$1000)/((MAESTRO!$B$3:$B$1000="ASMAR DIRECCIÓN")*(UPPER(MAESTRO!$L$3:$L$1000)="CONFIRMADO")),ROWS($A$3:A9))),"") | N9: =IFERROR(INDEX(MAESTRO!N:N,_xludf.AGGREGATE(15,6,ROW(MAESTRO!$B$3:$B$1000)/((MAESTRO!$B$3:$B$1000="ASMAR DIRECCIÓN")*(UPPER(MAESTRO!$L$3:$L$1000)="CONFIRMADO")),ROWS($A$3:A9))),"") | O9: =IFERROR(INDEX(MAESTRO!O:O,_xludf.AGGREGATE(15,6,ROW(MAESTRO!$B$3:$B$1000)/((MAESTRO!$B$3:$B$1000="ASMAR DIRECCIÓN")*(UPPER(MAESTRO!$L$3:$L$1000)="CONFIRMADO")),ROWS($A$3:A9))),"") | P9: =IFERROR(INDEX(MAESTRO!P:P,_xludf.AGGREGATE(15,6,ROW(MAESTRO!$B$3:$B$1000)/((MAESTRO!$B$3:$B$1000="ASMAR DIRECCIÓN")*(UPPER(MAESTRO!$L$3:$L$1000)="CONFIRMADO")),ROWS($A$3:A9))),"") | Q9: =IFERROR(INDEX(MAESTRO!Q:Q,_xludf.AGGREGATE(15,6,ROW(MAESTRO!$B$3:$B$1000)/((MAESTRO!$B$3:$B$1000="ASMAR DIRECCIÓN")*(UPPER(MAESTRO!$L$3:$L$1000)="CONFIRMADO")),ROWS($A$3:A9))),"") | R9: =IFERROR(INDEX(MAESTRO!R:R,_xludf.AGGREGATE(15,6,ROW(MAESTRO!$B$3:$B$1000)/((MAESTRO!$B$3:$B$1000="ASMAR DIRECCIÓN")*(UPPER(MAESTRO!$L$3:$L$1000)="CONFIRMADO")),ROWS($A$3:A9))),"") | S9: =IFERROR(INDEX(MAESTRO!S:S,_xludf.AGGREGATE(15,6,ROW(MAESTRO!$B$3:$B$1000)/((MAESTRO!$B$3:$B$1000="ASMAR DIRECCIÓN")*(UPPER(MAESTRO!$L$3:$L$1000)="CONFIRMADO")),ROWS($A$3:A9))),"") | T9: =IFERROR(INDEX(MAESTRO!T:T,_xludf.AGGREGATE(15,6,ROW(MAESTRO!$B$3:$B$1000)/((MAESTRO!$B$3:$B$1000="ASMAR DIRECCIÓN")*(UPPER(MAESTRO!$L$3:$L$1000)="CONFIRMADO")),ROWS($A$3:A9))),"") | U9: =IFERROR(INDEX(MAESTRO!U:U,_xludf.AGGREGATE(15,6,ROW(MAESTRO!$B$3:$B$1000)/((MAESTRO!$B$3:$B$1000="ASMAR DIRECCIÓN")*(UPPER(MAESTRO!$L$3:$L$1000)="CONFIRMADO")),ROWS($A$3:A9))),"") | V9: =IFERROR(INDEX(MAESTRO!V:V,_xludf.AGGREGATE(15,6,ROW(MAESTRO!$B$3:$B$1000)/((MAESTRO!$B$3:$B$1000="ASMAR DIRECCIÓN")*(UPPER(MAESTRO!$L$3:$L$1000)="CONFIRMADO")),ROWS($A$3:A9))),"") | W9: =IFERROR(INDEX(MAESTRO!W:W,_xludf.AGGREGATE(15,6,ROW(MAESTRO!$B$3:$B$1000)/((MAESTRO!$B$3:$B$1000="ASMAR DIRECCIÓN")*(UPPER(MAESTRO!$L$3:$L$1000)="CONFIRMADO")),ROWS($A$3:A9))),"") | X9: =IFERROR(INDEX(MAESTRO!X:X,_xludf.AGGREGATE(15,6,ROW(MAESTRO!$B$3:$B$1000)/((MAESTRO!$B$3:$B$1000="ASMAR DIRECCIÓN")*(UPPER(MAESTRO!$L$3:$L$1000)="CONFIRMADO")),ROWS($A$3:A9))),"")
A10: =IFERROR(INDEX(MAESTRO!A:A,_xludf.AGGREGATE(15,6,ROW(MAESTRO!$B$3:$B$1000)/((MAESTRO!$B$3:$B$1000="ASMAR DIRECCIÓN")*(UPPER(MAESTRO!$L$3:$L$1000)="CONFIRMADO")),ROWS($A$3:A10))),"") | B10: =IFERROR(INDEX(MAESTRO!B:B,_xludf.AGGREGATE(15,6,ROW(MAESTRO!$B$3:$B$1000)/((MAESTRO!$B$3:$B$1000="ASMAR DIRECCIÓN")*(UPPER(MAESTRO!$L$3:$L$1000)="CONFIRMADO")),ROWS($A$3:A10))),"") | C10: =IFERROR(INDEX(MAESTRO!C:C,_xludf.AGGREGATE(15,6,ROW(MAESTRO!$B$3:$B$1000)/((MAESTRO!$B$3:$B$1000="ASMAR DIRECCIÓN")*(UPPER(MAESTRO!$L$3:$L$1000)="CONFIRMADO")),ROWS($A$3:A10))),"") | D10: =IFERROR(INDEX(MAESTRO!D:D,_xludf.AGGREGATE(15,6,ROW(MAESTRO!$B$3:$B$1000)/((MAESTRO!$B$3:$B$1000="ASMAR DIRECCIÓN")*(UPPER(MAESTRO!$L$3:$L$1000)="CONFIRMADO")),ROWS($A$3:A10))),"") | E10: =IFERROR(INDEX(MAESTRO!E:E,_xludf.AGGREGATE(15,6,ROW(MAESTRO!$B$3:$B$1000)/((MAESTRO!$B$3:$B$1000="ASMAR DIRECCIÓN")*(UPPER(MAESTRO!$L$3:$L$1000)="CONFIRMADO")),ROWS($A$3:A10))),"") | F10: =IFERROR(INDEX(MAESTRO!F:F,_xludf.AGGREGATE(15,6,ROW(MAESTRO!$B$3:$B$1000)/((MAESTRO!$B$3:$B$1000="ASMAR DIRECCIÓN")*(UPPER(MAESTRO!$L$3:$L$1000)="CONFIRMADO")),ROWS($A$3:A10))),"") | G10: =IFERROR(INDEX(MAESTRO!G:G,_xludf.AGGREGATE(15,6,ROW(MAESTRO!$B$3:$B$1000)/((MAESTRO!$B$3:$B$1000="ASMAR DIRECCIÓN")*(UPPER(MAESTRO!$L$3:$L$1000)="CONFIRMADO")),ROWS($A$3:A10))),"") | H10: =IFERROR(INDEX(MAESTRO!H:H,_xludf.AGGREGATE(15,6,ROW(MAESTRO!$B$3:$B$1000)/((MAESTRO!$B$3:$B$1000="ASMAR DIRECCIÓN")*(UPPER(MAESTRO!$L$3:$L$1000)="CONFIRMADO")),ROWS($A$3:A10))),"") | I10: =IFERROR(INDEX(MAESTRO!I:I,_xludf.AGGREGATE(15,6,ROW(MAESTRO!$B$3:$B$1000)/((MAESTRO!$B$3:$B$1000="ASMAR DIRECCIÓN")*(UPPER(MAESTRO!$L$3:$L$1000)="CONFIRMADO")),ROWS($A$3:A10))),"") | J10: =IFERROR(INDEX(MAESTRO!J:J,_xludf.AGGREGATE(15,6,ROW(MAESTRO!$B$3:$B$1000)/((MAESTRO!$B$3:$B$1000="ASMAR DIRECCIÓN")*(UPPER(MAESTRO!$L$3:$L$1000)="CONFIRMADO")),ROWS($A$3:A10))),"") | K10: =IFERROR(INDEX(MAESTRO!K:K,_xludf.AGGREGATE(15,6,ROW(MAESTRO!$B$3:$B$1000)/((MAESTRO!$B$3:$B$1000="ASMAR DIRECCIÓN")*(UPPER(MAESTRO!$L$3:$L$1000)="CONFIRMADO")),ROWS($A$3:A10))),"") | L10: =IFERROR(INDEX(MAESTRO!L:L,_xludf.AGGREGATE(15,6,ROW(MAESTRO!$B$3:$B$1000)/((MAESTRO!$B$3:$B$1000="ASMAR DIRECCIÓN")*(UPPER(MAESTRO!$L$3:$L$1000)="CONFIRMADO")),ROWS($A$3:A10))),"") | M10: =IFERROR(INDEX(MAESTRO!M:M,_xludf.AGGREGATE(15,6,ROW(MAESTRO!$B$3:$B$1000)/((MAESTRO!$B$3:$B$1000="ASMAR DIRECCIÓN")*(UPPER(MAESTRO!$L$3:$L$1000)="CONFIRMADO")),ROWS($A$3:A10))),"") | N10: =IFERROR(INDEX(MAESTRO!N:N,_xludf.AGGREGATE(15,6,ROW(MAESTRO!$B$3:$B$1000)/((MAESTRO!$B$3:$B$1000="ASMAR DIRECCIÓN")*(UPPER(MAESTRO!$L$3:$L$1000)="CONFIRMADO")),ROWS($A$3:A10))),"") | O10: =IFERROR(INDEX(MAESTRO!O:O,_xludf.AGGREGATE(15,6,ROW(MAESTRO!$B$3:$B$1000)/((MAESTRO!$B$3:$B$1000="ASMAR DIRECCIÓN")*(UPPER(MAESTRO!$L$3:$L$1000)="CONFIRMADO")),ROWS($A$3:A10))),"") | P10: =IFERROR(INDEX(MAESTRO!P:P,_xludf.AGGREGATE(15,6,ROW(MAESTRO!$B$3:$B$1000)/((MAESTRO!$B$3:$B$1000="ASMAR DIRECCIÓN")*(UPPER(MAESTRO!$L$3:$L$1000)="CONFIRMADO")),ROWS($A$3:A10))),"") | Q10: =IFERROR(INDEX(MAESTRO!Q:Q,_xludf.AGGREGATE(15,6,ROW(MAESTRO!$B$3:$B$1000)/((MAESTRO!$B$3:$B$1000="ASMAR DIRECCIÓN")*(UPPER(MAESTRO!$L$3:$L$1000)="CONFIRMADO")),ROWS($A$3:A10))),"") | R10: =IFERROR(INDEX(MAESTRO!R:R,_xludf.AGGREGATE(15,6,ROW(MAESTRO!$B$3:$B$1000)/((MAESTRO!$B$3:$B$1000="ASMAR DIRECCIÓN")*(UPPER(MAESTRO!$L$3:$L$1000)="CONFIRMADO")),ROWS($A$3:A10))),"") | S10: =IFERROR(INDEX(MAESTRO!S:S,_xludf.AGGREGATE(15,6,ROW(MAESTRO!$B$3:$B$1000)/((MAESTRO!$B$3:$B$1000="ASMAR DIRECCIÓN")*(UPPER(MAESTRO!$L$3:$L$1000)="CONFIRMADO")),ROWS($A$3:A10))),"") | T10: =IFERROR(INDEX(MAESTRO!T:T,_xludf.AGGREGATE(15,6,ROW(MAESTRO!$B$3:$B$1000)/((MAESTRO!$B$3:$B$1000="ASMAR DIRECCIÓN")*(UPPER(MAESTRO!$L$3:$L$1000)="CONFIRMADO")),ROWS($A$3:A10))),"") | U10: =IFERROR(INDEX(MAESTRO!U:U,_xludf.AGGREGATE(15,6,ROW(MAESTRO!$B$3:$B$1000)/((MAESTRO!$B$3:$B$1000="ASMAR DIRECCIÓN")*(UPPER(MAESTRO!$L$3:$L$1000)="CONFIRMADO")),ROWS($A$3:A10))),"") | V10: =IFERROR(INDEX(MAESTRO!V:V,_xludf.AGGREGATE(15,6,ROW(MAESTRO!$B$3:$B$1000)/((MAESTRO!$B$3:$B$1000="ASMAR DIRECCIÓN")*(UPPER(MAESTRO!$L$3:$L$1000)="CONFIRMADO")),ROWS($A$3:A10))),"") | W10: =IFERROR(INDEX(MAESTRO!W:W,_xludf.AGGREGATE(15,6,ROW(MAESTRO!$B$3:$B$1000)/((MAESTRO!$B$3:$B$1000="ASMAR DIRECCIÓN")*(UPPER(MAESTRO!$L$3:$L$1000)="CONFIRMADO")),ROWS($A$3:A10))),"") | X10: =IFERROR(INDEX(MAESTRO!X:X,_xludf.AGGREGATE(15,6,ROW(MAESTRO!$B$3:$B$1000)/((MAESTRO!$B$3:$B$1000="ASMAR DIRECCIÓN")*(UPPER(MAESTRO!$L$3:$L$1000)="CONFIRMADO")),ROWS($A$3:A10))),"")
A11: =IFERROR(INDEX(MAESTRO!A:A,_xludf.AGGREGATE(15,6,ROW(MAESTRO!$B$3:$B$1000)/((MAESTRO!$B$3:$B$1000="ASMAR DIRECCIÓN")*(UPPER(MAESTRO!$L$3:$L$1000)="CONFIRMADO")),ROWS($A$3:A11))),"") | B11: =IFERROR(INDEX(MAESTRO!B:B,_xludf.AGGREGATE(15,6,ROW(MAESTRO!$B$3:$B$1000)/((MAESTRO!$B$3:$B$1000="ASMAR DIRECCIÓN")*(UPPER(MAESTRO!$L$3:$L$1000)="CONFIRMADO")),ROWS($A$3:A11))),"") | C11: =IFERROR(INDEX(MAESTRO!C:C,_xludf.AGGREGATE(15,6,ROW(MAESTRO!$B$3:$B$1000)/((MAESTRO!$B$3:$B$1000="ASMAR DIRECCIÓN")*(UPPER(MAESTRO!$L$3:$L$1000)="CONFIRMADO")),ROWS($A$3:A11))),"") | D11: =IFERROR(INDEX(MAESTRO!D:D,_xludf.AGGREGATE(15,6,ROW(MAESTRO!$B$3:$B$1000)/((MAESTRO!$B$3:$B$1000="ASMAR DIRECCIÓN")*(UPPER(MAESTRO!$L$3:$L$1000)="CONFIRMADO")),ROWS($A$3:A11))),"") | E11: =IFERROR(INDEX(MAESTRO!E:E,_xludf.AGGREGATE(15,6,ROW(MAESTRO!$B$3:$B$1000)/((MAESTRO!$B$3:$B$1000="ASMAR DIRECCIÓN")*(UPPER(MAESTRO!$L$3:$L$1000)="CONFIRMADO")),ROWS($A$3:A11))),"") | F11: =IFERROR(INDEX(MAESTRO!F:F,_xludf.AGGREGATE(15,6,ROW(MAESTRO!$B$3:$B$1000)/((MAESTRO!$B$3:$B$1000="ASMAR DIRECCIÓN")*(UPPER(MAESTRO!$L$3:$L$1000)="CONFIRMADO")),ROWS($A$3:A11))),"") | G11: =IFERROR(INDEX(MAESTRO!G:G,_xludf.AGGREGATE(15,6,ROW(MAESTRO!$B$3:$B$1000)/((MAESTRO!$B$3:$B$1000="ASMAR DIRECCIÓN")*(UPPER(MAESTRO!$L$3:$L$1000)="CONFIRMADO")),ROWS($A$3:A11))),"") | H11: =IFERROR(INDEX(MAESTRO!H:H,_xludf.AGGREGATE(15,6,ROW(MAESTRO!$B$3:$B$1000)/((MAESTRO!$B$3:$B$1000="ASMAR DIRECCIÓN")*(UPPER(MAESTRO!$L$3:$L$1000)="CONFIRMADO")),ROWS($A$3:A11))),"") | I11: =IFERROR(INDEX(MAESTRO!I:I,_xludf.AGGREGATE(15,6,ROW(MAESTRO!$B$3:$B$1000)/((MAESTRO!$B$3:$B$1000="ASMAR DIRECCIÓN")*(UPPER(MAESTRO!$L$3:$L$1000)="CONFIRMADO")),ROWS($A$3:A11))),"") | J11: =IFERROR(INDEX(MAESTRO!J:J,_xludf.AGGREGATE(15,6,ROW(MAESTRO!$B$3:$B$1000)/((MAESTRO!$B$3:$B$1000="ASMAR DIRECCIÓN")*(UPPER(MAESTRO!$L$3:$L$1000)="CONFIRMADO")),ROWS($A$3:A11))),"") | K11: =IFERROR(INDEX(MAESTRO!K:K,_xludf.AGGREGATE(15,6,ROW(MAESTRO!$B$3:$B$1000)/((MAESTRO!$B$3:$B$1000="ASMAR DIRECCIÓN")*(UPPER(MAESTRO!$L$3:$L$1000)="CONFIRMADO")),ROWS($A$3:A11))),"") | L11: =IFERROR(INDEX(MAESTRO!L:L,_xludf.AGGREGATE(15,6,ROW(MAESTRO!$B$3:$B$1000)/((MAESTRO!$B$3:$B$1000="ASMAR DIRECCIÓN")*(UPPER(MAESTRO!$L$3:$L$1000)="CONFIRMADO")),ROWS($A$3:A11))),"") | M11: =IFERROR(INDEX(MAESTRO!M:M,_xludf.AGGREGATE(15,6,ROW(MAESTRO!$B$3:$B$1000)/((MAESTRO!$B$3:$B$1000="ASMAR DIRECCIÓN")*(UPPER(MAESTRO!$L$3:$L$1000)="CONFIRMADO")),ROWS($A$3:A11))),"") | N11: =IFERROR(INDEX(MAESTRO!N:N,_xludf.AGGREGATE(15,6,ROW(MAESTRO!$B$3:$B$1000)/((MAESTRO!$B$3:$B$1000="ASMAR DIRECCIÓN")*(UPPER(MAESTRO!$L$3:$L$1000)="CONFIRMADO")),ROWS($A$3:A11))),"") | O11: =IFERROR(INDEX(MAESTRO!O:O,_xludf.AGGREGATE(15,6,ROW(MAESTRO!$B$3:$B$1000)/((MAESTRO!$B$3:$B$1000="ASMAR DIRECCIÓN")*(UPPER(MAESTRO!$L$3:$L$1000)="CONFIRMADO")),ROWS($A$3:A11))),"") | P11: =IFERROR(INDEX(MAESTRO!P:P,_xludf.AGGREGATE(15,6,ROW(MAESTRO!$B$3:$B$1000)/((MAESTRO!$B$3:$B$1000="ASMAR DIRECCIÓN")*(UPPER(MAESTRO!$L$3:$L$1000)="CONFIRMADO")),ROWS($A$3:A11))),"") | Q11: =IFERROR(INDEX(MAESTRO!Q:Q,_xludf.AGGREGATE(15,6,ROW(MAESTRO!$B$3:$B$1000)/((MAESTRO!$B$3:$B$1000="ASMAR DIRECCIÓN")*(UPPER(MAESTRO!$L$3:$L$1000)="CONFIRMADO")),ROWS($A$3:A11))),"") | R11: =IFERROR(INDEX(MAESTRO!R:R,_xludf.AGGREGATE(15,6,ROW(MAESTRO!$B$3:$B$1000)/((MAESTRO!$B$3:$B$1000="ASMAR DIRECCIÓN")*(UPPER(MAESTRO!$L$3:$L$1000)="CONFIRMADO")),ROWS($A$3:A11))),"") | S11: =IFERROR(INDEX(MAESTRO!S:S,_xludf.AGGREGATE(15,6,ROW(MAESTRO!$B$3:$B$1000)/((MAESTRO!$B$3:$B$1000="ASMAR DIRECCIÓN")*(UPPER(MAESTRO!$L$3:$L$1000)="CONFIRMADO")),ROWS($A$3:A11))),"") | T11: =IFERROR(INDEX(MAESTRO!T:T,_xludf.AGGREGATE(15,6,ROW(MAESTRO!$B$3:$B$1000)/((MAESTRO!$B$3:$B$1000="ASMAR DIRECCIÓN")*(UPPER(MAESTRO!$L$3:$L$1000)="CONFIRMADO")),ROWS($A$3:A11))),"") | U11: =IFERROR(INDEX(MAESTRO!U:U,_xludf.AGGREGATE(15,6,ROW(MAESTRO!$B$3:$B$1000)/((MAESTRO!$B$3:$B$1000="ASMAR DIRECCIÓN")*(UPPER(MAESTRO!$L$3:$L$1000)="CONFIRMADO")),ROWS($A$3:A11))),"") | V11: =IFERROR(INDEX(MAESTRO!V:V,_xludf.AGGREGATE(15,6,ROW(MAESTRO!$B$3:$B$1000)/((MAESTRO!$B$3:$B$1000="ASMAR DIRECCIÓN")*(UPPER(MAESTRO!$L$3:$L$1000)="CONFIRMADO")),ROWS($A$3:A11))),"") | W11: =IFERROR(INDEX(MAESTRO!W:W,_xludf.AGGREGATE(15,6,ROW(MAESTRO!$B$3:$B$1000)/((MAESTRO!$B$3:$B$1000="ASMAR DIRECCIÓN")*(UPPER(MAESTRO!$L$3:$L$1000)="CONFIRMADO")),ROWS($A$3:A11))),"") | X11: =IFERROR(INDEX(MAESTRO!X:X,_xludf.AGGREGATE(15,6,ROW(MAESTRO!$B$3:$B$1000)/((MAESTRO!$B$3:$B$1000="ASMAR DIRECCIÓN")*(UPPER(MAESTRO!$L$3:$L$1000)="CONFIRMADO")),ROWS($A$3:A11))),"")
A12: =IFERROR(INDEX(MAESTRO!A:A,_xludf.AGGREGATE(15,6,ROW(MAESTRO!$B$3:$B$1000)/((MAESTRO!$B$3:$B$1000="ASMAR DIRECCIÓN")*(UPPER(MAESTRO!$L$3:$L$1000)="CONFIRMADO")),ROWS($A$3:A12))),"") | B12: =IFERROR(INDEX(MAESTRO!B:B,_xludf.AGGREGATE(15,6,ROW(MAESTRO!$B$3:$B$1000)/((MAESTRO!$B$3:$B$1000="ASMAR DIRECCIÓN")*(UPPER(MAESTRO!$L$3:$L$1000)="CONFIRMADO")),ROWS($A$3:A12))),"") | C12: =IFERROR(INDEX(MAESTRO!C:C,_xludf.AGGREGATE(15,6,ROW(MAESTRO!$B$3:$B$1000)/((MAESTRO!$B$3:$B$1000="ASMAR DIRECCIÓN")*(UPPER(MAESTRO!$L$3:$L$1000)="CONFIRMADO")),ROWS($A$3:A12))),"") | D12: =IFERROR(INDEX(MAESTRO!D:D,_xludf.AGGREGATE(15,6,ROW(MAESTRO!$B$3:$B$1000)/((MAESTRO!$B$3:$B$1000="ASMAR DIRECCIÓN")*(UPPER(MAESTRO!$L$3:$L$1000)="CONFIRMADO")),ROWS($A$3:A12))),"") | E12: =IFERROR(INDEX(MAESTRO!E:E,_xludf.AGGREGATE(15,6,ROW(MAESTRO!$B$3:$B$1000)/((MAESTRO!$B$3:$B$1000="ASMAR DIRECCIÓN")*(UPPER(MAESTRO!$L$3:$L$1000)="CONFIRMADO")),ROWS($A$3:A12))),"") | F12: =IFERROR(INDEX(MAESTRO!F:F,_xludf.AGGREGATE(15,6,ROW(MAESTRO!$B$3:$B$1000)/((MAESTRO!$B$3:$B$1000="ASMAR DIRECCIÓN")*(UPPER(MAESTRO!$L$3:$L$1000)="CONFIRMADO")),ROWS($A$3:A12))),"") | G12: =IFERROR(INDEX(MAESTRO!G:G,_xludf.AGGREGATE(15,6,ROW(MAESTRO!$B$3:$B$1000)/((MAESTRO!$B$3:$B$1000="ASMAR DIRECCIÓN")*(UPPER(MAESTRO!$L$3:$L$1000)="CONFIRMADO")),ROWS($A$3:A12))),"") | H12: =IFERROR(INDEX(MAESTRO!H:H,_xludf.AGGREGATE(15,6,ROW(MAESTRO!$B$3:$B$1000)/((MAESTRO!$B$3:$B$1000="ASMAR DIRECCIÓN")*(UPPER(MAESTRO!$L$3:$L$1000)="CONFIRMADO")),ROWS($A$3:A12))),"") | I12: =IFERROR(INDEX(MAESTRO!I:I,_xludf.AGGREGATE(15,6,ROW(MAESTRO!$B$3:$B$1000)/((MAESTRO!$B$3:$B$1000="ASMAR DIRECCIÓN")*(UPPER(MAESTRO!$L$3:$L$1000)="CONFIRMADO")),ROWS($A$3:A12))),"") | J12: =IFERROR(INDEX(MAESTRO!J:J,_xludf.AGGREGATE(15,6,ROW(MAESTRO!$B$3:$B$1000)/((MAESTRO!$B$3:$B$1000="ASMAR DIRECCIÓN")*(UPPER(MAESTRO!$L$3:$L$1000)="CONFIRMADO")),ROWS($A$3:A12))),"") | K12: =IFERROR(INDEX(MAESTRO!K:K,_xludf.AGGREGATE(15,6,ROW(MAESTRO!$B$3:$B$1000)/((MAESTRO!$B$3:$B$1000="ASMAR DIRECCIÓN")*(UPPER(MAESTRO!$L$3:$L$1000)="CONFIRMADO")),ROWS($A$3:A12))),"") | L12: =IFERROR(INDEX(MAESTRO!L:L,_xludf.AGGREGATE(15,6,ROW(MAESTRO!$B$3:$B$1000)/((MAESTRO!$B$3:$B$1000="ASMAR DIRECCIÓN")*(UPPER(MAESTRO!$L$3:$L$1000)="CONFIRMADO")),ROWS($A$3:A12))),"") | M12: =IFERROR(INDEX(MAESTRO!M:M,_xludf.AGGREGATE(15,6,ROW(MAESTRO!$B$3:$B$1000)/((MAESTRO!$B$3:$B$1000="ASMAR DIRECCIÓN")*(UPPER(MAESTRO!$L$3:$L$1000)="CONFIRMADO")),ROWS($A$3:A12))),"") | N12: =IFERROR(INDEX(MAESTRO!N:N,_xludf.AGGREGATE(15,6,ROW(MAESTRO!$B$3:$B$1000)/((MAESTRO!$B$3:$B$1000="ASMAR DIRECCIÓN")*(UPPER(MAESTRO!$L$3:$L$1000)="CONFIRMADO")),ROWS($A$3:A12))),"") | O12: =IFERROR(INDEX(MAESTRO!O:O,_xludf.AGGREGATE(15,6,ROW(MAESTRO!$B$3:$B$1000)/((MAESTRO!$B$3:$B$1000="ASMAR DIRECCIÓN")*(UPPER(MAESTRO!$L$3:$L$1000)="CONFIRMADO")),ROWS($A$3:A12))),"") | P12: =IFERROR(INDEX(MAESTRO!P:P,_xludf.AGGREGATE(15,6,ROW(MAESTRO!$B$3:$B$1000)/((MAESTRO!$B$3:$B$1000="ASMAR DIRECCIÓN")*(UPPER(MAESTRO!$L$3:$L$1000)="CONFIRMADO")),ROWS($A$3:A12))),"") | Q12: =IFERROR(INDEX(MAESTRO!Q:Q,_xludf.AGGREGATE(15,6,ROW(MAESTRO!$B$3:$B$1000)/((MAESTRO!$B$3:$B$1000="ASMAR DIRECCIÓN")*(UPPER(MAESTRO!$L$3:$L$1000)="CONFIRMADO")),ROWS($A$3:A12))),"") | R12: =IFERROR(INDEX(MAESTRO!R:R,_xludf.AGGREGATE(15,6,ROW(MAESTRO!$B$3:$B$1000)/((MAESTRO!$B$3:$B$1000="ASMAR DIRECCIÓN")*(UPPER(MAESTRO!$L$3:$L$1000)="CONFIRMADO")),ROWS($A$3:A12))),"") | S12: =IFERROR(INDEX(MAESTRO!S:S,_xludf.AGGREGATE(15,6,ROW(MAESTRO!$B$3:$B$1000)/((MAESTRO!$B$3:$B$1000="ASMAR DIRECCIÓN")*(UPPER(MAESTRO!$L$3:$L$1000)="CONFIRMADO")),ROWS($A$3:A12))),"") | T12: =IFERROR(INDEX(MAESTRO!T:T,_xludf.AGGREGATE(15,6,ROW(MAESTRO!$B$3:$B$1000)/((MAESTRO!$B$3:$B$1000="ASMAR DIRECCIÓN")*(UPPER(MAESTRO!$L$3:$L$1000)="CONFIRMADO")),ROWS($A$3:A12))),"") | U12: =IFERROR(INDEX(MAESTRO!U:U,_xludf.AGGREGATE(15,6,ROW(MAESTRO!$B$3:$B$1000)/((MAESTRO!$B$3:$B$1000="ASMAR DIRECCIÓN")*(UPPER(MAESTRO!$L$3:$L$1000)="CONFIRMADO")),ROWS($A$3:A12))),"") | V12: =IFERROR(INDEX(MAESTRO!V:V,_xludf.AGGREGATE(15,6,ROW(MAESTRO!$B$3:$B$1000)/((MAESTRO!$B$3:$B$1000="ASMAR DIRECCIÓN")*(UPPER(MAESTRO!$L$3:$L$1000)="CONFIRMADO")),ROWS($A$3:A12))),"") | W12: =IFERROR(INDEX(MAESTRO!W:W,_xludf.AGGREGATE(15,6,ROW(MAESTRO!$B$3:$B$1000)/((MAESTRO!$B$3:$B$1000="ASMAR DIRECCIÓN")*(UPPER(MAESTRO!$L$3:$L$1000)="CONFIRMADO")),ROWS($A$3:A12))),"") | X12: =IFERROR(INDEX(MAESTRO!X:X,_xludf.AGGREGATE(15,6,ROW(MAESTRO!$B$3:$B$1000)/((MAESTRO!$B$3:$B$1000="ASMAR DIRECCIÓN")*(UPPER(MAESTRO!$L$3:$L$1000)="CONFIRMADO")),ROWS($A$3:A12))),"")
A13: =IFERROR(INDEX(MAESTRO!A:A,_xludf.AGGREGATE(15,6,ROW(MAESTRO!$B$3:$B$1000)/((MAESTRO!$B$3:$B$1000="ASMAR DIRECCIÓN")*(UPPER(MAESTRO!$L$3:$L$1000)="CONFIRMADO")),ROWS($A$3:A13))),"") | B13: =IFERROR(INDEX(MAESTRO!B:B,_xludf.AGGREGATE(15,6,ROW(MAESTRO!$B$3:$B$1000)/((MAESTRO!$B$3:$B$1000="ASMAR DIRECCIÓN")*(UPPER(MAESTRO!$L$3:$L$1000)="CONFIRMADO")),ROWS($A$3:A13))),"") | C13: =IFERROR(INDEX(MAESTRO!C:C,_xludf.AGGREGATE(15,6,ROW(MAESTRO!$B$3:$B$1000)/((MAESTRO!$B$3:$B$1000="ASMAR DIRECCIÓN")*(UPPER(MAESTRO!$L$3:$L$1000)="CONFIRMADO")),ROWS($A$3:A13))),"") | D13: =IFERROR(INDEX(MAESTRO!D:D,_xludf.AGGREGATE(15,6,ROW(MAESTRO!$B$3:$B$1000)/((MAESTRO!$B$3:$B$1000="ASMAR DIRECCIÓN")*(UPPER(MAESTRO!$L$3:$L$1000)="CONFIRMADO")),ROWS($A$3:A13))),"") | E13: =IFERROR(INDEX(MAESTRO!E:E,_xludf.AGGREGATE(15,6,ROW(MAESTRO!$B$3:$B$1000)/((MAESTRO!$B$3:$B$1000="ASMAR DIRECCIÓN")*(UPPER(MAESTRO!$L$3:$L$1000)="CONFIRMADO")),ROWS($A$3:A13))),"") | F13: =IFERROR(INDEX(MAESTRO!F:F,_xludf.AGGREGATE(15,6,ROW(MAESTRO!$B$3:$B$1000)/((MAESTRO!$B$3:$B$1000="ASMAR DIRECCIÓN")*(UPPER(MAESTRO!$L$3:$L$1000)="CONFIRMADO")),ROWS($A$3:A13))),"") | G13: =IFERROR(INDEX(MAESTRO!G:G,_xludf.AGGREGATE(15,6,ROW(MAESTRO!$B$3:$B$1000)/((MAESTRO!$B$3:$B$1000="ASMAR DIRECCIÓN")*(UPPER(MAESTRO!$L$3:$L$1000)="CONFIRMADO")),ROWS($A$3:A13))),"") | H13: =IFERROR(INDEX(MAESTRO!H:H,_xludf.AGGREGATE(15,6,ROW(MAESTRO!$B$3:$B$1000)/((MAESTRO!$B$3:$B$1000="ASMAR DIRECCIÓN")*(UPPER(MAESTRO!$L$3:$L$1000)="CONFIRMADO")),ROWS($A$3:A13))),"") | I13: =IFERROR(INDEX(MAESTRO!I:I,_xludf.AGGREGATE(15,6,ROW(MAESTRO!$B$3:$B$1000)/((MAESTRO!$B$3:$B$1000="ASMAR DIRECCIÓN")*(UPPER(MAESTRO!$L$3:$L$1000)="CONFIRMADO")),ROWS($A$3:A13))),"") | J13: =IFERROR(INDEX(MAESTRO!J:J,_xludf.AGGREGATE(15,6,ROW(MAESTRO!$B$3:$B$1000)/((MAESTRO!$B$3:$B$1000="ASMAR DIRECCIÓN")*(UPPER(MAESTRO!$L$3:$L$1000)="CONFIRMADO")),ROWS($A$3:A13))),"") | K13: =IFERROR(INDEX(MAESTRO!K:K,_xludf.AGGREGATE(15,6,ROW(MAESTRO!$B$3:$B$1000)/((MAESTRO!$B$3:$B$1000="ASMAR DIRECCIÓN")*(UPPER(MAESTRO!$L$3:$L$1000)="CONFIRMADO")),ROWS($A$3:A13))),"") | L13: =IFERROR(INDEX(MAESTRO!L:L,_xludf.AGGREGATE(15,6,ROW(MAESTRO!$B$3:$B$1000)/((MAESTRO!$B$3:$B$1000="ASMAR DIRECCIÓN")*(UPPER(MAESTRO!$L$3:$L$1000)="CONFIRMADO")),ROWS($A$3:A13))),"") | M13: =IFERROR(INDEX(MAESTRO!M:M,_xludf.AGGREGATE(15,6,ROW(MAESTRO!$B$3:$B$1000)/((MAESTRO!$B$3:$B$1000="ASMAR DIRECCIÓN")*(UPPER(MAESTRO!$L$3:$L$1000)="CONFIRMADO")),ROWS($A$3:A13))),"") | N13: =IFERROR(INDEX(MAESTRO!N:N,_xludf.AGGREGATE(15,6,ROW(MAESTRO!$B$3:$B$1000)/((MAESTRO!$B$3:$B$1000="ASMAR DIRECCIÓN")*(UPPER(MAESTRO!$L$3:$L$1000)="CONFIRMADO")),ROWS($A$3:A13))),"") | O13: =IFERROR(INDEX(MAESTRO!O:O,_xludf.AGGREGATE(15,6,ROW(MAESTRO!$B$3:$B$1000)/((MAESTRO!$B$3:$B$1000="ASMAR DIRECCIÓN")*(UPPER(MAESTRO!$L$3:$L$1000)="CONFIRMADO")),ROWS($A$3:A13))),"") | P13: =IFERROR(INDEX(MAESTRO!P:P,_xludf.AGGREGATE(15,6,ROW(MAESTRO!$B$3:$B$1000)/((MAESTRO!$B$3:$B$1000="ASMAR DIRECCIÓN")*(UPPER(MAESTRO!$L$3:$L$1000)="CONFIRMADO")),ROWS($A$3:A13))),"") | Q13: =IFERROR(INDEX(MAESTRO!Q:Q,_xludf.AGGREGATE(15,6,ROW(MAESTRO!$B$3:$B$1000)/((MAESTRO!$B$3:$B$1000="ASMAR DIRECCIÓN")*(UPPER(MAESTRO!$L$3:$L$1000)="CONFIRMADO")),ROWS($A$3:A13))),"") | R13: =IFERROR(INDEX(MAESTRO!R:R,_xludf.AGGREGATE(15,6,ROW(MAESTRO!$B$3:$B$1000)/((MAESTRO!$B$3:$B$1000="ASMAR DIRECCIÓN")*(UPPER(MAESTRO!$L$3:$L$1000)="CONFIRMADO")),ROWS($A$3:A13))),"") | S13: =IFERROR(INDEX(MAESTRO!S:S,_xludf.AGGREGATE(15,6,ROW(MAESTRO!$B$3:$B$1000)/((MAESTRO!$B$3:$B$1000="ASMAR DIRECCIÓN")*(UPPER(MAESTRO!$L$3:$L$1000)="CONFIRMADO")),ROWS($A$3:A13))),"") | T13: =IFERROR(INDEX(MAESTRO!T:T,_xludf.AGGREGATE(15,6,ROW(MAESTRO!$B$3:$B$1000)/((MAESTRO!$B$3:$B$1000="ASMAR DIRECCIÓN")*(UPPER(MAESTRO!$L$3:$L$1000)="CONFIRMADO")),ROWS($A$3:A13))),"") | U13: =IFERROR(INDEX(MAESTRO!U:U,_xludf.AGGREGATE(15,6,ROW(MAESTRO!$B$3:$B$1000)/((MAESTRO!$B$3:$B$1000="ASMAR DIRECCIÓN")*(UPPER(MAESTRO!$L$3:$L$1000)="CONFIRMADO")),ROWS($A$3:A13))),"") | V13: =IFERROR(INDEX(MAESTRO!V:V,_xludf.AGGREGATE(15,6,ROW(MAESTRO!$B$3:$B$1000)/((MAESTRO!$B$3:$B$1000="ASMAR DIRECCIÓN")*(UPPER(MAESTRO!$L$3:$L$1000)="CONFIRMADO")),ROWS($A$3:A13))),"") | W13: =IFERROR(INDEX(MAESTRO!W:W,_xludf.AGGREGATE(15,6,ROW(MAESTRO!$B$3:$B$1000)/((MAESTRO!$B$3:$B$1000="ASMAR DIRECCIÓN")*(UPPER(MAESTRO!$L$3:$L$1000)="CONFIRMADO")),ROWS($A$3:A13))),"") | X13: =IFERROR(INDEX(MAESTRO!X:X,_xludf.AGGREGATE(15,6,ROW(MAESTRO!$B$3:$B$1000)/((MAESTRO!$B$3:$B$1000="ASMAR DIRECCIÓN")*(UPPER(MAESTRO!$L$3:$L$1000)="CONFIRMADO")),ROWS($A$3:A13))),"")
A14: =IFERROR(INDEX(MAESTRO!A:A,_xludf.AGGREGATE(15,6,ROW(MAESTRO!$B$3:$B$1000)/((MAESTRO!$B$3:$B$1000="ASMAR DIRECCIÓN")*(UPPER(MAESTRO!$L$3:$L$1000)="CONFIRMADO")),ROWS($A$3:A14))),"") | B14: =IFERROR(INDEX(MAESTRO!B:B,_xludf.AGGREGATE(15,6,ROW(MAESTRO!$B$3:$B$1000)/((MAESTRO!$B$3:$B$1000="ASMAR DIRECCIÓN")*(UPPER(MAESTRO!$L$3:$L$1000)="CONFIRMADO")),ROWS($A$3:A14))),"") | C14: =IFERROR(INDEX(MAESTRO!C:C,_xludf.AGGREGATE(15,6,ROW(MAESTRO!$B$3:$B$1000)/((MAESTRO!$B$3:$B$1000="ASMAR DIRECCIÓN")*(UPPER(MAESTRO!$L$3:$L$1000)="CONFIRMADO")),ROWS($A$3:A14))),"") | D14: =IFERROR(INDEX(MAESTRO!D:D,_xludf.AGGREGATE(15,6,ROW(MAESTRO!$B$3:$B$1000)/((MAESTRO!$B$3:$B$1000="ASMAR DIRECCIÓN")*(UPPER(MAESTRO!$L$3:$L$1000)="CONFIRMADO")),ROWS($A$3:A14))),"") | E14: =IFERROR(INDEX(MAESTRO!E:E,_xludf.AGGREGATE(15,6,ROW(MAESTRO!$B$3:$B$1000)/((MAESTRO!$B$3:$B$1000="ASMAR DIRECCIÓN")*(UPPER(MAESTRO!$L$3:$L$1000)="CONFIRMADO")),ROWS($A$3:A14))),"") | F14: =IFERROR(INDEX(MAESTRO!F:F,_xludf.AGGREGATE(15,6,ROW(MAESTRO!$B$3:$B$1000)/((MAESTRO!$B$3:$B$1000="ASMAR DIRECCIÓN")*(UPPER(MAESTRO!$L$3:$L$1000)="CONFIRMADO")),ROWS($A$3:A14))),"") | G14: =IFERROR(INDEX(MAESTRO!G:G,_xludf.AGGREGATE(15,6,ROW(MAESTRO!$B$3:$B$1000)/((MAESTRO!$B$3:$B$1000="ASMAR DIRECCIÓN")*(UPPER(MAESTRO!$L$3:$L$1000)="CONFIRMADO")),ROWS($A$3:A14))),"") | H14: =IFERROR(INDEX(MAESTRO!H:H,_xludf.AGGREGATE(15,6,ROW(MAESTRO!$B$3:$B$1000)/((MAESTRO!$B$3:$B$1000="ASMAR DIRECCIÓN")*(UPPER(MAESTRO!$L$3:$L$1000)="CONFIRMADO")),ROWS($A$3:A14))),"") | I14: =IFERROR(INDEX(MAESTRO!I:I,_xludf.AGGREGATE(15,6,ROW(MAESTRO!$B$3:$B$1000)/((MAESTRO!$B$3:$B$1000="ASMAR DIRECCIÓN")*(UPPER(MAESTRO!$L$3:$L$1000)="CONFIRMADO")),ROWS($A$3:A14))),"") | J14: =IFERROR(INDEX(MAESTRO!J:J,_xludf.AGGREGATE(15,6,ROW(MAESTRO!$B$3:$B$1000)/((MAESTRO!$B$3:$B$1000="ASMAR DIRECCIÓN")*(UPPER(MAESTRO!$L$3:$L$1000)="CONFIRMADO")),ROWS($A$3:A14))),"") | K14: =IFERROR(INDEX(MAESTRO!K:K,_xludf.AGGREGATE(15,6,ROW(MAESTRO!$B$3:$B$1000)/((MAESTRO!$B$3:$B$1000="ASMAR DIRECCIÓN")*(UPPER(MAESTRO!$L$3:$L$1000)="CONFIRMADO")),ROWS($A$3:A14))),"") | L14: =IFERROR(INDEX(MAESTRO!L:L,_xludf.AGGREGATE(15,6,ROW(MAESTRO!$B$3:$B$1000)/((MAESTRO!$B$3:$B$1000="ASMAR DIRECCIÓN")*(UPPER(MAESTRO!$L$3:$L$1000)="CONFIRMADO")),ROWS($A$3:A14))),"") | M14: =IFERROR(INDEX(MAESTRO!M:M,_xludf.AGGREGATE(15,6,ROW(MAESTRO!$B$3:$B$1000)/((MAESTRO!$B$3:$B$1000="ASMAR DIRECCIÓN")*(UPPER(MAESTRO!$L$3:$L$1000)="CONFIRMADO")),ROWS($A$3:A14))),"") | N14: =IFERROR(INDEX(MAESTRO!N:N,_xludf.AGGREGATE(15,6,ROW(MAESTRO!$B$3:$B$1000)/((MAESTRO!$B$3:$B$1000="ASMAR DIRECCIÓN")*(UPPER(MAESTRO!$L$3:$L$1000)="CONFIRMADO")),ROWS($A$3:A14))),"") | O14: =IFERROR(INDEX(MAESTRO!O:O,_xludf.AGGREGATE(15,6,ROW(MAESTRO!$B$3:$B$1000)/((MAESTRO!$B$3:$B$1000="ASMAR DIRECCIÓN")*(UPPER(MAESTRO!$L$3:$L$1000)="CONFIRMADO")),ROWS($A$3:A14))),"") | P14: =IFERROR(INDEX(MAESTRO!P:P,_xludf.AGGREGATE(15,6,ROW(MAESTRO!$B$3:$B$1000)/((MAESTRO!$B$3:$B$1000="ASMAR DIRECCIÓN")*(UPPER(MAESTRO!$L$3:$L$1000)="CONFIRMADO")),ROWS($A$3:A14))),"") | Q14: =IFERROR(INDEX(MAESTRO!Q:Q,_xludf.AGGREGATE(15,6,ROW(MAESTRO!$B$3:$B$1000)/((MAESTRO!$B$3:$B$1000="ASMAR DIRECCIÓN")*(UPPER(MAESTRO!$L$3:$L$1000)="CONFIRMADO")),ROWS($A$3:A14))),"") | R14: =IFERROR(INDEX(MAESTRO!R:R,_xludf.AGGREGATE(15,6,ROW(MAESTRO!$B$3:$B$1000)/((MAESTRO!$B$3:$B$1000="ASMAR DIRECCIÓN")*(UPPER(MAESTRO!$L$3:$L$1000)="CONFIRMADO")),ROWS($A$3:A14))),"") | S14: =IFERROR(INDEX(MAESTRO!S:S,_xludf.AGGREGATE(15,6,ROW(MAESTRO!$B$3:$B$1000)/((MAESTRO!$B$3:$B$1000="ASMAR DIRECCIÓN")*(UPPER(MAESTRO!$L$3:$L$1000)="CONFIRMADO")),ROWS($A$3:A14))),"") | T14: =IFERROR(INDEX(MAESTRO!T:T,_xludf.AGGREGATE(15,6,ROW(MAESTRO!$B$3:$B$1000)/((MAESTRO!$B$3:$B$1000="ASMAR DIRECCIÓN")*(UPPER(MAESTRO!$L$3:$L$1000)="CONFIRMADO")),ROWS($A$3:A14))),"") | U14: =IFERROR(INDEX(MAESTRO!U:U,_xludf.AGGREGATE(15,6,ROW(MAESTRO!$B$3:$B$1000)/((MAESTRO!$B$3:$B$1000="ASMAR DIRECCIÓN")*(UPPER(MAESTRO!$L$3:$L$1000)="CONFIRMADO")),ROWS($A$3:A14))),"") | V14: =IFERROR(INDEX(MAESTRO!V:V,_xludf.AGGREGATE(15,6,ROW(MAESTRO!$B$3:$B$1000)/((MAESTRO!$B$3:$B$1000="ASMAR DIRECCIÓN")*(UPPER(MAESTRO!$L$3:$L$1000)="CONFIRMADO")),ROWS($A$3:A14))),"") | W14: =IFERROR(INDEX(MAESTRO!W:W,_xludf.AGGREGATE(15,6,ROW(MAESTRO!$B$3:$B$1000)/((MAESTRO!$B$3:$B$1000="ASMAR DIRECCIÓN")*(UPPER(MAESTRO!$L$3:$L$1000)="CONFIRMADO")),ROWS($A$3:A14))),"") | X14: =IFERROR(INDEX(MAESTRO!X:X,_xludf.AGGREGATE(15,6,ROW(MAESTRO!$B$3:$B$1000)/((MAESTRO!$B$3:$B$1000="ASMAR DIRECCIÓN")*(UPPER(MAESTRO!$L$3:$L$1000)="CONFIRMADO")),ROWS($A$3:A14))),"")
... A502: =IFERROR(INDEX(MAESTRO!A:A,_xludf.AGGREGATE(15,6,ROW(MAESTRO!$B$3:$B$1000)/((MAESTRO!$B$3:$B$1000="ASMAR DIRECCIÓN")*(UPPER(MAESTRO!$L$3:$L$1000)="CONFIRMADO")),ROWS($A$3:A502))),"") | B502: =IFERROR(INDEX(MAESTRO!B:B,_xludf.AGGREGATE(15,6,ROW(MAESTRO!$B$3:$B$1000)/((MAESTRO!$B$3:$B$1000="ASMAR DIRECCIÓN")*(UPPER(MAESTRO!$L$3:$L$1000)="CONFIRMADO")),ROWS($A$3:A502))),"") | C502: =IFERROR(INDEX(MAESTRO!C:C,_xludf.AGGREGATE(15,6,ROW(MAESTRO!$B$3:$B$1000)/((MAESTRO!$B$3:$B$1000="ASMAR DIRECCIÓN")*(UPPER(MAESTRO!$L$3:$L$1000)="CONFIRMADO")),ROWS($A$3:A502))),"") | D502: =IFERROR(INDEX(MAESTRO!D:D,_xludf.AGGREGATE(15,6,ROW(MAESTRO!$B$3:$B$1000)/((MAESTRO!$B$3:$B$1000="ASMAR DIRECCIÓN")*(UPPER(MAESTRO!$L$3:$L$1000)="CONFIRMADO")),ROWS($A$3:A502))),"") | E502: =IFERROR(INDEX(MAESTRO!E:E,_xludf.AGGREGATE(15,6,ROW(MAESTRO!$B$3:$B$1000)/((MAESTRO!$B$3:$B$1000="ASMAR DIRECCIÓN")*(UPPER(MAESTRO!$L$3:$L$1000)="CONFIRMADO")),ROWS($A$3:A502))),"") | F502: =IFERROR(INDEX(MAESTRO!F:F,_xludf.AGGREGATE(15,6,ROW(MAESTRO!$B$3:$B$1000)/((MAESTRO!$B$3:$B$1000="ASMAR DIRECCIÓN")*(UPPER(MAESTRO!$L$3:$L$1000)="CONFIRMADO")),ROWS($A$3:A502))),"") | G502: =IFERROR(INDEX(MAESTRO!G:G,_xludf.AGGREGATE(15,6,ROW(MAESTRO!$B$3:$B$1000)/((MAESTRO!$B$3:$B$1000="ASMAR DIRECCIÓN")*(UPPER(MAESTRO!$L$3:$L$1000)="CONFIRMADO")),ROWS($A$3:A502))),"") | H502: =IFERROR(INDEX(MAESTRO!H:H,_xludf.AGGREGATE(15,6,ROW(MAESTRO!$B$3:$B$1000)/((MAESTRO!$B$3:$B$1000="ASMAR DIRECCIÓN")*(UPPER(MAESTRO!$L$3:$L$1000)="CONFIRMADO")),ROWS($A$3:A502))),"") | I502: =IFERROR(INDEX(MAESTRO!I:I,_xludf.AGGREGATE(15,6,ROW(MAESTRO!$B$3:$B$1000)/((MAESTRO!$B$3:$B$1000="ASMAR DIRECCIÓN")*(UPPER(MAESTRO!$L$3:$L$1000)="CONFIRMADO")),ROWS($A$3:A502))),"") | J502: =IFERROR(INDEX(MAESTRO!J:J,_xludf.AGGREGATE(15,6,ROW(MAESTRO!$B$3:$B$1000)/((MAESTRO!$B$3:$B$1000="ASMAR DIRECCIÓN")*(UPPER(MAESTRO!$L$3:$L$1000)="CONFIRMADO")),ROWS($A$3:A502))),"") | K502: =IFERROR(INDEX(MAESTRO!K:K,_xludf.AGGREGATE(15,6,ROW(MAESTRO!$B$3:$B$1000)/((MAESTRO!$B$3:$B$1000="ASMAR DIRECCIÓN")*(UPPER(MAESTRO!$L$3:$L$1000)="CONFIRMADO")),ROWS($A$3:A502))),"") | L502: =IFERROR(INDEX(MAESTRO!L:L,_xludf.AGGREGATE(15,6,ROW(MAESTRO!$B$3:$B$1000)/((MAESTRO!$B$3:$B$1000="ASMAR DIRECCIÓN")*(UPPER(MAESTRO!$L$3:$L$1000)="CONFIRMADO")),ROWS($A$3:A502))),"") | M502: =IFERROR(INDEX(MAESTRO!M:M,_xludf.AGGREGATE(15,6,ROW(MAESTRO!$B$3:$B$1000)/((MAESTRO!$B$3:$B$1000="ASMAR DIRECCIÓN")*(UPPER(MAESTRO!$L$3:$L$1000)="CONFIRMADO")),ROWS($A$3:A502))),"") | N502: =IFERROR(INDEX(MAESTRO!N:N,_xludf.AGGREGATE(15,6,ROW(MAESTRO!$B$3:$B$1000)/((MAESTRO!$B$3:$B$1000="ASMAR DIRECCIÓN")*(UPPER(MAESTRO!$L$3:$L$1000)="CONFIRMADO")),ROWS($A$3:A502))),"") | O502: =IFERROR(INDEX(MAESTRO!O:O,_xludf.AGGREGATE(15,6,ROW(MAESTRO!$B$3:$B$1000)/((MAESTRO!$B$3:$B$1000="ASMAR DIRECCIÓN")*(UPPER(MAESTRO!$L$3:$L$1000)="CONFIRMADO")),ROWS($A$3:A502))),"") | P502: =IFERROR(INDEX(MAESTRO!P:P,_xludf.AGGREGATE(15,6,ROW(MAESTRO!$B$3:$B$1000)/((MAESTRO!$B$3:$B$1000="ASMAR DIRECCIÓN")*(UPPER(MAESTRO!$L$3:$L$1000)="CONFIRMADO")),ROWS($A$3:A502))),"") | Q502: =IFERROR(INDEX(MAESTRO!Q:Q,_xludf.AGGREGATE(15,6,ROW(MAESTRO!$B$3:$B$1000)/((MAESTRO!$B$3:$B$1000="ASMAR DIRECCIÓN")*(UPPER(MAESTRO!$L$3:$L$1000)="CONFIRMADO")),ROWS($A$3:A502))),"") | R502: =IFERROR(INDEX(MAESTRO!R:R,_xludf.AGGREGATE(15,6,ROW(MAESTRO!$B$3:$B$1000)/((MAESTRO!$B$3:$B$1000="ASMAR DIRECCIÓN")*(UPPER(MAESTRO!$L$3:$L$1000)="CONFIRMADO")),ROWS($A$3:A502))),"") | S502: =IFERROR(INDEX(MAESTRO!S:S,_xludf.AGGREGATE(15,6,ROW(MAESTRO!$B$3:$B$1000)/((MAESTRO!$B$3:$B$1000="ASMAR DIRECCIÓN")*(UPPER(MAESTRO!$L$3:$L$1000)="CONFIRMADO")),ROWS($A$3:A502))),"") | T502: =IFERROR(INDEX(MAESTRO!T:T,_xludf.AGGREGATE(15,6,ROW(MAESTRO!$B$3:$B$1000)/((MAESTRO!$B$3:$B$1000="ASMAR DIRECCIÓN")*(UPPER(MAESTRO!$L$3:$L$1000)="CONFIRMADO")),ROWS($A$3:A502))),"") | U502: =IFERROR(INDEX(MAESTRO!U:U,_xludf.AGGREGATE(15,6,ROW(MAESTRO!$B$3:$B$1000)/((MAESTRO!$B$3:$B$1000="ASMAR DIRECCIÓN")*(UPPER(MAESTRO!$L$3:$L$1000)="CONFIRMADO")),ROWS($A$3:A502))),"") | V502: =IFERROR(INDEX(MAESTRO!V:V,_xludf.AGGREGATE(15,6,ROW(MAESTRO!$B$3:$B$1000)/((MAESTRO!$B$3:$B$1000="ASMAR DIRECCIÓN")*(UPPER(MAESTRO!$L$3:$L$1000)="CONFIRMADO")),ROWS($A$3:A502))),"") | W502: =IFERROR(INDEX(MAESTRO!W:W,_xludf.AGGREGATE(15,6,ROW(MAESTRO!$B$3:$B$1000)/((MAESTRO!$B$3:$B$1000="ASMAR DIRECCIÓN")*(UPPER(MAESTRO!$L$3:$L$1000)="CONFIRMADO")),ROWS($A$3:A502))),"") | X502: =IFERROR(INDEX(MAESTRO!X:X,_xludf.AGGREGATE(15,6,ROW(MAESTRO!$B$3:$B$1000)/((MAESTRO!$B$3:$B$1000="ASMAR DIRECCIÓN")*(UPPER(MAESTRO!$L$3:$L$1000)="CONFIRMADO")),ROWS($A$3:A502))),"")

Sheet ASMARTALC
A1: ASMARTALC
A2: NRO. | B2: FUENTE/PESTAÑA | C2: TRIBUNA | D2: PRIORIDAD | E2: GRADO/TRATAMIENTO | F2: VOCATIVO | G2: PREFIJO | H2: NOMBRE | I2: APELLIDO PATERNO | J2: APELLIDO MATERNO | K2: Nombre Apellido Paterno Apellido Materno | L2: ASISTENCIA | M2: CORREO ELECTRÓNICO | N2: CARGO | O2: EMPRESA/UNIVERSIDAD/OTRO | P2: ORIGEN | Q2: PAÍS | R2: CATEGORÍA | S2: CÓCTEL | T2: CONFIRMACIÓN | U2: ORDEN ACTIVO | V2: UBICACIÓN | W2: IR A TRIBUNA | X2: OBSERVACIONES
A3: =IFERROR(INDEX(MAESTRO!A:A,_xludf.AGGREGATE(15,6,ROW(MAESTRO!$B$3:$B$1000)/((MAESTRO!$B$3:$B$1000="ASMARTALC")*(UPPER(MAESTRO!$L$3:$L$1000)="CONFIRMADO")),ROWS($A$3:A3))),"") | B3: =IFERROR(INDEX(MAESTRO!B:B,_xludf.AGGREGATE(15,6,ROW(MAESTRO!$B$3:$B$1000)/((MAESTRO!$B$3:$B$1000="ASMARTALC")*(UPPER(MAESTRO!$L$3:$L$1000)="CONFIRMADO")),ROWS($A$3:A3))),"") | C3: =IFERROR(INDEX(MAESTRO!C:C,_xludf.AGGREGATE(15,6,ROW(MAESTRO!$B$3:$B$1000)/((MAESTRO!$B$3:$B$1000="ASMARTALC")*(UPPER(MAESTRO!$L$3:$L$1000)="CONFIRMADO")),ROWS($A$3:A3))),"") | D3: =IFERROR(INDEX(MAESTRO!D:D,_xludf.AGGREGATE(15,6,ROW(MAESTRO!$B$3:$B$1000)/((MAESTRO!$B$3:$B$1000="ASMARTALC")*(UPPER(MAESTRO!$L$3:$L$1000)="CONFIRMADO")),ROWS($A$3:A3))),"") | E3: =IFERROR(INDEX(MAESTRO!E:E,_xludf.AGGREGATE(15,6,ROW(MAESTRO!$B$3:$B$1000)/((MAESTRO!$B$3:$B$1000="ASMARTALC")*(UPPER(MAESTRO!$L$3:$L$1000)="CONFIRMADO")),ROWS($A$3:A3))),"") | F3: =IFERROR(INDEX(MAESTRO!F:F,_xludf.AGGREGATE(15,6,ROW(MAESTRO!$B$3:$B$1000)/((MAESTRO!$B$3:$B$1000="ASMARTALC")*(UPPER(MAESTRO!$L$3:$L$1000)="CONFIRMADO")),ROWS($A$3:A3))),"") | G3: =IFERROR(INDEX(MAESTRO!G:G,_xludf.AGGREGATE(15,6,ROW(MAESTRO!$B$3:$B$1000)/((MAESTRO!$B$3:$B$1000="ASMARTALC")*(UPPER(MAESTRO!$L$3:$L$1000)="CONFIRMADO")),ROWS($A$3:A3))),"") | H3: =IFERROR(INDEX(MAESTRO!H:H,_xludf.AGGREGATE(15,6,ROW(MAESTRO!$B$3:$B$1000)/((MAESTRO!$B$3:$B$1000="ASMARTALC")*(UPPER(MAESTRO!$L$3:$L$1000)="CONFIRMADO")),ROWS($A$3:A3))),"") | I3: =IFERROR(INDEX(MAESTRO!I:I,_xludf.AGGREGATE(15,6,ROW(MAESTRO!$B$3:$B$1000)/((MAESTRO!$B$3:$B$1000="ASMARTALC")*(UPPER(MAESTRO!$L$3:$L$1000)="CONFIRMADO")),ROWS($A$3:A3))),"") | J3: =IFERROR(INDEX(MAESTRO!J:J,_xludf.AGGREGATE(15,6,ROW(MAESTRO!$B$3:$B$1000)/((MAESTRO!$B$3:$B$1000="ASMARTALC")*(UPPER(MAESTRO!$L$3:$L$1000)="CONFIRMADO")),ROWS($A$3:A3))),"") | K3: =IFERROR(INDEX(MAESTRO!K:K,_xludf.AGGREGATE(15,6,ROW(MAESTRO!$B$3:$B$1000)/((MAESTRO!$B$3:$B$1000="ASMARTALC")*(UPPER(MAESTRO!$L$3:$L$1000)="CONFIRMADO")),ROWS($A$3:A3))),"") | L3: =IFERROR(INDEX(MAESTRO!L:L,_xludf.AGGREGATE(15,6,ROW(MAESTRO!$B$3:$B$1000)/((MAESTRO!$B$3:$B$1000="ASMARTALC")*(UPPER(MAESTRO!$L$3:$L$1000)="CONFIRMADO")),ROWS($A$3:A3))),"") | M3: =IFERROR(INDEX(MAESTRO!M:M,_xludf.AGGREGATE(15,6,ROW(MAESTRO!$B$3:$B$1000)/((MAESTRO!$B$3:$B$1000="ASMARTALC")*(UPPER(MAESTRO!$L$3:$L$1000)="CONFIRMADO")),ROWS($A$3:A3))),"") | N3: =IFERROR(INDEX(MAESTRO!N:N,_xludf.AGGREGATE(15,6,ROW(MAESTRO!$B$3:$B$1000)/((MAESTRO!$B$3:$B$1000="ASMARTALC")*(UPPER(MAESTRO!$L$3:$L$1000)="CONFIRMADO")),ROWS($A$3:A3))),"") | O3: =IFERROR(INDEX(MAESTRO!O:O,_xludf.AGGREGATE(15,6,ROW(MAESTRO!$B$3:$B$1000)/((MAESTRO!$B$3:$B$1000="ASMARTALC")*(UPPER(MAESTRO!$L$3:$L$1000)="CONFIRMADO")),ROWS($A$3:A3))),"") | P3: =IFERROR(INDEX(MAESTRO!P:P,_xludf.AGGREGATE(15,6,ROW(MAESTRO!$B$3:$B$1000)/((MAESTRO!$B$3:$B$1000="ASMARTALC")*(UPPER(MAESTRO!$L$3:$L$1000)="CONFIRMADO")),ROWS($A$3:A3))),"") | Q3: =IFERROR(INDEX(MAESTRO!Q:Q,_xludf.AGGREGATE(15,6,ROW(MAESTRO!$B$3:$B$1000)/((MAESTRO!$B$3:$B$1000="ASMARTALC")*(UPPER(MAESTRO!$L$3:$L$1000)="CONFIRMADO")),ROWS($A$3:A3))),"") | R3: =IFERROR(INDEX(MAESTRO!R:R,_xludf.AGGREGATE(15,6,ROW(MAESTRO!$B$3:$B$1000)/((MAESTRO!$B$3:$B$1000="ASMARTALC")*(UPPER(MAESTRO!$L$3:$L$1000)="CONFIRMADO")),ROWS($A$3:A3))),"") | S3: =IFERROR(INDEX(MAESTRO!S:S,_xludf.AGGREGATE(15,6,ROW(MAESTRO!$B$3:$B$1000)/((MAESTRO!$B$3:$B$1000="ASMARTALC")*(UPPER(MAESTRO!$L$3:$L$1000)="CONFIRMADO")),ROWS($A$3:A3))),"") | T3: =IFERROR(INDEX(MAESTRO!T:T,_xludf.AGGREGATE(15,6,ROW(MAESTRO!$B$3:$B$1000)/((MAESTRO!$B$3:$B$1000="ASMARTALC")*(UPPER(MAESTRO!$L$3:$L$1000)="CONFIRMADO")),ROWS($A$3:A3))),"") | U3: =IFERROR(INDEX(MAESTRO!U:U,_xludf.AGGREGATE(15,6,ROW(MAESTRO!$B$3:$B$1000)/((MAESTRO!$B$3:$B$1000="ASMARTALC")*(UPPER(MAESTRO!$L$3:$L$1000)="CONFIRMADO")),ROWS($A$3:A3))),"") | V3: =IFERROR(INDEX(MAESTRO!V:V,_xludf.AGGREGATE(15,6,ROW(MAESTRO!$B$3:$B$1000)/((MAESTRO!$B$3:$B$1000="ASMARTALC")*(UPPER(MAESTRO!$L$3:$L$1000)="CONFIRMADO")),ROWS($A$3:A3))),"") | W3: =IFERROR(INDEX(MAESTRO!W:W,_xludf.AGGREGATE(15,6,ROW(MAESTRO!$B$3:$B$1000)/((MAESTRO!$B$3:$B$1000="ASMARTALC")*(UPPER(MAESTRO!$L$3:$L$1000)="CONFIRMADO")),ROWS($A$3:A3))),"") | X3: =IFERROR(INDEX(MAESTRO!X:X,_xludf.AGGREGATE(15,6,ROW(MAESTRO!$B$3:$B$1000)/((MAESTRO!$B$3:$B$1000="ASMARTALC")*(UPPER(MAESTRO!$L$3:$L$1000)="CONFIRMADO")),ROWS($A$3:A3))),"")
A4: =IFERROR(INDEX(MAESTRO!A:A,_xludf.AGGREGATE(15,6,ROW(MAESTRO!$B$3:$B$1000)/((MAESTRO!$B$3:$B$1000="ASMARTALC")*(UPPER(MAESTRO!$L$3:$L$1000)="CONFIRMADO")),ROWS($A$3:A4))),"") | B4: =IFERROR(INDEX(MAESTRO!B:B,_xludf.AGGREGATE(15,6,ROW(MAESTRO!$B$3:$B$1000)/((MAESTRO!$B$3:$B$1000="ASMARTALC")*(UPPER(MAESTRO!$L$3:$L$1000)="CONFIRMADO")),ROWS($A$3:A4))),"") | C4: =IFERROR(INDEX(MAESTRO!C:C,_xludf.AGGREGATE(15,6,ROW(MAESTRO!$B$3:$B$1000)/((MAESTRO!$B$3:$B$1000="ASMARTALC")*(UPPER(MAESTRO!$L$3:$L$1000)="CONFIRMADO")),ROWS($A$3:A4))),"") | D4: =IFERROR(INDEX(MAESTRO!D:D,_xludf.AGGREGATE(15,6,ROW(MAESTRO!$B$3:$B$1000)/((MAESTRO!$B$3:$B$1000="ASMARTALC")*(UPPER(MAESTRO!$L$3:$L$1000)="CONFIRMADO")),ROWS($A$3:A4))),"") | E4: =IFERROR(INDEX(MAESTRO!E:E,_xludf.AGGREGATE(15,6,ROW(MAESTRO!$B$3:$B$1000)/((MAESTRO!$B$3:$B$1000="ASMARTALC")*(UPPER(MAESTRO!$L$3:$L$1000)="CONFIRMADO")),ROWS($A$3:A4))),"") | F4: =IFERROR(INDEX(MAESTRO!F:F,_xludf.AGGREGATE(15,6,ROW(MAESTRO!$B$3:$B$1000)/((MAESTRO!$B$3:$B$1000="ASMARTALC")*(UPPER(MAESTRO!$L$3:$L$1000)="CONFIRMADO")),ROWS($A$3:A4))),"") | G4: =IFERROR(INDEX(MAESTRO!G:G,_xludf.AGGREGATE(15,6,ROW(MAESTRO!$B$3:$B$1000)/((MAESTRO!$B$3:$B$1000="ASMARTALC")*(UPPER(MAESTRO!$L$3:$L$1000)="CONFIRMADO")),ROWS($A$3:A4))),"") | H4: =IFERROR(INDEX(MAESTRO!H:H,_xludf.AGGREGATE(15,6,ROW(MAESTRO!$B$3:$B$1000)/((MAESTRO!$B$3:$B$1000="ASMARTALC")*(UPPER(MAESTRO!$L$3:$L$1000)="CONFIRMADO")),ROWS($A$3:A4))),"") | I4: =IFERROR(INDEX(MAESTRO!I:I,_xludf.AGGREGATE(15,6,ROW(MAESTRO!$B$3:$B$1000)/((MAESTRO!$B$3:$B$1000="ASMARTALC")*(UPPER(MAESTRO!$L$3:$L$1000)="CONFIRMADO")),ROWS($A$3:A4))),"") | J4: =IFERROR(INDEX(MAESTRO!J:J,_xludf.AGGREGATE(15,6,ROW(MAESTRO!$B$3:$B$1000)/((MAESTRO!$B$3:$B$1000="ASMARTALC")*(UPPER(MAESTRO!$L$3:$L$1000)="CONFIRMADO")),ROWS($A$3:A4))),"") | K4: =IFERROR(INDEX(MAESTRO!K:K,_xludf.AGGREGATE(15,6,ROW(MAESTRO!$B$3:$B$1000)/((MAESTRO!$B$3:$B$1000="ASMARTALC")*(UPPER(MAESTRO!$L$3:$L$1000)="CONFIRMADO")),ROWS($A$3:A4))),"") | L4: =IFERROR(INDEX(MAESTRO!L:L,_xludf.AGGREGATE(15,6,ROW(MAESTRO!$B$3:$B$1000)/((MAESTRO!$B$3:$B$1000="ASMARTALC")*(UPPER(MAESTRO!$L$3:$L$1000)="CONFIRMADO")),ROWS($A$3:A4))),"") | M4: =IFERROR(INDEX(MAESTRO!M:M,_xludf.AGGREGATE(15,6,ROW(MAESTRO!$B$3:$B$1000)/((MAESTRO!$B$3:$B$1000="ASMARTALC")*(UPPER(MAESTRO!$L$3:$L$1000)="CONFIRMADO")),ROWS($A$3:A4))),"") | N4: =IFERROR(INDEX(MAESTRO!N:N,_xludf.AGGREGATE(15,6,ROW(MAESTRO!$B$3:$B$1000)/((MAESTRO!$B$3:$B$1000="ASMARTALC")*(UPPER(MAESTRO!$L$3:$L$1000)="CONFIRMADO")),ROWS($A$3:A4))),"") | O4: =IFERROR(INDEX(MAESTRO!O:O,_xludf.AGGREGATE(15,6,ROW(MAESTRO!$B$3:$B$1000)/((MAESTRO!$B$3:$B$1000="ASMARTALC")*(UPPER(MAESTRO!$L$3:$L$1000)="CONFIRMADO")),ROWS($A$3:A4))),"") | P4: =IFERROR(INDEX(MAESTRO!P:P,_xludf.AGGREGATE(15,6,ROW(MAESTRO!$B$3:$B$1000)/((MAESTRO!$B$3:$B$1000="ASMARTALC")*(UPPER(MAESTRO!$L$3:$L$1000)="CONFIRMADO")),ROWS($A$3:A4))),"") | Q4: =IFERROR(INDEX(MAESTRO!Q:Q,_xludf.AGGREGATE(15,6,ROW(MAESTRO!$B$3:$B$1000)/((MAESTRO!$B$3:$B$1000="ASMARTALC")*(UPPER(MAESTRO!$L$3:$L$1000)="CONFIRMADO")),ROWS($A$3:A4))),"") | R4: =IFERROR(INDEX(MAESTRO!R:R,_xludf.AGGREGATE(15,6,ROW(MAESTRO!$B$3:$B$1000)/((MAESTRO!$B$3:$B$1000="ASMARTALC")*(UPPER(MAESTRO!$L$3:$L$1000)="CONFIRMADO")),ROWS($A$3:A4))),"") | S4: =IFERROR(INDEX(MAESTRO!S:S,_xludf.AGGREGATE(15,6,ROW(MAESTRO!$B$3:$B$1000)/((MAESTRO!$B$3:$B$1000="ASMARTALC")*(UPPER(MAESTRO!$L$3:$L$1000)="CONFIRMADO")),ROWS($A$3:A4))),"") | T4: =IFERROR(INDEX(MAESTRO!T:T,_xludf.AGGREGATE(15,6,ROW(MAESTRO!$B$3:$B$1000)/((MAESTRO!$B$3:$B$1000="ASMARTALC")*(UPPER(MAESTRO!$L$3:$L$1000)="CONFIRMADO")),ROWS($A$3:A4))),"") | U4: =IFERROR(INDEX(MAESTRO!U:U,_xludf.AGGREGATE(15,6,ROW(MAESTRO!$B$3:$B$1000)/((MAESTRO!$B$3:$B$1000="ASMARTALC")*(UPPER(MAESTRO!$L$3:$L$1000)="CONFIRMADO")),ROWS($A$3:A4))),"") | V4: =IFERROR(INDEX(MAESTRO!V:V,_xludf.AGGREGATE(15,6,ROW(MAESTRO!$B$3:$B$1000)/((MAESTRO!$B$3:$B$1000="ASMARTALC")*(UPPER(MAESTRO!$L$3:$L$1000)="CONFIRMADO")),ROWS($A$3:A4))),"") | W4: =IFERROR(INDEX(MAESTRO!W:W,_xludf.AGGREGATE(15,6,ROW(MAESTRO!$B$3:$B$1000)/((MAESTRO!$B$3:$B$1000="ASMARTALC")*(UPPER(MAESTRO!$L$3:$L$1000)="CONFIRMADO")),ROWS($A$3:A4))),"") | X4: =IFERROR(INDEX(MAESTRO!X:X,_xludf.AGGREGATE(15,6,ROW(MAESTRO!$B$3:$B$1000)/((MAESTRO!$B$3:$B$1000="ASMARTALC")*(UPPER(MAESTRO!$L$3:$L$1000)="CONFIRMADO")),ROWS($A$3:A4))),"")
A5: =IFERROR(INDEX(MAESTRO!A:A,_xludf.AGGREGATE(15,6,ROW(MAESTRO!$B$3:$B$1000)/((MAESTRO!$B$3:$B$1000="ASMARTALC")*(UPPER(MAESTRO!$L$3:$L$1000)="CONFIRMADO")),ROWS($A$3:A5))),"") | B5: =IFERROR(INDEX(MAESTRO!B:B,_xludf.AGGREGATE(15,6,ROW(MAESTRO!$B$3:$B$1000)/((MAESTRO!$B$3:$B$1000="ASMARTALC")*(UPPER(MAESTRO!$L$3:$L$1000)="CONFIRMADO")),ROWS($A$3:A5))),"") | C5: =IFERROR(INDEX(MAESTRO!C:C,_xludf.AGGREGATE(15,6,ROW(MAESTRO!$B$3:$B$1000)/((MAESTRO!$B$3:$B$1000="ASMARTALC")*(UPPER(MAESTRO!$L$3:$L$1000)="CONFIRMADO")),ROWS($A$3:A5))),"") | D5: =IFERROR(INDEX(MAESTRO!D:D,_xludf.AGGREGATE(15,6,ROW(MAESTRO!$B$3:$B$1000)/((MAESTRO!$B$3:$B$1000="ASMARTALC")*(UPPER(MAESTRO!$L$3:$L$1000)="CONFIRMADO")),ROWS($A$3:A5))),"") | E5: =IFERROR(INDEX(MAESTRO!E:E,_xludf.AGGREGATE(15,6,ROW(MAESTRO!$B$3:$B$1000)/((MAESTRO!$B$3:$B$1000="ASMARTALC")*(UPPER(MAESTRO!$L$3:$L$1000)="CONFIRMADO")),ROWS($A$3:A5))),"") | F5: =IFERROR(INDEX(MAESTRO!F:F,_xludf.AGGREGATE(15,6,ROW(MAESTRO!$B$3:$B$1000)/((MAESTRO!$B$3:$B$1000="ASMARTALC")*(UPPER(MAESTRO!$L$3:$L$1000)="CONFIRMADO")),ROWS($A$3:A5))),"") | G5: =IFERROR(INDEX(MAESTRO!G:G,_xludf.AGGREGATE(15,6,ROW(MAESTRO!$B$3:$B$1000)/((MAESTRO!$B$3:$B$1000="ASMARTALC")*(UPPER(MAESTRO!$L$3:$L$1000)="CONFIRMADO")),ROWS($A$3:A5))),"") | H5: =IFERROR(INDEX(MAESTRO!H:H,_xludf.AGGREGATE(15,6,ROW(MAESTRO!$B$3:$B$1000)/((MAESTRO!$B$3:$B$1000="ASMARTALC")*(UPPER(MAESTRO!$L$3:$L$1000)="CONFIRMADO")),ROWS($A$3:A5))),"") | I5: =IFERROR(INDEX(MAESTRO!I:I,_xludf.AGGREGATE(15,6,ROW(MAESTRO!$B$3:$B$1000)/((MAESTRO!$B$3:$B$1000="ASMARTALC")*(UPPER(MAESTRO!$L$3:$L$1000)="CONFIRMADO")),ROWS($A$3:A5))),"") | J5: =IFERROR(INDEX(MAESTRO!J:J,_xludf.AGGREGATE(15,6,ROW(MAESTRO!$B$3:$B$1000)/((MAESTRO!$B$3:$B$1000="ASMARTALC")*(UPPER(MAESTRO!$L$3:$L$1000)="CONFIRMADO")),ROWS($A$3:A5))),"") | K5: =IFERROR(INDEX(MAESTRO!K:K,_xludf.AGGREGATE(15,6,ROW(MAESTRO!$B$3:$B$1000)/((MAESTRO!$B$3:$B$1000="ASMARTALC")*(UPPER(MAESTRO!$L$3:$L$1000)="CONFIRMADO")),ROWS($A$3:A5))),"") | L5: =IFERROR(INDEX(MAESTRO!L:L,_xludf.AGGREGATE(15,6,ROW(MAESTRO!$B$3:$B$1000)/((MAESTRO!$B$3:$B$1000="ASMARTALC")*(UPPER(MAESTRO!$L$3:$L$1000)="CONFIRMADO")),ROWS($A$3:A5))),"") | M5: =IFERROR(INDEX(MAESTRO!M:M,_xludf.AGGREGATE(15,6,ROW(MAESTRO!$B$3:$B$1000)/((MAESTRO!$B$3:$B$1000="ASMARTALC")*(UPPER(MAESTRO!$L$3:$L$1000)="CONFIRMADO")),ROWS($A$3:A5))),"") | N5: =IFERROR(INDEX(MAESTRO!N:N,_xludf.AGGREGATE(15,6,ROW(MAESTRO!$B$3:$B$1000)/((MAESTRO!$B$3:$B$1000="ASMARTALC")*(UPPER(MAESTRO!$L$3:$L$1000)="CONFIRMADO")),ROWS($A$3:A5))),"") | O5: =IFERROR(INDEX(MAESTRO!O:O,_xludf.AGGREGATE(15,6,ROW(MAESTRO!$B$3:$B$1000)/((MAESTRO!$B$3:$B$1000="ASMARTALC")*(UPPER(MAESTRO!$L$3:$L$1000)="CONFIRMADO")),ROWS($A$3:A5))),"") | P5: =IFERROR(INDEX(MAESTRO!P:P,_xludf.AGGREGATE(15,6,ROW(MAESTRO!$B$3:$B$1000)/((MAESTRO!$B$3:$B$1000="ASMARTALC")*(UPPER(MAESTRO!$L$3:$L$1000)="CONFIRMADO")),ROWS($A$3:A5))),"") | Q5: =IFERROR(INDEX(MAESTRO!Q:Q,_xludf.AGGREGATE(15,6,ROW(MAESTRO!$B$3:$B$1000)/((MAESTRO!$B$3:$B$1000="ASMARTALC")*(UPPER(MAESTRO!$L$3:$L$1000)="CONFIRMADO")),ROWS($A$3:A5))),"") | R5: =IFERROR(INDEX(MAESTRO!R:R,_xludf.AGGREGATE(15,6,ROW(MAESTRO!$B$3:$B$1000)/((MAESTRO!$B$3:$B$1000="ASMARTALC")*(UPPER(MAESTRO!$L$3:$L$1000)="CONFIRMADO")),ROWS($A$3:A5))),"") | S5: =IFERROR(INDEX(MAESTRO!S:S,_xludf.AGGREGATE(15,6,ROW(MAESTRO!$B$3:$B$1000)/((MAESTRO!$B$3:$B$1000="ASMARTALC")*(UPPER(MAESTRO!$L$3:$L$1000)="CONFIRMADO")),ROWS($A$3:A5))),"") | T5: =IFERROR(INDEX(MAESTRO!T:T,_xludf.AGGREGATE(15,6,ROW(MAESTRO!$B$3:$B$1000)/((MAESTRO!$B$3:$B$1000="ASMARTALC")*(UPPER(MAESTRO!$L$3:$L$1000)="CONFIRMADO")),ROWS($A$3:A5))),"") | U5: =IFERROR(INDEX(MAESTRO!U:U,_xludf.AGGREGATE(15,6,ROW(MAESTRO!$B$3:$B$1000)/((MAESTRO!$B$3:$B$1000="ASMARTALC")*(UPPER(MAESTRO!$L$3:$L$1000)="CONFIRMADO")),ROWS($A$3:A5))),"") | V5: =IFERROR(INDEX(MAESTRO!V:V,_xludf.AGGREGATE(15,6,ROW(MAESTRO!$B$3:$B$1000)/((MAESTRO!$B$3:$B$1000="ASMARTALC")*(UPPER(MAESTRO!$L$3:$L$1000)="CONFIRMADO")),ROWS($A$3:A5))),"") | W5: =IFERROR(INDEX(MAESTRO!W:W,_xludf.AGGREGATE(15,6,ROW(MAESTRO!$B$3:$B$1000)/((MAESTRO!$B$3:$B$1000="ASMARTALC")*(UPPER(MAESTRO!$L$3:$L$1000)="CONFIRMADO")),ROWS($A$3:A5))),"") | X5: =IFERROR(INDEX(MAESTRO!X:X,_xludf.AGGREGATE(15,6,ROW(MAESTRO!$B$3:$B$1000)/((MAESTRO!$B$3:$B$1000="ASMARTALC")*(UPPER(MAESTRO!$L$3:$L$1000)="CONFIRMADO")),ROWS($A$3:A5))),"")
A6: =IFERROR(INDEX(MAESTRO!A:A,_xludf.AGGREGATE(15,6,ROW(MAESTRO!$B$3:$B$1000)/((MAESTRO!$B$3:$B$1000="ASMARTALC")*(UPPER(MAESTRO!$L$3:$L$1000)="CONFIRMADO")),ROWS($A$3:A6))),"") | B6: =IFERROR(INDEX(MAESTRO!B:B,_xludf.AGGREGATE(15,6,ROW(MAESTRO!$B$3:$B$1000)/((MAESTRO!$B$3:$B$1000="ASMARTALC")*(UPPER(MAESTRO!$L$3:$L$1000)="CONFIRMADO")),ROWS($A$3:A6))),"") | C6: =IFERROR(INDEX(MAESTRO!C:C,_xludf.AGGREGATE(15,6,ROW(MAESTRO!$B$3:$B$1000)/((MAESTRO!$B$3:$B$1000="ASMARTALC")*(UPPER(MAESTRO!$L$3:$L$1000)="CONFIRMADO")),ROWS($A$3:A6))),"") | D6: =IFERROR(INDEX(MAESTRO!D:D,_xludf.AGGREGATE(15,6,ROW(MAESTRO!$B$3:$B$1000)/((MAESTRO!$B$3:$B$1000="ASMARTALC")*(UPPER(MAESTRO!$L$3:$L$1000)="CONFIRMADO")),ROWS($A$3:A6))),"") | E6: =IFERROR(INDEX(MAESTRO!E:E,_xludf.AGGREGATE(15,6,ROW(MAESTRO!$B$3:$B$1000)/((MAESTRO!$B$3:$B$1000="ASMARTALC")*(UPPER(MAESTRO!$L$3:$L$1000)="CONFIRMADO")),ROWS($A$3:A6))),"") | F6: =IFERROR(INDEX(MAESTRO!F:F,_xludf.AGGREGATE(15,6,ROW(MAESTRO!$B$3:$B$1000)/((MAESTRO!$B$3:$B$1000="ASMARTALC")*(UPPER(MAESTRO!$L$3:$L$1000)="CONFIRMADO")),ROWS($A$3:A6))),"") | G6: =IFERROR(INDEX(MAESTRO!G:G,_xludf.AGGREGATE(15,6,ROW(MAESTRO!$B$3:$B$1000)/((MAESTRO!$B$3:$B$1000="ASMARTALC")*(UPPER(MAESTRO!$L$3:$L$1000)="CONFIRMADO")),ROWS($A$3:A6))),"") | H6: =IFERROR(INDEX(MAESTRO!H:H,_xludf.AGGREGATE(15,6,ROW(MAESTRO!$B$3:$B$1000)/((MAESTRO!$B$3:$B$1000="ASMARTALC")*(UPPER(MAESTRO!$L$3:$L$1000)="CONFIRMADO")),ROWS($A$3:A6))),"") | I6: =IFERROR(INDEX(MAESTRO!I:I,_xludf.AGGREGATE(15,6,ROW(MAESTRO!$B$3:$B$1000)/((MAESTRO!$B$3:$B$1000="ASMARTALC")*(UPPER(MAESTRO!$L$3:$L$1000)="CONFIRMADO")),ROWS($A$3:A6))),"") | J6: =IFERROR(INDEX(MAESTRO!J:J,_xludf.AGGREGATE(15,6,ROW(MAESTRO!$B$3:$B$1000)/((MAESTRO!$B$3:$B$1000="ASMARTALC")*(UPPER(MAESTRO!$L$3:$L$1000)="CONFIRMADO")),ROWS($A$3:A6))),"") | K6: =IFERROR(INDEX(MAESTRO!K:K,_xludf.AGGREGATE(15,6,ROW(MAESTRO!$B$3:$B$1000)/((MAESTRO!$B$3:$B$1000="ASMARTALC")*(UPPER(MAESTRO!$L$3:$L$1000)="CONFIRMADO")),ROWS($A$3:A6))),"") | L6: =IFERROR(INDEX(MAESTRO!L:L,_xludf.AGGREGATE(15,6,ROW(MAESTRO!$B$3:$B$1000)/((MAESTRO!$B$3:$B$1000="ASMARTALC")*(UPPER(MAESTRO!$L$3:$L$1000)="CONFIRMADO")),ROWS($A$3:A6))),"") | M6: =IFERROR(INDEX(MAESTRO!M:M,_xludf.AGGREGATE(15,6,ROW(MAESTRO!$B$3:$B$1000)/((MAESTRO!$B$3:$B$1000="ASMARTALC")*(UPPER(MAESTRO!$L$3:$L$1000)="CONFIRMADO")),ROWS($A$3:A6))),"") | N6: =IFERROR(INDEX(MAESTRO!N:N,_xludf.AGGREGATE(15,6,ROW(MAESTRO!$B$3:$B$1000)/((MAESTRO!$B$3:$B$1000="ASMARTALC")*(UPPER(MAESTRO!$L$3:$L$1000)="CONFIRMADO")),ROWS($A$3:A6))),"") | O6: =IFERROR(INDEX(MAESTRO!O:O,_xludf.AGGREGATE(15,6,ROW(MAESTRO!$B$3:$B$1000)/((MAESTRO!$B$3:$B$1000="ASMARTALC")*(UPPER(MAESTRO!$L$3:$L$1000)="CONFIRMADO")),ROWS($A$3:A6))),"") | P6: =IFERROR(INDEX(MAESTRO!P:P,_xludf.AGGREGATE(15,6,ROW(MAESTRO!$B$3:$B$1000)/((MAESTRO!$B$3:$B$1000="ASMARTALC")*(UPPER(MAESTRO!$L$3:$L$1000)="CONFIRMADO")),ROWS($A$3:A6))),"") | Q6: =IFERROR(INDEX(MAESTRO!Q:Q,_xludf.AGGREGATE(15,6,ROW(MAESTRO!$B$3:$B$1000)/((MAESTRO!$B$3:$B$1000="ASMARTALC")*(UPPER(MAESTRO!$L$3:$L$1000)="CONFIRMADO")),ROWS($A$3:A6))),"") | R6: =IFERROR(INDEX(MAESTRO!R:R,_xludf.AGGREGATE(15,6,ROW(MAESTRO!$B$3:$B$1000)/((MAESTRO!$B$3:$B$1000="ASMARTALC")*(UPPER(MAESTRO!$L$3:$L$1000)="CONFIRMADO")),ROWS($A$3:A6))),"") | S6: =IFERROR(INDEX(MAESTRO!S:S,_xludf.AGGREGATE(15,6,ROW(MAESTRO!$B$3:$B$1000)/((MAESTRO!$B$3:$B$1000="ASMARTALC")*(UPPER(MAESTRO!$L$3:$L$1000)="CONFIRMADO")),ROWS($A$3:A6))),"") | T6: =IFERROR(INDEX(MAESTRO!T:T,_xludf.AGGREGATE(15,6,ROW(MAESTRO!$B$3:$B$1000)/((MAESTRO!$B$3:$B$1000="ASMARTALC")*(UPPER(MAESTRO!$L$3:$L$1000)="CONFIRMADO")),ROWS($A$3:A6))),"") | U6: =IFERROR(INDEX(MAESTRO!U:U,_xludf.AGGREGATE(15,6,ROW(MAESTRO!$B$3:$B$1000)/((MAESTRO!$B$3:$B$1000="ASMARTALC")*(UPPER(MAESTRO!$L$3:$L$1000)="CONFIRMADO")),ROWS($A$3:A6))),"") | V6: =IFERROR(INDEX(MAESTRO!V:V,_xludf.AGGREGATE(15,6,ROW(MAESTRO!$B$3:$B$1000)/((MAESTRO!$B$3:$B$1000="ASMARTALC")*(UPPER(MAESTRO!$L$3:$L$1000)="CONFIRMADO")),ROWS($A$3:A6))),"") | W6: =IFERROR(INDEX(MAESTRO!W:W,_xludf.AGGREGATE(15,6,ROW(MAESTRO!$B$3:$B$1000)/((MAESTRO!$B$3:$B$1000="ASMARTALC")*(UPPER(MAESTRO!$L$3:$L$1000)="CONFIRMADO")),ROWS($A$3:A6))),"") | X6: =IFERROR(INDEX(MAESTRO!X:X,_xludf.AGGREGATE(15,6,ROW(MAESTRO!$B$3:$B$1000)/((MAESTRO!$B$3:$B$1000="ASMARTALC")*(UPPER(MAESTRO!$L$3:$L$1000)="CONFIRMADO")),ROWS($A$3:A6))),"")
A7: =IFERROR(INDEX(MAESTRO!A:A,_xludf.AGGREGATE(15,6,ROW(MAESTRO!$B$3:$B$1000)/((MAESTRO!$B$3:$B$1000="ASMARTALC")*(UPPER(MAESTRO!$L$3:$L$1000)="CONFIRMADO")),ROWS($A$3:A7))),"") | B7: =IFERROR(INDEX(MAESTRO!B:B,_xludf.AGGREGATE(15,6,ROW(MAESTRO!$B$3:$B$1000)/((MAESTRO!$B$3:$B$1000="ASMARTALC")*(UPPER(MAESTRO!$L$3:$L$1000)="CONFIRMADO")),ROWS($A$3:A7))),"") | C7: =IFERROR(INDEX(MAESTRO!C:C,_xludf.AGGREGATE(15,6,ROW(MAESTRO!$B$3:$B$1000)/((MAESTRO!$B$3:$B$1000="ASMARTALC")*(UPPER(MAESTRO!$L$3:$L$1000)="CONFIRMADO")),ROWS($A$3:A7))),"") | D7: =IFERROR(INDEX(MAESTRO!D:D,_xludf.AGGREGATE(15,6,ROW(MAESTRO!$B$3:$B$1000)/((MAESTRO!$B$3:$B$1000="ASMARTALC")*(UPPER(MAESTRO!$L$3:$L$1000)="CONFIRMADO")),ROWS($A$3:A7))),"") | E7: =IFERROR(INDEX(MAESTRO!E:E,_xludf.AGGREGATE(15,6,ROW(MAESTRO!$B$3:$B$1000)/((MAESTRO!$B$3:$B$1000="ASMARTALC")*(UPPER(MAESTRO!$L$3:$L$1000)="CONFIRMADO")),ROWS($A$3:A7))),"") | F7: =IFERROR(INDEX(MAESTRO!F:F,_xludf.AGGREGATE(15,6,ROW(MAESTRO!$B$3:$B$1000)/((MAESTRO!$B$3:$B$1000="ASMARTALC")*(UPPER(MAESTRO!$L$3:$L$1000)="CONFIRMADO")),ROWS($A$3:A7))),"") | G7: =IFERROR(INDEX(MAESTRO!G:G,_xludf.AGGREGATE(15,6,ROW(MAESTRO!$B$3:$B$1000)/((MAESTRO!$B$3:$B$1000="ASMARTALC")*(UPPER(MAESTRO!$L$3:$L$1000)="CONFIRMADO")),ROWS($A$3:A7))),"") | H7: =IFERROR(INDEX(MAESTRO!H:H,_xludf.AGGREGATE(15,6,ROW(MAESTRO!$B$3:$B$1000)/((MAESTRO!$B$3:$B$1000="ASMARTALC")*(UPPER(MAESTRO!$L$3:$L$1000)="CONFIRMADO")),ROWS($A$3:A7))),"") | I7: =IFERROR(INDEX(MAESTRO!I:I,_xludf.AGGREGATE(15,6,ROW(MAESTRO!$B$3:$B$1000)/((MAESTRO!$B$3:$B$1000="ASMARTALC")*(UPPER(MAESTRO!$L$3:$L$1000)="CONFIRMADO")),ROWS($A$3:A7))),"") | J7: =IFERROR(INDEX(MAESTRO!J:J,_xludf.AGGREGATE(15,6,ROW(MAESTRO!$B$3:$B$1000)/((MAESTRO!$B$3:$B$1000="ASMARTALC")*(UPPER(MAESTRO!$L$3:$L$1000)="CONFIRMADO")),ROWS($A$3:A7))),"") | K7: =IFERROR(INDEX(MAESTRO!K:K,_xludf.AGGREGATE(15,6,ROW(MAESTRO!$B$3:$B$1000)/((MAESTRO!$B$3:$B$1000="ASMARTALC")*(UPPER(MAESTRO!$L$3:$L$1000)="CONFIRMADO")),ROWS($A$3:A7))),"") | L7: =IFERROR(INDEX(MAESTRO!L:L,_xludf.AGGREGATE(15,6,ROW(MAESTRO!$B$3:$B$1000)/((MAESTRO!$B$3:$B$1000="ASMARTALC")*(UPPER(MAESTRO!$L$3:$L$1000)="CONFIRMADO")),ROWS($A$3:A7))),"") | M7: =IFERROR(INDEX(MAESTRO!M:M,_xludf.AGGREGATE(15,6,ROW(MAESTRO!$B$3:$B$1000)/((MAESTRO!$B$3:$B$1000="ASMARTALC")*(UPPER(MAESTRO!$L$3:$L$1000)="CONFIRMADO")),ROWS($A$3:A7))),"") | N7: =IFERROR(INDEX(MAESTRO!N:N,_xludf.AGGREGATE(15,6,ROW(MAESTRO!$B$3:$B$1000)/((MAESTRO!$B$3:$B$1000="ASMARTALC")*(UPPER(MAESTRO!$L$3:$L$1000)="CONFIRMADO")),ROWS($A$3:A7))),"") | O7: =IFERROR(INDEX(MAESTRO!O:O,_xludf.AGGREGATE(15,6,ROW(MAESTRO!$B$3:$B$1000)/((MAESTRO!$B$3:$B$1000="ASMARTALC")*(UPPER(MAESTRO!$L$3:$L$1000)="CONFIRMADO")),ROWS($A$3:A7))),"") | P7: =IFERROR(INDEX(MAESTRO!P:P,_xludf.AGGREGATE(15,6,ROW(MAESTRO!$B$3:$B$1000)/((MAESTRO!$B$3:$B$1000="ASMARTALC")*(UPPER(MAESTRO!$L$3:$L$1000)="CONFIRMADO")),ROWS($A$3:A7))),"") | Q7: =IFERROR(INDEX(MAESTRO!Q:Q,_xludf.AGGREGATE(15,6,ROW(MAESTRO!$B$3:$B$1000)/((MAESTRO!$B$3:$B$1000="ASMARTALC")*(UPPER(MAESTRO!$L$3:$L$1000)="CONFIRMADO")),ROWS($A$3:A7))),"") | R7: =IFERROR(INDEX(MAESTRO!R:R,_xludf.AGGREGATE(15,6,ROW(MAESTRO!$B$3:$B$1000)/((MAESTRO!$B$3:$B$1000="ASMARTALC")*(UPPER(MAESTRO!$L$3:$L$1000)="CONFIRMADO")),ROWS($A$3:A7))),"") | S7: =IFERROR(INDEX(MAESTRO!S:S,_xludf.AGGREGATE(15,6,ROW(MAESTRO!$B$3:$B$1000)/((MAESTRO!$B$3:$B$1000="ASMARTALC")*(UPPER(MAESTRO!$L$3:$L$1000)="CONFIRMADO")),ROWS($A$3:A7))),"") | T7: =IFERROR(INDEX(MAESTRO!T:T,_xludf.AGGREGATE(15,6,ROW(MAESTRO!$B$3:$B$1000)/((MAESTRO!$B$3:$B$1000="ASMARTALC")*(UPPER(MAESTRO!$L$3:$L$1000)="CONFIRMADO")),ROWS($A$3:A7))),"") | U7: =IFERROR(INDEX(MAESTRO!U:U,_xludf.AGGREGATE(15,6,ROW(MAESTRO!$B$3:$B$1000)/((MAESTRO!$B$3:$B$1000="ASMARTALC")*(UPPER(MAESTRO!$L$3:$L$1000)="CONFIRMADO")),ROWS($A$3:A7))),"") | V7: =IFERROR(INDEX(MAESTRO!V:V,_xludf.AGGREGATE(15,6,ROW(MAESTRO!$B$3:$B$1000)/((MAESTRO!$B$3:$B$1000="ASMARTALC")*(UPPER(MAESTRO!$L$3:$L$1000)="CONFIRMADO")),ROWS($A$3:A7))),"") | W7: =IFERROR(INDEX(MAESTRO!W:W,_xludf.AGGREGATE(15,6,ROW(MAESTRO!$B$3:$B$1000)/((MAESTRO!$B$3:$B$1000="ASMARTALC")*(UPPER(MAESTRO!$L$3:$L$1000)="CONFIRMADO")),ROWS($A$3:A7))),"") | X7: =IFERROR(INDEX(MAESTRO!X:X,_xludf.AGGREGATE(15,6,ROW(MAESTRO!$B$3:$B$1000)/((MAESTRO!$B$3:$B$1000="ASMARTALC")*(UPPER(MAESTRO!$L$3:$L$1000)="CONFIRMADO")),ROWS($A$3:A7))),"")
A8: =IFERROR(INDEX(MAESTRO!A:A,_xludf.AGGREGATE(15,6,ROW(MAESTRO!$B$3:$B$1000)/((MAESTRO!$B$3:$B$1000="ASMARTALC")*(UPPER(MAESTRO!$L$3:$L$1000)="CONFIRMADO")),ROWS($A$3:A8))),"") | B8: =IFERROR(INDEX(MAESTRO!B:B,_xludf.AGGREGATE(15,6,ROW(MAESTRO!$B$3:$B$1000)/((MAESTRO!$B$3:$B$1000="ASMARTALC")*(UPPER(MAESTRO!$L$3:$L$1000)="CONFIRMADO")),ROWS($A$3:A8))),"") | C8: =IFERROR(INDEX(MAESTRO!C:C,_xludf.AGGREGATE(15,6,ROW(MAESTRO!$B$3:$B$1000)/((MAESTRO!$B$3:$B$1000="ASMARTALC")*(UPPER(MAESTRO!$L$3:$L$1000)="CONFIRMADO")),ROWS($A$3:A8))),"") | D8: =IFERROR(INDEX(MAESTRO!D:D,_xludf.AGGREGATE(15,6,ROW(MAESTRO!$B$3:$B$1000)/((MAESTRO!$B$3:$B$1000="ASMARTALC")*(UPPER(MAESTRO!$L$3:$L$1000)="CONFIRMADO")),ROWS($A$3:A8))),"") | E8: =IFERROR(INDEX(MAESTRO!E:E,_xludf.AGGREGATE(15,6,ROW(MAESTRO!$B$3:$B$1000)/((MAESTRO!$B$3:$B$1000="ASMARTALC")*(UPPER(MAESTRO!$L$3:$L$1000)="CONFIRMADO")),ROWS($A$3:A8))),"") | F8: =IFERROR(INDEX(MAESTRO!F:F,_xludf.AGGREGATE(15,6,ROW(MAESTRO!$B$3:$B$1000)/((MAESTRO!$B$3:$B$1000="ASMARTALC")*(UPPER(MAESTRO!$L$3:$L$1000)="CONFIRMADO")),ROWS($A$3:A8))),"") | G8: =IFERROR(INDEX(MAESTRO!G:G,_xludf.AGGREGATE(15,6,ROW(MAESTRO!$B$3:$B$1000)/((MAESTRO!$B$3:$B$1000="ASMARTALC")*(UPPER(MAESTRO!$L$3:$L$1000)="CONFIRMADO")),ROWS($A$3:A8))),"") | H8: =IFERROR(INDEX(MAESTRO!H:H,_xludf.AGGREGATE(15,6,ROW(MAESTRO!$B$3:$B$1000)/((MAESTRO!$B$3:$B$1000="ASMARTALC")*(UPPER(MAESTRO!$L$3:$L$1000)="CONFIRMADO")),ROWS($A$3:A8))),"") | I8: =IFERROR(INDEX(MAESTRO!I:I,_xludf.AGGREGATE(15,6,ROW(MAESTRO!$B$3:$B$1000)/((MAESTRO!$B$3:$B$1000="ASMARTALC")*(UPPER(MAESTRO!$L$3:$L$1000)="CONFIRMADO")),ROWS($A$3:A8))),"") | J8: =IFERROR(INDEX(MAESTRO!J:J,_xludf.AGGREGATE(15,6,ROW(MAESTRO!$B$3:$B$1000)/((MAESTRO!$B$3:$B$1000="ASMARTALC")*(UPPER(MAESTRO!$L$3:$L$1000)="CONFIRMADO")),ROWS($A$3:A8))),"") | K8: =IFERROR(INDEX(MAESTRO!K:K,_xludf.AGGREGATE(15,6,ROW(MAESTRO!$B$3:$B$1000)/((MAESTRO!$B$3:$B$1000="ASMARTALC")*(UPPER(MAESTRO!$L$3:$L$1000)="CONFIRMADO")),ROWS($A$3:A8))),"") | L8: =IFERROR(INDEX(MAESTRO!L:L,_xludf.AGGREGATE(15,6,ROW(MAESTRO!$B$3:$B$1000)/((MAESTRO!$B$3:$B$1000="ASMARTALC")*(UPPER(MAESTRO!$L$3:$L$1000)="CONFIRMADO")),ROWS($A$3:A8))),"") | M8: =IFERROR(INDEX(MAESTRO!M:M,_xludf.AGGREGATE(15,6,ROW(MAESTRO!$B$3:$B$1000)/((MAESTRO!$B$3:$B$1000="ASMARTALC")*(UPPER(MAESTRO!$L$3:$L$1000)="CONFIRMADO")),ROWS($A$3:A8))),"") | N8: =IFERROR(INDEX(MAESTRO!N:N,_xludf.AGGREGATE(15,6,ROW(MAESTRO!$B$3:$B$1000)/((MAESTRO!$B$3:$B$1000="ASMARTALC")*(UPPER(MAESTRO!$L$3:$L$1000)="CONFIRMADO")),ROWS($A$3:A8))),"") | O8: =IFERROR(INDEX(MAESTRO!O:O,_xludf.AGGREGATE(15,6,ROW(MAESTRO!$B$3:$B$1000)/((MAESTRO!$B$3:$B$1000="ASMARTALC")*(UPPER(MAESTRO!$L$3:$L$1000)="CONFIRMADO")),ROWS($A$3:A8))),"") | P8: =IFERROR(INDEX(MAESTRO!P:P,_xludf.AGGREGATE(15,6,ROW(MAESTRO!$B$3:$B$1000)/((MAESTRO!$B$3:$B$1000="ASMARTALC")*(UPPER(MAESTRO!$L$3:$L$1000)="CONFIRMADO")),ROWS($A$3:A8))),"") | Q8: =IFERROR(INDEX(MAESTRO!Q:Q,_xludf.AGGREGATE(15,6,ROW(MAESTRO!$B$3:$B$1000)/((MAESTRO!$B$3:$B$1000="ASMARTALC")*(UPPER(MAESTRO!$L$3:$L$1000)="CONFIRMADO")),ROWS($A$3:A8))),"") | R8: =IFERROR(INDEX(MAESTRO!R:R,_xludf.AGGREGATE(15,6,ROW(MAESTRO!$B$3:$B$1000)/((MAESTRO!$B$3:$B$1000="ASMARTALC")*(UPPER(MAESTRO!$L$3:$L$1000)="CONFIRMADO")),ROWS($A$3:A8))),"") | S8: =IFERROR(INDEX(MAESTRO!S:S,_xludf.AGGREGATE(15,6,ROW(MAESTRO!$B$3:$B$1000)/((MAESTRO!$B$3:$B$1000="ASMARTALC")*(UPPER(MAESTRO!$L$3:$L$1000)="CONFIRMADO")),ROWS($A$3:A8))),"") | T8: =IFERROR(INDEX(MAESTRO!T:T,_xludf.AGGREGATE(15,6,ROW(MAESTRO!$B$3:$B$1000)/((MAESTRO!$B$3:$B$1000="ASMARTALC")*(UPPER(MAESTRO!$L$3:$L$1000)="CONFIRMADO")),ROWS($A$3:A8))),"") | U8: =IFERROR(INDEX(MAESTRO!U:U,_xludf.AGGREGATE(15,6,ROW(MAESTRO!$B$3:$B$1000)/((MAESTRO!$B$3:$B$1000="ASMARTALC")*(UPPER(MAESTRO!$L$3:$L$1000)="CONFIRMADO")),ROWS($A$3:A8))),"") | V8: =IFERROR(INDEX(MAESTRO!V:V,_xludf.AGGREGATE(15,6,ROW(MAESTRO!$B$3:$B$1000)/((MAESTRO!$B$3:$B$1000="ASMARTALC")*(UPPER(MAESTRO!$L$3:$L$1000)="CONFIRMADO")),ROWS($A$3:A8))),"") | W8: =IFERROR(INDEX(MAESTRO!W:W,_xludf.AGGREGATE(15,6,ROW(MAESTRO!$B$3:$B$1000)/((MAESTRO!$B$3:$B$1000="ASMARTALC")*(UPPER(MAESTRO!$L$3:$L$1000)="CONFIRMADO")),ROWS($A$3:A8))),"") | X8: =IFERROR(INDEX(MAESTRO!X:X,_xludf.AGGREGATE(15,6,ROW(MAESTRO!$B$3:$B$1000)/((MAESTRO!$B$3:$B$1000="ASMARTALC")*(UPPER(MAESTRO!$L$3:$L$1000)="CONFIRMADO")),ROWS($A$3:A8))),"")
A9: =IFERROR(INDEX(MAESTRO!A:A,_xludf.AGGREGATE(15,6,ROW(MAESTRO!$B$3:$B$1000)/((MAESTRO!$B$3:$B$1000="ASMARTALC")*(UPPER(MAESTRO!$L$3:$L$1000)="CONFIRMADO")),ROWS($A$3:A9))),"") | B9: =IFERROR(INDEX(MAESTRO!B:B,_xludf.AGGREGATE(15,6,ROW(MAESTRO!$B$3:$B$1000)/((MAESTRO!$B$3:$B$1000="ASMARTALC")*(UPPER(MAESTRO!$L$3:$L$1000)="CONFIRMADO")),ROWS($A$3:A9))),"") | C9: =IFERROR(INDEX(MAESTRO!C:C,_xludf.AGGREGATE(15,6,ROW(MAESTRO!$B$3:$B$1000)/((MAESTRO!$B$3:$B$1000="ASMARTALC")*(UPPER(MAESTRO!$L$3:$L$1000)="CONFIRMADO")),ROWS($A$3:A9))),"") | D9: =IFERROR(INDEX(MAESTRO!D:D,_xludf.AGGREGATE(15,6,ROW(MAESTRO!$B$3:$B$1000)/((MAESTRO!$B$3:$B$1000="ASMARTALC")*(UPPER(MAESTRO!$L$3:$L$1000)="CONFIRMADO")),ROWS($A$3:A9))),"") | E9: =IFERROR(INDEX(MAESTRO!E:E,_xludf.AGGREGATE(15,6,ROW(MAESTRO!$B$3:$B$1000)/((MAESTRO!$B$3:$B$1000="ASMARTALC")*(UPPER(MAESTRO!$L$3:$L$1000)="CONFIRMADO")),ROWS($A$3:A9))),"") | F9: =IFERROR(INDEX(MAESTRO!F:F,_xludf.AGGREGATE(15,6,ROW(MAESTRO!$B$3:$B$1000)/((MAESTRO!$B$3:$B$1000="ASMARTALC")*(UPPER(MAESTRO!$L$3:$L$1000)="CONFIRMADO")),ROWS($A$3:A9))),"") | G9: =IFERROR(INDEX(MAESTRO!G:G,_xludf.AGGREGATE(15,6,ROW(MAESTRO!$B$3:$B$1000)/((MAESTRO!$B$3:$B$1000="ASMARTALC")*(UPPER(MAESTRO!$L$3:$L$1000)="CONFIRMADO")),ROWS($A$3:A9))),"") | H9: =IFERROR(INDEX(MAESTRO!H:H,_xludf.AGGREGATE(15,6,ROW(MAESTRO!$B$3:$B$1000)/((MAESTRO!$B$3:$B$1000="ASMARTALC")*(UPPER(MAESTRO!$L$3:$L$1000)="CONFIRMADO")),ROWS($A$3:A9))),"") | I9: =IFERROR(INDEX(MAESTRO!I:I,_xludf.AGGREGATE(15,6,ROW(MAESTRO!$B$3:$B$1000)/((MAESTRO!$B$3:$B$1000="ASMARTALC")*(UPPER(MAESTRO!$L$3:$L$1000)="CONFIRMADO")),ROWS($A$3:A9))),"") | J9: =IFERROR(INDEX(MAESTRO!J:J,_xludf.AGGREGATE(15,6,ROW(MAESTRO!$B$3:$B$1000)/((MAESTRO!$B$3:$B$1000="ASMARTALC")*(UPPER(MAESTRO!$L$3:$L$1000)="CONFIRMADO")),ROWS($A$3:A9))),"") | K9: =IFERROR(INDEX(MAESTRO!K:K,_xludf.AGGREGATE(15,6,ROW(MAESTRO!$B$3:$B$1000)/((MAESTRO!$B$3:$B$1000="ASMARTALC")*(UPPER(MAESTRO!$L$3:$L$1000)="CONFIRMADO")),ROWS($A$3:A9))),"") | L9: =IFERROR(INDEX(MAESTRO!L:L,_xludf.AGGREGATE(15,6,ROW(MAESTRO!$B$3:$B$1000)/((MAESTRO!$B$3:$B$1000="ASMARTALC")*(UPPER(MAESTRO!$L$3:$L$1000)="CONFIRMADO")),ROWS($A$3:A9))),"") | M9: =IFERROR(INDEX(MAESTRO!M:M,_xludf.AGGREGATE(15,6,ROW(MAESTRO!$B$3:$B$1000)/((MAESTRO!$B$3:$B$1000="ASMARTALC")*(UPPER(MAESTRO!$L$3:$L$1000)="CONFIRMADO")),ROWS($A$3:A9))),"") | N9: =IFERROR(INDEX(MAESTRO!N:N,_xludf.AGGREGATE(15,6,ROW(MAESTRO!$B$3:$B$1000)/((MAESTRO!$B$3:$B$1000="ASMARTALC")*(UPPER(MAESTRO!$L$3:$L$1000)="CONFIRMADO")),ROWS($A$3:A9))),"") | O9: =IFERROR(INDEX(MAESTRO!O:O,_xludf.AGGREGATE(15,6,ROW(MAESTRO!$B$3:$B$1000)/((MAESTRO!$B$3:$B$1000="ASMARTALC")*(UPPER(MAESTRO!$L$3:$L$1000)="CONFIRMADO")),ROWS($A$3:A9))),"") | P9: =IFERROR(INDEX(MAESTRO!P:P,_xludf.AGGREGATE(15,6,ROW(MAESTRO!$B$3:$B$1000)/((MAESTRO!$B$3:$B$1000="ASMARTALC")*(UPPER(MAESTRO!$L$3:$L$1000)="CONFIRMADO")),ROWS($A$3:A9))),"") | Q9: =IFERROR(INDEX(MAESTRO!Q:Q,_xludf.AGGREGATE(15,6,ROW(MAESTRO!$B$3:$B$1000)/((MAESTRO!$B$3:$B$1000="ASMARTALC")*(UPPER(MAESTRO!$L$3:$L$1000)="CONFIRMADO")),ROWS($A$3:A9))),"") | R9: =IFERROR(INDEX(MAESTRO!R:R,_xludf.AGGREGATE(15,6,ROW(MAESTRO!$B$3:$B$1000)/((MAESTRO!$B$3:$B$1000="ASMARTALC")*(UPPER(MAESTRO!$L$3:$L$1000)="CONFIRMADO")),ROWS($A$3:A9))),"") | S9: =IFERROR(INDEX(MAESTRO!S:S,_xludf.AGGREGATE(15,6,ROW(MAESTRO!$B$3:$B$1000)/((MAESTRO!$B$3:$B$1000="ASMARTALC")*(UPPER(MAESTRO!$L$3:$L$1000)="CONFIRMADO")),ROWS($A$3:A9))),"") | T9: =IFERROR(INDEX(MAESTRO!T:T,_xludf.AGGREGATE(15,6,ROW(MAESTRO!$B$3:$B$1000)/((MAESTRO!$B$3:$B$1000="ASMARTALC")*(UPPER(MAESTRO!$L$3:$L$1000)="CONFIRMADO")),ROWS($A$3:A9))),"") | U9: =IFERROR(INDEX(MAESTRO!U:U,_xludf.AGGREGATE(15,6,ROW(MAESTRO!$B$3:$B$1000)/((MAESTRO!$B$3:$B$1000="ASMARTALC")*(UPPER(MAESTRO!$L$3:$L$1000)="CONFIRMADO")),ROWS($A$3:A9))),"") | V9: =IFERROR(INDEX(MAESTRO!V:V,_xludf.AGGREGATE(15,6,ROW(MAESTRO!$B$3:$B$1000)/((MAESTRO!$B$3:$B$1000="ASMARTALC")*(UPPER(MAESTRO!$L$3:$L$1000)="CONFIRMADO")),ROWS($A$3:A9))),"") | W9: =IFERROR(INDEX(MAESTRO!W:W,_xludf.AGGREGATE(15,6,ROW(MAESTRO!$B$3:$B$1000)/((MAESTRO!$B$3:$B$1000="ASMARTALC")*(UPPER(MAESTRO!$L$3:$L$1000)="CONFIRMADO")),ROWS($A$3:A9))),"") | X9: =IFERROR(INDEX(MAESTRO!X:X,_xludf.AGGREGATE(15,6,ROW(MAESTRO!$B$3:$B$1000)/((MAESTRO!$B$3:$B$1000="ASMARTALC")*(UPPER(MAESTRO!$L$3:$L$1000)="CONFIRMADO")),ROWS($A$3:A9))),"")
A10: =IFERROR(INDEX(MAESTRO!A:A,_xludf.AGGREGATE(15,6,ROW(MAESTRO!$B$3:$B$1000)/((MAESTRO!$B$3:$B$1000="ASMARTALC")*(UPPER(MAESTRO!$L$3:$L$1000)="CONFIRMADO")),ROWS($A$3:A10))),"") | B10: =IFERROR(INDEX(MAESTRO!B:B,_xludf.AGGREGATE(15,6,ROW(MAESTRO!$B$3:$B$1000)/((MAESTRO!$B$3:$B$1000="ASMARTALC")*(UPPER(MAESTRO!$L$3:$L$1000)="CONFIRMADO")),ROWS($A$3:A10))),"") | C10: =IFERROR(INDEX(MAESTRO!C:C,_xludf.AGGREGATE(15,6,ROW(MAESTRO!$B$3:$B$1000)/((MAESTRO!$B$3:$B$1000="ASMARTALC")*(UPPER(MAESTRO!$L$3:$L$1000)="CONFIRMADO")),ROWS($A$3:A10))),"") | D10: =IFERROR(INDEX(MAESTRO!D:D,_xludf.AGGREGATE(15,6,ROW(MAESTRO!$B$3:$B$1000)/((MAESTRO!$B$3:$B$1000="ASMARTALC")*(UPPER(MAESTRO!$L$3:$L$1000)="CONFIRMADO")),ROWS($A$3:A10))),"") | E10: =IFERROR(INDEX(MAESTRO!E:E,_xludf.AGGREGATE(15,6,ROW(MAESTRO!$B$3:$B$1000)/((MAESTRO!$B$3:$B$1000="ASMARTALC")*(UPPER(MAESTRO!$L$3:$L$1000)="CONFIRMADO")),ROWS($A$3:A10))),"") | F10: =IFERROR(INDEX(MAESTRO!F:F,_xludf.AGGREGATE(15,6,ROW(MAESTRO!$B$3:$B$1000)/((MAESTRO!$B$3:$B$1000="ASMARTALC")*(UPPER(MAESTRO!$L$3:$L$1000)="CONFIRMADO")),ROWS($A$3:A10))),"") | G10: =IFERROR(INDEX(MAESTRO!G:G,_xludf.AGGREGATE(15,6,ROW(MAESTRO!$B$3:$B$1000)/((MAESTRO!$B$3:$B$1000="ASMARTALC")*(UPPER(MAESTRO!$L$3:$L$1000)="CONFIRMADO")),ROWS($A$3:A10))),"") | H10: =IFERROR(INDEX(MAESTRO!H:H,_xludf.AGGREGATE(15,6,ROW(MAESTRO!$B$3:$B$1000)/((MAESTRO!$B$3:$B$1000="ASMARTALC")*(UPPER(MAESTRO!$L$3:$L$1000)="CONFIRMADO")),ROWS($A$3:A10))),"") | I10: =IFERROR(INDEX(MAESTRO!I:I,_xludf.AGGREGATE(15,6,ROW(MAESTRO!$B$3:$B$1000)/((MAESTRO!$B$3:$B$1000="ASMARTALC")*(UPPER(MAESTRO!$L$3:$L$1000)="CONFIRMADO")),ROWS($A$3:A10))),"") | J10: =IFERROR(INDEX(MAESTRO!J:J,_xludf.AGGREGATE(15,6,ROW(MAESTRO!$B$3:$B$1000)/((MAESTRO!$B$3:$B$1000="ASMARTALC")*(UPPER(MAESTRO!$L$3:$L$1000)="CONFIRMADO")),ROWS($A$3:A10))),"") | K10: =IFERROR(INDEX(MAESTRO!K:K,_xludf.AGGREGATE(15,6,ROW(MAESTRO!$B$3:$B$1000)/((MAESTRO!$B$3:$B$1000="ASMARTALC")*(UPPER(MAESTRO!$L$3:$L$1000)="CONFIRMADO")),ROWS($A$3:A10))),"") | L10: =IFERROR(INDEX(MAESTRO!L:L,_xludf.AGGREGATE(15,6,ROW(MAESTRO!$B$3:$B$1000)/((MAESTRO!$B$3:$B$1000="ASMARTALC")*(UPPER(MAESTRO!$L$3:$L$1000)="CONFIRMADO")),ROWS($A$3:A10))),"") | M10: =IFERROR(INDEX(MAESTRO!M:M,_xludf.AGGREGATE(15,6,ROW(MAESTRO!$B$3:$B$1000)/((MAESTRO!$B$3:$B$1000="ASMARTALC")*(UPPER(MAESTRO!$L$3:$L$1000)="CONFIRMADO")),ROWS($A$3:A10))),"") | N10: =IFERROR(INDEX(MAESTRO!N:N,_xludf.AGGREGATE(15,6,ROW(MAESTRO!$B$3:$B$1000)/((MAESTRO!$B$3:$B$1000="ASMARTALC")*(UPPER(MAESTRO!$L$3:$L$1000)="CONFIRMADO")),ROWS($A$3:A10))),"") | O10: =IFERROR(INDEX(MAESTRO!O:O,_xludf.AGGREGATE(15,6,ROW(MAESTRO!$B$3:$B$1000)/((MAESTRO!$B$3:$B$1000="ASMARTALC")*(UPPER(MAESTRO!$L$3:$L$1000)="CONFIRMADO")),ROWS($A$3:A10))),"") | P10: =IFERROR(INDEX(MAESTRO!P:P,_xludf.AGGREGATE(15,6,ROW(MAESTRO!$B$3:$B$1000)/((MAESTRO!$B$3:$B$1000="ASMARTALC")*(UPPER(MAESTRO!$L$3:$L$1000)="CONFIRMADO")),ROWS($A$3:A10))),"") | Q10: =IFERROR(INDEX(MAESTRO!Q:Q,_xludf.AGGREGATE(15,6,ROW(MAESTRO!$B$3:$B$1000)/((MAESTRO!$B$3:$B$1000="ASMARTALC")*(UPPER(MAESTRO!$L$3:$L$1000)="CONFIRMADO")),ROWS($A$3:A10))),"") | R10: =IFERROR(INDEX(MAESTRO!R:R,_xludf.AGGREGATE(15,6,ROW(MAESTRO!$B$3:$B$1000)/((MAESTRO!$B$3:$B$1000="ASMARTALC")*(UPPER(MAESTRO!$L$3:$L$1000)="CONFIRMADO")),ROWS($A$3:A10))),"") | S10: =IFERROR(INDEX(MAESTRO!S:S,_xludf.AGGREGATE(15,6,ROW(MAESTRO!$B$3:$B$1000)/((MAESTRO!$B$3:$B$1000="ASMARTALC")*(UPPER(MAESTRO!$L$3:$L$1000)="CONFIRMADO")),ROWS($A$3:A10))),"") | T10: =IFERROR(INDEX(MAESTRO!T:T,_xludf.AGGREGATE(15,6,ROW(MAESTRO!$B$3:$B$1000)/((MAESTRO!$B$3:$B$1000="ASMARTALC")*(UPPER(MAESTRO!$L$3:$L$1000)="CONFIRMADO")),ROWS($A$3:A10))),"") | U10: =IFERROR(INDEX(MAESTRO!U:U,_xludf.AGGREGATE(15,6,ROW(MAESTRO!$B$3:$B$1000)/((MAESTRO!$B$3:$B$1000="ASMARTALC")*(UPPER(MAESTRO!$L$3:$L$1000)="CONFIRMADO")),ROWS($A$3:A10))),"") | V10: =IFERROR(INDEX(MAESTRO!V:V,_xludf.AGGREGATE(15,6,ROW(MAESTRO!$B$3:$B$1000)/((MAESTRO!$B$3:$B$1000="ASMARTALC")*(UPPER(MAESTRO!$L$3:$L$1000)="CONFIRMADO")),ROWS($A$3:A10))),"") | W10: =IFERROR(INDEX(MAESTRO!W:W,_xludf.AGGREGATE(15,6,ROW(MAESTRO!$B$3:$B$1000)/((MAESTRO!$B$3:$B$1000="ASMARTALC")*(UPPER(MAESTRO!$L$3:$L$1000)="CONFIRMADO")),ROWS($A$3:A10))),"") | X10: =IFERROR(INDEX(MAESTRO!X:X,_xludf.AGGREGATE(15,6,ROW(MAESTRO!$B$3:$B$1000)/((MAESTRO!$B$3:$B$1000="ASMARTALC")*(UPPER(MAESTRO!$L$3:$L$1000)="CONFIRMADO")),ROWS($A$3:A10))),"")
A11: =IFERROR(INDEX(MAESTRO!A:A,_xludf.AGGREGATE(15,6,ROW(MAESTRO!$B$3:$B$1000)/((MAESTRO!$B$3:$B$1000="ASMARTALC")*(UPPER(MAESTRO!$L$3:$L$1000)="CONFIRMADO")),ROWS($A$3:A11))),"") | B11: =IFERROR(INDEX(MAESTRO!B:B,_xludf.AGGREGATE(15,6,ROW(MAESTRO!$B$3:$B$1000)/((MAESTRO!$B$3:$B$1000="ASMARTALC")*(UPPER(MAESTRO!$L$3:$L$1000)="CONFIRMADO")),ROWS($A$3:A11))),"") | C11: =IFERROR(INDEX(MAESTRO!C:C,_xludf.AGGREGATE(15,6,ROW(MAESTRO!$B$3:$B$1000)/((MAESTRO!$B$3:$B$1000="ASMARTALC")*(UPPER(MAESTRO!$L$3:$L$1000)="CONFIRMADO")),ROWS($A$3:A11))),"") | D11: =IFERROR(INDEX(MAESTRO!D:D,_xludf.AGGREGATE(15,6,ROW(MAESTRO!$B$3:$B$1000)/((MAESTRO!$B$3:$B$1000="ASMARTALC")*(UPPER(MAESTRO!$L$3:$L$1000)="CONFIRMADO")),ROWS($A$3:A11))),"") | E11: =IFERROR(INDEX(MAESTRO!E:E,_xludf.AGGREGATE(15,6,ROW(MAESTRO!$B$3:$B$1000)/((MAESTRO!$B$3:$B$1000="ASMARTALC")*(UPPER(MAESTRO!$L$3:$L$1000)="CONFIRMADO")),ROWS($A$3:A11))),"") | F11: =IFERROR(INDEX(MAESTRO!F:F,_xludf.AGGREGATE(15,6,ROW(MAESTRO!$B$3:$B$1000)/((MAESTRO!$B$3:$B$1000="ASMARTALC")*(UPPER(MAESTRO!$L$3:$L$1000)="CONFIRMADO")),ROWS($A$3:A11))),"") | G11: =IFERROR(INDEX(MAESTRO!G:G,_xludf.AGGREGATE(15,6,ROW(MAESTRO!$B$3:$B$1000)/((MAESTRO!$B$3:$B$1000="ASMARTALC")*(UPPER(MAESTRO!$L$3:$L$1000)="CONFIRMADO")),ROWS($A$3:A11))),"") | H11: =IFERROR(INDEX(MAESTRO!H:H,_xludf.AGGREGATE(15,6,ROW(MAESTRO!$B$3:$B$1000)/((MAESTRO!$B$3:$B$1000="ASMARTALC")*(UPPER(MAESTRO!$L$3:$L$1000)="CONFIRMADO")),ROWS($A$3:A11))),"") | I11: =IFERROR(INDEX(MAESTRO!I:I,_xludf.AGGREGATE(15,6,ROW(MAESTRO!$B$3:$B$1000)/((MAESTRO!$B$3:$B$1000="ASMARTALC")*(UPPER(MAESTRO!$L$3:$L$1000)="CONFIRMADO")),ROWS($A$3:A11))),"") | J11: =IFERROR(INDEX(MAESTRO!J:J,_xludf.AGGREGATE(15,6,ROW(MAESTRO!$B$3:$B$1000)/((MAESTRO!$B$3:$B$1000="ASMARTALC")*(UPPER(MAESTRO!$L$3:$L$1000)="CONFIRMADO")),ROWS($A$3:A11))),"") | K11: =IFERROR(INDEX(MAESTRO!K:K,_xludf.AGGREGATE(15,6,ROW(MAESTRO!$B$3:$B$1000)/((MAESTRO!$B$3:$B$1000="ASMARTALC")*(UPPER(MAESTRO!$L$3:$L$1000)="CONFIRMADO")),ROWS($A$3:A11))),"") | L11: =IFERROR(INDEX(MAESTRO!L:L,_xludf.AGGREGATE(15,6,ROW(MAESTRO!$B$3:$B$1000)/((MAESTRO!$B$3:$B$1000="ASMARTALC")*(UPPER(MAESTRO!$L$3:$L$1000)="CONFIRMADO")),ROWS($A$3:A11))),"") | M11: =IFERROR(INDEX(MAESTRO!M:M,_xludf.AGGREGATE(15,6,ROW(MAESTRO!$B$3:$B$1000)/((MAESTRO!$B$3:$B$1000="ASMARTALC")*(UPPER(MAESTRO!$L$3:$L$1000)="CONFIRMADO")),ROWS($A$3:A11))),"") | N11: =IFERROR(INDEX(MAESTRO!N:N,_xludf.AGGREGATE(15,6,ROW(MAESTRO!$B$3:$B$1000)/((MAESTRO!$B$3:$B$1000="ASMARTALC")*(UPPER(MAESTRO!$L$3:$L$1000)="CONFIRMADO")),ROWS($A$3:A11))),"") | O11: =IFERROR(INDEX(MAESTRO!O:O,_xludf.AGGREGATE(15,6,ROW(MAESTRO!$B$3:$B$1000)/((MAESTRO!$B$3:$B$1000="ASMARTALC")*(UPPER(MAESTRO!$L$3:$L$1000)="CONFIRMADO")),ROWS($A$3:A11))),"") | P11: =IFERROR(INDEX(MAESTRO!P:P,_xludf.AGGREGATE(15,6,ROW(MAESTRO!$B$3:$B$1000)/((MAESTRO!$B$3:$B$1000="ASMARTALC")*(UPPER(MAESTRO!$L$3:$L$1000)="CONFIRMADO")),ROWS($A$3:A11))),"") | Q11: =IFERROR(INDEX(MAESTRO!Q:Q,_xludf.AGGREGATE(15,6,ROW(MAESTRO!$B$3:$B$1000)/((MAESTRO!$B$3:$B$1000="ASMARTALC")*(UPPER(MAESTRO!$L$3:$L$1000)="CONFIRMADO")),ROWS($A$3:A11))),"") | R11: =IFERROR(INDEX(MAESTRO!R:R,_xludf.AGGREGATE(15,6,ROW(MAESTRO!$B$3:$B$1000)/((MAESTRO!$B$3:$B$1000="ASMARTALC")*(UPPER(MAESTRO!$L$3:$L$1000)="CONFIRMADO")),ROWS($A$3:A11))),"") | S11: =IFERROR(INDEX(MAESTRO!S:S,_xludf.AGGREGATE(15,6,ROW(MAESTRO!$B$3:$B$1000)/((MAESTRO!$B$3:$B$1000="ASMARTALC")*(UPPER(MAESTRO!$L$3:$L$1000)="CONFIRMADO")),ROWS($A$3:A11))),"") | T11: =IFERROR(INDEX(MAESTRO!T:T,_xludf.AGGREGATE(15,6,ROW(MAESTRO!$B$3:$B$1000)/((MAESTRO!$B$3:$B$1000="ASMARTALC")*(UPPER(MAESTRO!$L$3:$L$1000)="CONFIRMADO")),ROWS($A$3:A11))),"") | U11: =IFERROR(INDEX(MAESTRO!U:U,_xludf.AGGREGATE(15,6,ROW(MAESTRO!$B$3:$B$1000)/((MAESTRO!$B$3:$B$1000="ASMARTALC")*(UPPER(MAESTRO!$L$3:$L$1000)="CONFIRMADO")),ROWS($A$3:A11))),"") | V11: =IFERROR(INDEX(MAESTRO!V:V,_xludf.AGGREGATE(15,6,ROW(MAESTRO!$B$3:$B$1000)/((MAESTRO!$B$3:$B$1000="ASMARTALC")*(UPPER(MAESTRO!$L$3:$L$1000)="CONFIRMADO")),ROWS($A$3:A11))),"") | W11: =IFERROR(INDEX(MAESTRO!W:W,_xludf.AGGREGATE(15,6,ROW(MAESTRO!$B$3:$B$1000)/((MAESTRO!$B$3:$B$1000="ASMARTALC")*(UPPER(MAESTRO!$L$3:$L$1000)="CONFIRMADO")),ROWS($A$3:A11))),"") | X11: =IFERROR(INDEX(MAESTRO!X:X,_xludf.AGGREGATE(15,6,ROW(MAESTRO!$B$3:$B$1000)/((MAESTRO!$B$3:$B$1000="ASMARTALC")*(UPPER(MAESTRO!$L$3:$L$1000)="CONFIRMADO")),ROWS($A$3:A11))),"")
A12: =IFERROR(INDEX(MAESTRO!A:A,_xludf.AGGREGATE(15,6,ROW(MAESTRO!$B$3:$B$1000)/((MAESTRO!$B$3:$B$1000="ASMARTALC")*(UPPER(MAESTRO!$L$3:$L$1000)="CONFIRMADO")),ROWS($A$3:A12))),"") | B12: =IFERROR(INDEX(MAESTRO!B:B,_xludf.AGGREGATE(15,6,ROW(MAESTRO!$B$3:$B$1000)/((MAESTRO!$B$3:$B$1000="ASMARTALC")*(UPPER(MAESTRO!$L$3:$L$1000)="CONFIRMADO")),ROWS($A$3:A12))),"") | C12: =IFERROR(INDEX(MAESTRO!C:C,_xludf.AGGREGATE(15,6,ROW(MAESTRO!$B$3:$B$1000)/((MAESTRO!$B$3:$B$1000="ASMARTALC")*(UPPER(MAESTRO!$L$3:$L$1000)="CONFIRMADO")),ROWS($A$3:A12))),"") | D12: =IFERROR(INDEX(MAESTRO!D:D,_xludf.AGGREGATE(15,6,ROW(MAESTRO!$B$3:$B$1000)/((MAESTRO!$B$3:$B$1000="ASMARTALC")*(UPPER(MAESTRO!$L$3:$L$1000)="CONFIRMADO")),ROWS($A$3:A12))),"") | E12: =IFERROR(INDEX(MAESTRO!E:E,_xludf.AGGREGATE(15,6,ROW(MAESTRO!$B$3:$B$1000)/((MAESTRO!$B$3:$B$1000="ASMARTALC")*(UPPER(MAESTRO!$L$3:$L$1000)="CONFIRMADO")),ROWS($A$3:A12))),"") | F12: =IFERROR(INDEX(MAESTRO!F:F,_xludf.AGGREGATE(15,6,ROW(MAESTRO!$B$3:$B$1000)/((MAESTRO!$B$3:$B$1000="ASMARTALC")*(UPPER(MAESTRO!$L$3:$L$1000)="CONFIRMADO")),ROWS($A$3:A12))),"") | G12: =IFERROR(INDEX(MAESTRO!G:G,_xludf.AGGREGATE(15,6,ROW(MAESTRO!$B$3:$B$1000)/((MAESTRO!$B$3:$B$1000="ASMARTALC")*(UPPER(MAESTRO!$L$3:$L$1000)="CONFIRMADO")),ROWS($A$3:A12))),"") | H12: =IFERROR(INDEX(MAESTRO!H:H,_xludf.AGGREGATE(15,6,ROW(MAESTRO!$B$3:$B$1000)/((MAESTRO!$B$3:$B$1000="ASMARTALC")*(UPPER(MAESTRO!$L$3:$L$1000)="CONFIRMADO")),ROWS($A$3:A12))),"") | I12: =IFERROR(INDEX(MAESTRO!I:I,_xludf.AGGREGATE(15,6,ROW(MAESTRO!$B$3:$B$1000)/((MAESTRO!$B$3:$B$1000="ASMARTALC")*(UPPER(MAESTRO!$L$3:$L$1000)="CONFIRMADO")),ROWS($A$3:A12))),"") | J12: =IFERROR(INDEX(MAESTRO!J:J,_xludf.AGGREGATE(15,6,ROW(MAESTRO!$B$3:$B$1000)/((MAESTRO!$B$3:$B$1000="ASMARTALC")*(UPPER(MAESTRO!$L$3:$L$1000)="CONFIRMADO")),ROWS($A$3:A12))),"") | K12: =IFERROR(INDEX(MAESTRO!K:K,_xludf.AGGREGATE(15,6,ROW(MAESTRO!$B$3:$B$1000)/((MAESTRO!$B$3:$B$1000="ASMARTALC")*(UPPER(MAESTRO!$L$3:$L$1000)="CONFIRMADO")),ROWS($A$3:A12))),"") | L12: =IFERROR(INDEX(MAESTRO!L:L,_xludf.AGGREGATE(15,6,ROW(MAESTRO!$B$3:$B$1000)/((MAESTRO!$B$3:$B$1000="ASMARTALC")*(UPPER(MAESTRO!$L$3:$L$1000)="CONFIRMADO")),ROWS($A$3:A12))),"") | M12: =IFERROR(INDEX(MAESTRO!M:M,_xludf.AGGREGATE(15,6,ROW(MAESTRO!$B$3:$B$1000)/((MAESTRO!$B$3:$B$1000="ASMARTALC")*(UPPER(MAESTRO!$L$3:$L$1000)="CONFIRMADO")),ROWS($A$3:A12))),"") | N12: =IFERROR(INDEX(MAESTRO!N:N,_xludf.AGGREGATE(15,6,ROW(MAESTRO!$B$3:$B$1000)/((MAESTRO!$B$3:$B$1000="ASMARTALC")*(UPPER(MAESTRO!$L$3:$L$1000)="CONFIRMADO")),ROWS($A$3:A12))),"") | O12: =IFERROR(INDEX(MAESTRO!O:O,_xludf.AGGREGATE(15,6,ROW(MAESTRO!$B$3:$B$1000)/((MAESTRO!$B$3:$B$1000="ASMARTALC")*(UPPER(MAESTRO!$L$3:$L$1000)="CONFIRMADO")),ROWS($A$3:A12))),"") | P12: =IFERROR(INDEX(MAESTRO!P:P,_xludf.AGGREGATE(15,6,ROW(MAESTRO!$B$3:$B$1000)/((MAESTRO!$B$3:$B$1000="ASMARTALC")*(UPPER(MAESTRO!$L$3:$L$1000)="CONFIRMADO")),ROWS($A$3:A12))),"") | Q12: =IFERROR(INDEX(MAESTRO!Q:Q,_xludf.AGGREGATE(15,6,ROW(MAESTRO!$B$3:$B$1000)/((MAESTRO!$B$3:$B$1000="ASMARTALC")*(UPPER(MAESTRO!$L$3:$L$1000)="CONFIRMADO")),ROWS($A$3:A12))),"") | R12: =IFERROR(INDEX(MAESTRO!R:R,_xludf.AGGREGATE(15,6,ROW(MAESTRO!$B$3:$B$1000)/((MAESTRO!$B$3:$B$1000="ASMARTALC")*(UPPER(MAESTRO!$L$3:$L$1000)="CONFIRMADO")),ROWS($A$3:A12))),"") | S12: =IFERROR(INDEX(MAESTRO!S:S,_xludf.AGGREGATE(15,6,ROW(MAESTRO!$B$3:$B$1000)/((MAESTRO!$B$3:$B$1000="ASMARTALC")*(UPPER(MAESTRO!$L$3:$L$1000)="CONFIRMADO")),ROWS($A$3:A12))),"") | T12: =IFERROR(INDEX(MAESTRO!T:T,_xludf.AGGREGATE(15,6,ROW(MAESTRO!$B$3:$B$1000)/((MAESTRO!$B$3:$B$1000="ASMARTALC")*(UPPER(MAESTRO!$L$3:$L$1000)="CONFIRMADO")),ROWS($A$3:A12))),"") | U12: =IFERROR(INDEX(MAESTRO!U:U,_xludf.AGGREGATE(15,6,ROW(MAESTRO!$B$3:$B$1000)/((MAESTRO!$B$3:$B$1000="ASMARTALC")*(UPPER(MAESTRO!$L$3:$L$1000)="CONFIRMADO")),ROWS($A$3:A12))),"") | V12: =IFERROR(INDEX(MAESTRO!V:V,_xludf.AGGREGATE(15,6,ROW(MAESTRO!$B$3:$B$1000)/((MAESTRO!$B$3:$B$1000="ASMARTALC")*(UPPER(MAESTRO!$L$3:$L$1000)="CONFIRMADO")),ROWS($A$3:A12))),"") | W12: =IFERROR(INDEX(MAESTRO!W:W,_xludf.AGGREGATE(15,6,ROW(MAESTRO!$B$3:$B$1000)/((MAESTRO!$B$3:$B$1000="ASMARTALC")*(UPPER(MAESTRO!$L$3:$L$1000)="CONFIRMADO")),ROWS($A$3:A12))),"") | X12: =IFERROR(INDEX(MAESTRO!X:X,_xludf.AGGREGATE(15,6,ROW(MAESTRO!$B$3:$B$1000)/((MAESTRO!$B$3:$B$1000="ASMARTALC")*(UPPER(MAESTRO!$L$3:$L$1000)="CONFIRMADO")),ROWS($A$3:A12))),"")
A13: =IFERROR(INDEX(MAESTRO!A:A,_xludf.AGGREGATE(15,6,ROW(MAESTRO!$B$3:$B$1000)/((MAESTRO!$B$3:$B$1000="ASMARTALC")*(UPPER(MAESTRO!$L$3:$L$1000)="CONFIRMADO")),ROWS($A$3:A13))),"") | B13: =IFERROR(INDEX(MAESTRO!B:B,_xludf.AGGREGATE(15,6,ROW(MAESTRO!$B$3:$B$1000)/((MAESTRO!$B$3:$B$1000="ASMARTALC")*(UPPER(MAESTRO!$L$3:$L$1000)="CONFIRMADO")),ROWS($A$3:A13))),"") | C13: =IFERROR(INDEX(MAESTRO!C:C,_xludf.AGGREGATE(15,6,ROW(MAESTRO!$B$3:$B$1000)/((MAESTRO!$B$3:$B$1000="ASMARTALC")*(UPPER(MAESTRO!$L$3:$L$1000)="CONFIRMADO")),ROWS($A$3:A13))),"") | D13: =IFERROR(INDEX(MAESTRO!D:D,_xludf.AGGREGATE(15,6,ROW(MAESTRO!$B$3:$B$1000)/((MAESTRO!$B$3:$B$1000="ASMARTALC")*(UPPER(MAESTRO!$L$3:$L$1000)="CONFIRMADO")),ROWS($A$3:A13))),"") | E13: =IFERROR(INDEX(MAESTRO!E:E,_xludf.AGGREGATE(15,6,ROW(MAESTRO!$B$3:$B$1000)/((MAESTRO!$B$3:$B$1000="ASMARTALC")*(UPPER(MAESTRO!$L$3:$L$1000)="CONFIRMADO")),ROWS($A$3:A13))),"") | F13: =IFERROR(INDEX(MAESTRO!F:F,_xludf.AGGREGATE(15,6,ROW(MAESTRO!$B$3:$B$1000)/((MAESTRO!$B$3:$B$1000="ASMARTALC")*(UPPER(MAESTRO!$L$3:$L$1000)="CONFIRMADO")),ROWS($A$3:A13))),"") | G13: =IFERROR(INDEX(MAESTRO!G:G,_xludf.AGGREGATE(15,6,ROW(MAESTRO!$B$3:$B$1000)/((MAESTRO!$B$3:$B$1000="ASMARTALC")*(UPPER(MAESTRO!$L$3:$L$1000)="CONFIRMADO")),ROWS($A$3:A13))),"") | H13: =IFERROR(INDEX(MAESTRO!H:H,_xludf.AGGREGATE(15,6,ROW(MAESTRO!$B$3:$B$1000)/((MAESTRO!$B$3:$B$1000="ASMARTALC")*(UPPER(MAESTRO!$L$3:$L$1000)="CONFIRMADO")),ROWS($A$3:A13))),"") | I13: =IFERROR(INDEX(MAESTRO!I:I,_xludf.AGGREGATE(15,6,ROW(MAESTRO!$B$3:$B$1000)/((MAESTRO!$B$3:$B$1000="ASMARTALC")*(UPPER(MAESTRO!$L$3:$L$1000)="CONFIRMADO")),ROWS($A$3:A13))),"") | J13: =IFERROR(INDEX(MAESTRO!J:J,_xludf.AGGREGATE(15,6,ROW(MAESTRO!$B$3:$B$1000)/((MAESTRO!$B$3:$B$1000="ASMARTALC")*(UPPER(MAESTRO!$L$3:$L$1000)="CONFIRMADO")),ROWS($A$3:A13))),"") | K13: =IFERROR(INDEX(MAESTRO!K:K,_xludf.AGGREGATE(15,6,ROW(MAESTRO!$B$3:$B$1000)/((MAESTRO!$B$3:$B$1000="ASMARTALC")*(UPPER(MAESTRO!$L$3:$L$1000)="CONFIRMADO")),ROWS($A$3:A13))),"") | L13: =IFERROR(INDEX(MAESTRO!L:L,_xludf.AGGREGATE(15,6,ROW(MAESTRO!$B$3:$B$1000)/((MAESTRO!$B$3:$B$1000="ASMARTALC")*(UPPER(MAESTRO!$L$3:$L$1000)="CONFIRMADO")),ROWS($A$3:A13))),"") | M13: =IFERROR(INDEX(MAESTRO!M:M,_xludf.AGGREGATE(15,6,ROW(MAESTRO!$B$3:$B$1000)/((MAESTRO!$B$3:$B$1000="ASMARTALC")*(UPPER(MAESTRO!$L$3:$L$1000)="CONFIRMADO")),ROWS($A$3:A13))),"") | N13: =IFERROR(INDEX(MAESTRO!N:N,_xludf.AGGREGATE(15,6,ROW(MAESTRO!$B$3:$B$1000)/((MAESTRO!$B$3:$B$1000="ASMARTALC")*(UPPER(MAESTRO!$L$3:$L$1000)="CONFIRMADO")),ROWS($A$3:A13))),"") | O13: =IFERROR(INDEX(MAESTRO!O:O,_xludf.AGGREGATE(15,6,ROW(MAESTRO!$B$3:$B$1000)/((MAESTRO!$B$3:$B$1000="ASMARTALC")*(UPPER(MAESTRO!$L$3:$L$1000)="CONFIRMADO")),ROWS($A$3:A13))),"") | P13: =IFERROR(INDEX(MAESTRO!P:P,_xludf.AGGREGATE(15,6,ROW(MAESTRO!$B$3:$B$1000)/((MAESTRO!$B$3:$B$1000="ASMARTALC")*(UPPER(MAESTRO!$L$3:$L$1000)="CONFIRMADO")),ROWS($A$3:A13))),"") | Q13: =IFERROR(INDEX(MAESTRO!Q:Q,_xludf.AGGREGATE(15,6,ROW(MAESTRO!$B$3:$B$1000)/((MAESTRO!$B$3:$B$1000="ASMARTALC")*(UPPER(MAESTRO!$L$3:$L$1000)="CONFIRMADO")),ROWS($A$3:A13))),"") | R13: =IFERROR(INDEX(MAESTRO!R:R,_xludf.AGGREGATE(15,6,ROW(MAESTRO!$B$3:$B$1000)/((MAESTRO!$B$3:$B$1000="ASMARTALC")*(UPPER(MAESTRO!$L$3:$L$1000)="CONFIRMADO")),ROWS($A$3:A13))),"") | S13: =IFERROR(INDEX(MAESTRO!S:S,_xludf.AGGREGATE(15,6,ROW(MAESTRO!$B$3:$B$1000)/((MAESTRO!$B$3:$B$1000="ASMARTALC")*(UPPER(MAESTRO!$L$3:$L$1000)="CONFIRMADO")),ROWS($A$3:A13))),"") | T13: =IFERROR(INDEX(MAESTRO!T:T,_xludf.AGGREGATE(15,6,ROW(MAESTRO!$B$3:$B$1000)/((MAESTRO!$B$3:$B$1000="ASMARTALC")*(UPPER(MAESTRO!$L$3:$L$1000)="CONFIRMADO")),ROWS($A$3:A13))),"") | U13: =IFERROR(INDEX(MAESTRO!U:U,_xludf.AGGREGATE(15,6,ROW(MAESTRO!$B$3:$B$1000)/((MAESTRO!$B$3:$B$1000="ASMARTALC")*(UPPER(MAESTRO!$L$3:$L$1000)="CONFIRMADO")),ROWS($A$3:A13))),"") | V13: =IFERROR(INDEX(MAESTRO!V:V,_xludf.AGGREGATE(15,6,ROW(MAESTRO!$B$3:$B$1000)/((MAESTRO!$B$3:$B$1000="ASMARTALC")*(UPPER(MAESTRO!$L$3:$L$1000)="CONFIRMADO")),ROWS($A$3:A13))),"") | W13: =IFERROR(INDEX(MAESTRO!W:W,_xludf.AGGREGATE(15,6,ROW(MAESTRO!$B$3:$B$1000)/((MAESTRO!$B$3:$B$1000="ASMARTALC")*(UPPER(MAESTRO!$L$3:$L$1000)="CONFIRMADO")),ROWS($A$3:A13))),"") | X13: =IFERROR(INDEX(MAESTRO!X:X,_xludf.AGGREGATE(15,6,ROW(MAESTRO!$B$3:$B$1000)/((MAESTRO!$B$3:$B$1000="ASMARTALC")*(UPPER(MAESTRO!$L$3:$L$1000)="CONFIRMADO")),ROWS($A$3:A13))),"")
A14: =IFERROR(INDEX(MAESTRO!A:A,_xludf.AGGREGATE(15,6,ROW(MAESTRO!$B$3:$B$1000)/((MAESTRO!$B$3:$B$1000="ASMARTALC")*(UPPER(MAESTRO!$L$3:$L$1000)="CONFIRMADO")),ROWS($A$3:A14))),"") | B14: =IFERROR(INDEX(MAESTRO!B:B,_xludf.AGGREGATE(15,6,ROW(MAESTRO!$B$3:$B$1000)/((MAESTRO!$B$3:$B$1000="ASMARTALC")*(UPPER(MAESTRO!$L$3:$L$1000)="CONFIRMADO")),ROWS($A$3:A14))),"") | C14: =IFERROR(INDEX(MAESTRO!C:C,_xludf.AGGREGATE(15,6,ROW(MAESTRO!$B$3:$B$1000)/((MAESTRO!$B$3:$B$1000="ASMARTALC")*(UPPER(MAESTRO!$L$3:$L$1000)="CONFIRMADO")),ROWS($A$3:A14))),"") | D14: =IFERROR(INDEX(MAESTRO!D:D,_xludf.AGGREGATE(15,6,ROW(MAESTRO!$B$3:$B$1000)/((MAESTRO!$B$3:$B$1000="ASMARTALC")*(UPPER(MAESTRO!$L$3:$L$1000)="CONFIRMADO")),ROWS($A$3:A14))),"") | E14: =IFERROR(INDEX(MAESTRO!E:E,_xludf.AGGREGATE(15,6,ROW(MAESTRO!$B$3:$B$1000)/((MAESTRO!$B$3:$B$1000="ASMARTALC")*(UPPER(MAESTRO!$L$3:$L$1000)="CONFIRMADO")),ROWS($A$3:A14))),"") | F14: =IFERROR(INDEX(MAESTRO!F:F,_xludf.AGGREGATE(15,6,ROW(MAESTRO!$B$3:$B$1000)/((MAESTRO!$B$3:$B$1000="ASMARTALC")*(UPPER(MAESTRO!$L$3:$L$1000)="CONFIRMADO")),ROWS($A$3:A14))),"") | G14: =IFERROR(INDEX(MAESTRO!G:G,_xludf.AGGREGATE(15,6,ROW(MAESTRO!$B$3:$B$1000)/((MAESTRO!$B$3:$B$1000="ASMARTALC")*(UPPER(MAESTRO!$L$3:$L$1000)="CONFIRMADO")),ROWS($A$3:A14))),"") | H14: =IFERROR(INDEX(MAESTRO!H:H,_xludf.AGGREGATE(15,6,ROW(MAESTRO!$B$3:$B$1000)/((MAESTRO!$B$3:$B$1000="ASMARTALC")*(UPPER(MAESTRO!$L$3:$L$1000)="CONFIRMADO")),ROWS($A$3:A14))),"") | I14: =IFERROR(INDEX(MAESTRO!I:I,_xludf.AGGREGATE(15,6,ROW(MAESTRO!$B$3:$B$1000)/((MAESTRO!$B$3:$B$1000="ASMARTALC")*(UPPER(MAESTRO!$L$3:$L$1000)="CONFIRMADO")),ROWS($A$3:A14))),"") | J14: =IFERROR(INDEX(MAESTRO!J:J,_xludf.AGGREGATE(15,6,ROW(MAESTRO!$B$3:$B$1000)/((MAESTRO!$B$3:$B$1000="ASMARTALC")*(UPPER(MAESTRO!$L$3:$L$1000)="CONFIRMADO")),ROWS($A$3:A14))),"") | K14: =IFERROR(INDEX(MAESTRO!K:K,_xludf.AGGREGATE(15,6,ROW(MAESTRO!$B$3:$B$1000)/((MAESTRO!$B$3:$B$1000="ASMARTALC")*(UPPER(MAESTRO!$L$3:$L$1000)="CONFIRMADO")),ROWS($A$3:A14))),"") | L14: =IFERROR(INDEX(MAESTRO!L:L,_xludf.AGGREGATE(15,6,ROW(MAESTRO!$B$3:$B$1000)/((MAESTRO!$B$3:$B$1000="ASMARTALC")*(UPPER(MAESTRO!$L$3:$L$1000)="CONFIRMADO")),ROWS($A$3:A14))),"") | M14: =IFERROR(INDEX(MAESTRO!M:M,_xludf.AGGREGATE(15,6,ROW(MAESTRO!$B$3:$B$1000)/((MAESTRO!$B$3:$B$1000="ASMARTALC")*(UPPER(MAESTRO!$L$3:$L$1000)="CONFIRMADO")),ROWS($A$3:A14))),"") | N14: =IFERROR(INDEX(MAESTRO!N:N,_xludf.AGGREGATE(15,6,ROW(MAESTRO!$B$3:$B$1000)/((MAESTRO!$B$3:$B$1000="ASMARTALC")*(UPPER(MAESTRO!$L$3:$L$1000)="CONFIRMADO")),ROWS($A$3:A14))),"") | O14: =IFERROR(INDEX(MAESTRO!O:O,_xludf.AGGREGATE(15,6,ROW(MAESTRO!$B$3:$B$1000)/((MAESTRO!$B$3:$B$1000="ASMARTALC")*(UPPER(MAESTRO!$L$3:$L$1000)="CONFIRMADO")),ROWS($A$3:A14))),"") | P14: =IFERROR(INDEX(MAESTRO!P:P,_xludf.AGGREGATE(15,6,ROW(MAESTRO!$B$3:$B$1000)/((MAESTRO!$B$3:$B$1000="ASMARTALC")*(UPPER(MAESTRO!$L$3:$L$1000)="CONFIRMADO")),ROWS($A$3:A14))),"") | Q14: =IFERROR(INDEX(MAESTRO!Q:Q,_xludf.AGGREGATE(15,6,ROW(MAESTRO!$B$3:$B$1000)/((MAESTRO!$B$3:$B$1000="ASMARTALC")*(UPPER(MAESTRO!$L$3:$L$1000)="CONFIRMADO")),ROWS($A$3:A14))),"") | R14: =IFERROR(INDEX(MAESTRO!R:R,_xludf.AGGREGATE(15,6,ROW(MAESTRO!$B$3:$B$1000)/((MAESTRO!$B$3:$B$1000="ASMARTALC")*(UPPER(MAESTRO!$L$3:$L$1000)="CONFIRMADO")),ROWS($A$3:A14))),"") | S14: =IFERROR(INDEX(MAESTRO!S:S,_xludf.AGGREGATE(15,6,ROW(MAESTRO!$B$3:$B$1000)/((MAESTRO!$B$3:$B$1000="ASMARTALC")*(UPPER(MAESTRO!$L$3:$L$1000)="CONFIRMADO")),ROWS($A$3:A14))),"") | T14: =IFERROR(INDEX(MAESTRO!T:T,_xludf.AGGREGATE(15,6,ROW(MAESTRO!$B$3:$B$1000)/((MAESTRO!$B$3:$B$1000="ASMARTALC")*(UPPER(MAESTRO!$L$3:$L$1000)="CONFIRMADO")),ROWS($A$3:A14))),"") | U14: =IFERROR(INDEX(MAESTRO!U:U,_xludf.AGGREGATE(15,6,ROW(MAESTRO!$B$3:$B$1000)/((MAESTRO!$B$3:$B$1000="ASMARTALC")*(UPPER(MAESTRO!$L$3:$L$1000)="CONFIRMADO")),ROWS($A$3:A14))),"") | V14: =IFERROR(INDEX(MAESTRO!V:V,_xludf.AGGREGATE(15,6,ROW(MAESTRO!$B$3:$B$1000)/((MAESTRO!$B$3:$B$1000="ASMARTALC")*(UPPER(MAESTRO!$L$3:$L$1000)="CONFIRMADO")),ROWS($A$3:A14))),"") | W14: =IFERROR(INDEX(MAESTRO!W:W,_xludf.AGGREGATE(15,6,ROW(MAESTRO!$B$3:$B$1000)/((MAESTRO!$B$3:$B$1000="ASMARTALC")*(UPPER(MAESTRO!$L$3:$L$1000)="CONFIRMADO")),ROWS($A$3:A14))),"") | X14: =IFERROR(INDEX(MAESTRO!X:X,_xludf.AGGREGATE(15,6,ROW(MAESTRO!$B$3:$B$1000)/((MAESTRO!$B$3:$B$1000="ASMARTALC")*(UPPER(MAESTRO!$L$3:$L$1000)="CONFIRMADO")),ROWS($A$3:A14))),"")
... A502: =IFERROR(INDEX(MAESTRO!A:A,_xludf.AGGREGATE(15,6,ROW(MAESTRO!$B$3:$B$1000)/((MAESTRO!$B$3:$B$1000="ASMARTALC")*(UPPER(MAESTRO!$L$3:$L$1000)="CONFIRMADO")),ROWS($A$3:A502))),"") | B502: =IFERROR(INDEX(MAESTRO!B:B,_xludf.AGGREGATE(15,6,ROW(MAESTRO!$B$3:$B$1000)/((MAESTRO!$B$3:$B$1000="ASMARTALC")*(UPPER(MAESTRO!$L$3:$L$1000)="CONFIRMADO")),ROWS($A$3:A502))),"") | C502: =IFERROR(INDEX(MAESTRO!C:C,_xludf.AGGREGATE(15,6,ROW(MAESTRO!$B$3:$B$1000)/((MAESTRO!$B$3:$B$1000="ASMARTALC")*(UPPER(MAESTRO!$L$3:$L$1000)="CONFIRMADO")),ROWS($A$3:A502))),"") | D502: =IFERROR(INDEX(MAESTRO!D:D,_xludf.AGGREGATE(15,6,ROW(MAESTRO!$B$3:$B$1000)/((MAESTRO!$B$3:$B$1000="ASMARTALC")*(UPPER(MAESTRO!$L$3:$L$1000)="CONFIRMADO")),ROWS($A$3:A502))),"") | E502: =IFERROR(INDEX(MAESTRO!E:E,_xludf.AGGREGATE(15,6,ROW(MAESTRO!$B$3:$B$1000)/((MAESTRO!$B$3:$B$1000="ASMARTALC")*(UPPER(MAESTRO!$L$3:$L$1000)="CONFIRMADO")),ROWS($A$3:A502))),"") | F502: =IFERROR(INDEX(MAESTRO!F:F,_xludf.AGGREGATE(15,6,ROW(MAESTRO!$B$3:$B$1000)/((MAESTRO!$B$3:$B$1000="ASMARTALC")*(UPPER(MAESTRO!$L$3:$L$1000)="CONFIRMADO")),ROWS($A$3:A502))),"") | G502: =IFERROR(INDEX(MAESTRO!G:G,_xludf.AGGREGATE(15,6,ROW(MAESTRO!$B$3:$B$1000)/((MAESTRO!$B$3:$B$1000="ASMARTALC")*(UPPER(MAESTRO!$L$3:$L$1000)="CONFIRMADO")),ROWS($A$3:A502))),"") | H502: =IFERROR(INDEX(MAESTRO!H:H,_xludf.AGGREGATE(15,6,ROW(MAESTRO!$B$3:$B$1000)/((MAESTRO!$B$3:$B$1000="ASMARTALC")*(UPPER(MAESTRO!$L$3:$L$1000)="CONFIRMADO")),ROWS($A$3:A502))),"") | I502: =IFERROR(INDEX(MAESTRO!I:I,_xludf.AGGREGATE(15,6,ROW(MAESTRO!$B$3:$B$1000)/((MAESTRO!$B$3:$B$1000="ASMARTALC")*(UPPER(MAESTRO!$L$3:$L$1000)="CONFIRMADO")),ROWS($A$3:A502))),"") | J502: =IFERROR(INDEX(MAESTRO!J:J,_xludf.AGGREGATE(15,6,ROW(MAESTRO!$B$3:$B$1000)/((MAESTRO!$B$3:$B$1000="ASMARTALC")*(UPPER(MAESTRO!$L$3:$L$1000)="CONFIRMADO")),ROWS($A$3:A502))),"") | K502: =IFERROR(INDEX(MAESTRO!K:K,_xludf.AGGREGATE(15,6,ROW(MAESTRO!$B$3:$B$1000)/((MAESTRO!$B$3:$B$1000="ASMARTALC")*(UPPER(MAESTRO!$L$3:$L$1000)="CONFIRMADO")),ROWS($A$3:A502))),"") | L502: =IFERROR(INDEX(MAESTRO!L:L,_xludf.AGGREGATE(15,6,ROW(MAESTRO!$B$3:$B$1000)/((MAESTRO!$B$3:$B$1000="ASMARTALC")*(UPPER(MAESTRO!$L$3:$L$1000)="CONFIRMADO")),ROWS($A$3:A502))),"") | M502: =IFERROR(INDEX(MAESTRO!M:M,_xludf.AGGREGATE(15,6,ROW(MAESTRO!$B$3:$B$1000)/((MAESTRO!$B$3:$B$1000="ASMARTALC")*(UPPER(MAESTRO!$L$3:$L$1000)="CONFIRMADO")),ROWS($A$3:A502))),"") | N502: =IFERROR(INDEX(MAESTRO!N:N,_xludf.AGGREGATE(15,6,ROW(MAESTRO!$B$3:$B$1000)/((MAESTRO!$B$3:$B$1000="ASMARTALC")*(UPPER(MAESTRO!$L$3:$L$1000)="CONFIRMADO")),ROWS($A$3:A502))),"") | O502: =IFERROR(INDEX(MAESTRO!O:O,_xludf.AGGREGATE(15,6,ROW(MAESTRO!$B$3:$B$1000)/((MAESTRO!$B$3:$B$1000="ASMARTALC")*(UPPER(MAESTRO!$L$3:$L$1000)="CONFIRMADO")),ROWS($A$3:A502))),"") | P502: =IFERROR(INDEX(MAESTRO!P:P,_xludf.AGGREGATE(15,6,ROW(MAESTRO!$B$3:$B$1000)/((MAESTRO!$B$3:$B$1000="ASMARTALC")*(UPPER(MAESTRO!$L$3:$L$1000)="CONFIRMADO")),ROWS($A$3:A502))),"") | Q502: =IFERROR(INDEX(MAESTRO!Q:Q,_xludf.AGGREGATE(15,6,ROW(MAESTRO!$B$3:$B$1000)/((MAESTRO!$B$3:$B$1000="ASMARTALC")*(UPPER(MAESTRO!$L$3:$L$1000)="CONFIRMADO")),ROWS($A$3:A502))),"") | R502: =IFERROR(INDEX(MAESTRO!R:R,_xludf.AGGREGATE(15,6,ROW(MAESTRO!$B$3:$B$1000)/((MAESTRO!$B$3:$B$1000="ASMARTALC")*(UPPER(MAESTRO!$L$3:$L$1000)="CONFIRMADO")),ROWS($A$3:A502))),"") | S502: =IFERROR(INDEX(MAESTRO!S:S,_xludf.AGGREGATE(15,6,ROW(MAESTRO!$B$3:$B$1000)/((MAESTRO!$B$3:$B$1000="ASMARTALC")*(UPPER(MAESTRO!$L$3:$L$1000)="CONFIRMADO")),ROWS($A$3:A502))),"") | T502: =IFERROR(INDEX(MAESTRO!T:T,_xludf.AGGREGATE(15,6,ROW(MAESTRO!$B$3:$B$1000)/((MAESTRO!$B$3:$B$1000="ASMARTALC")*(UPPER(MAESTRO!$L$3:$L$1000)="CONFIRMADO")),ROWS($A$3:A502))),"") | U502: =IFERROR(INDEX(MAESTRO!U:U,_xludf.AGGREGATE(15,6,ROW(MAESTRO!$B$3:$B$1000)/((MAESTRO!$B$3:$B$1000="ASMARTALC")*(UPPER(MAESTRO!$L$3:$L$1000)="CONFIRMADO")),ROWS($A$3:A502))),"") | V502: =IFERROR(INDEX(MAESTRO!V:V,_xludf.AGGREGATE(15,6,ROW(MAESTRO!$B$3:$B$1000)/((MAESTRO!$B$3:$B$1000="ASMARTALC")*(UPPER(MAESTRO!$L$3:$L$1000)="CONFIRMADO")),ROWS($A$3:A502))),"") | W502: =IFERROR(INDEX(MAESTRO!W:W,_xludf.AGGREGATE(15,6,ROW(MAESTRO!$B$3:$B$1000)/((MAESTRO!$B$3:$B$1000="ASMARTALC")*(UPPER(MAESTRO!$L$3:$L$1000)="CONFIRMADO")),ROWS($A$3:A502))),"") | X502: =IFERROR(INDEX(MAESTRO!X:X,_xludf.AGGREGATE(15,6,ROW(MAESTRO!$B$3:$B$1000)/((MAESTRO!$B$3:$B$1000="ASMARTALC")*(UPPER(MAESTRO!$L$3:$L$1000)="CONFIRMADO")),ROWS($A$3:A502))),"")

Sheet MILITARES
A1: MILITARES
A2: NRO. | B2: FUENTE/PESTAÑA | C2: TRIBUNA | D2: PRIORIDAD | E2: GRADO/TRATAMIENTO | F2: VOCATIVO | G2: PREFIJO | H2: NOMBRE | I2: APELLIDO PATERNO | J2: APELLIDO MATERNO | K2: Nombre Apellido Paterno Apellido Materno | L2: ASISTENCIA | M2: CORREO ELECTRÓNICO | N2: CARGO | O2: EMPRESA/UNIVERSIDAD/OTRO | P2: ORIGEN | Q2: PAÍS | R2: CATEGORÍA | S2: CÓCTEL | T2: CONFIRMACIÓN | U2: ORDEN ACTIVO | V2: UBICACIÓN | W2: IR A TRIBUNA | X2: OBSERVACIONES
A3: =IFERROR(INDEX(MAESTRO!A:A,_xludf.AGGREGATE(15,6,ROW(MAESTRO!$B$3:$B$1000)/((MAESTRO!$B$3:$B$1000="MILITARES")*(UPPER(MAESTRO!$L$3:$L$1000)="CONFIRMADO")),ROWS($A$3:A3))),"") | B3: =IFERROR(INDEX(MAESTRO!B:B,_xludf.AGGREGATE(15,6,ROW(MAESTRO!$B$3:$B$1000)/((MAESTRO!$B$3:$B$1000="MILITARES")*(UPPER(MAESTRO!$L$3:$L$1000)="CONFIRMADO")),ROWS($A$3:A3))),"") | C3: =IFERROR(INDEX(MAESTRO!C:C,_xludf.AGGREGATE(15,6,ROW(MAESTRO!$B$3:$B$1000)/((MAESTRO!$B$3:$B$1000="MILITARES")*(UPPER(MAESTRO!$L$3:$L$1000)="CONFIRMADO")),ROWS($A$3:A3))),"") | D3: =IFERROR(INDEX(MAESTRO!D:D,_xludf.AGGREGATE(15,6,ROW(MAESTRO!$B$3:$B$1000)/((MAESTRO!$B$3:$B$1000="MILITARES")*(UPPER(MAESTRO!$L$3:$L$1000)="CONFIRMADO")),ROWS($A$3:A3))),"") | E3: =IFERROR(INDEX(MAESTRO!E:E,_xludf.AGGREGATE(15,6,ROW(MAESTRO!$B$3:$B$1000)/((MAESTRO!$B$3:$B$1000="MILITARES")*(UPPER(MAESTRO!$L$3:$L$1000)="CONFIRMADO")),ROWS($A$3:A3))),"") | F3: =IFERROR(INDEX(MAESTRO!F:F,_xludf.AGGREGATE(15,6,ROW(MAESTRO!$B$3:$B$1000)/((MAESTRO!$B$3:$B$1000="MILITARES")*(UPPER(MAESTRO!$L$3:$L$1000)="CONFIRMADO")),ROWS($A$3:A3))),"") | G3: =IFERROR(INDEX(MAESTRO!G:G,_xludf.AGGREGATE(15,6,ROW(MAESTRO!$B$3:$B$1000)/((MAESTRO!$B$3:$B$1000="MILITARES")*(UPPER(MAESTRO!$L$3:$L$1000)="CONFIRMADO")),ROWS($A$3:A3))),"") | H3: =IFERROR(INDEX(MAESTRO!H:H,_xludf.AGGREGATE(15,6,ROW(MAESTRO!$B$3:$B$1000)/((MAESTRO!$B$3:$B$1000="MILITARES")*(UPPER(MAESTRO!$L$3:$L$1000)="CONFIRMADO")),ROWS($A$3:A3))),"") | I3: =IFERROR(INDEX(MAESTRO!I:I,_xludf.AGGREGATE(15,6,ROW(MAESTRO!$B$3:$B$1000)/((MAESTRO!$B$3:$B$1000="MILITARES")*(UPPER(MAESTRO!$L$3:$L$1000)="CONFIRMADO")),ROWS($A$3:A3))),"") | J3: =IFERROR(INDEX(MAESTRO!J:J,_xludf.AGGREGATE(15,6,ROW(MAESTRO!$B$3:$B$1000)/((MAESTRO!$B$3:$B$1000="MILITARES")*(UPPER(MAESTRO!$L$3:$L$1000)="CONFIRMADO")),ROWS($A$3:A3))),"") | K3: =IFERROR(INDEX(MAESTRO!K:K,_xludf.AGGREGATE(15,6,ROW(MAESTRO!$B$3:$B$1000)/((MAESTRO!$B$3:$B$1000="MILITARES")*(UPPER(MAESTRO!$L$3:$L$1000)="CONFIRMADO")),ROWS($A$3:A3))),"") | L3: =IFERROR(INDEX(MAESTRO!L:L,_xludf.AGGREGATE(15,6,ROW(MAESTRO!$B$3:$B$1000)/((MAESTRO!$B$3:$B$1000="MILITARES")*(UPPER(MAESTRO!$L$3:$L$1000)="CONFIRMADO")),ROWS($A$3:A3))),"") | M3: =IFERROR(INDEX(MAESTRO!M:M,_xludf.AGGREGATE(15,6,ROW(MAESTRO!$B$3:$B$1000)/((MAESTRO!$B$3:$B$1000="MILITARES")*(UPPER(MAESTRO!$L$3:$L$1000)="CONFIRMADO")),ROWS($A$3:A3))),"") | N3: =IFERROR(INDEX(MAESTRO!N:N,_xludf.AGGREGATE(15,6,ROW(MAESTRO!$B$3:$B$1000)/((MAESTRO!$B$3:$B$1000="MILITARES")*(UPPER(MAESTRO!$L$3:$L$1000)="CONFIRMADO")),ROWS($A$3:A3))),"") | O3: =IFERROR(INDEX(MAESTRO!O:O,_xludf.AGGREGATE(15,6,ROW(MAESTRO!$B$3:$B$1000)/((MAESTRO!$B$3:$B$1000="MILITARES")*(UPPER(MAESTRO!$L$3:$L$1000)="CONFIRMADO")),ROWS($A$3:A3))),"") | P3: =IFERROR(INDEX(MAESTRO!P:P,_xludf.AGGREGATE(15,6,ROW(MAESTRO!$B$3:$B$1000)/((MAESTRO!$B$3:$B$1000="MILITARES")*(UPPER(MAESTRO!$L$3:$L$1000)="CONFIRMADO")),ROWS($A$3:A3))),"") | Q3: =IFERROR(INDEX(MAESTRO!Q:Q,_xludf.AGGREGATE(15,6,ROW(MAESTRO!$B$3:$B$1000)/((MAESTRO!$B$3:$B$1000="MILITARES")*(UPPER(MAESTRO!$L$3:$L$1000)="CONFIRMADO")),ROWS($A$3:A3))),"") | R3: =IFERROR(INDEX(MAESTRO!R:R,_xludf.AGGREGATE(15,6,ROW(MAESTRO!$B$3:$B$1000)/((MAESTRO!$B$3:$B$1000="MILITARES")*(UPPER(MAESTRO!$L$3:$L$1000)="CONFIRMADO")),ROWS($A$3:A3))),"") | S3: =IFERROR(INDEX(MAESTRO!S:S,_xludf.AGGREGATE(15,6,ROW(MAESTRO!$B$3:$B$1000)/((MAESTRO!$B$3:$B$1000="MILITARES")*(UPPER(MAESTRO!$L$3:$L$1000)="CONFIRMADO")),ROWS($A$3:A3))),"") | T3: =IFERROR(INDEX(MAESTRO!T:T,_xludf.AGGREGATE(15,6,ROW(MAESTRO!$B$3:$B$1000)/((MAESTRO!$B$3:$B$1000="MILITARES")*(UPPER(MAESTRO!$L$3:$L$1000)="CONFIRMADO")),ROWS($A$3:A3))),"") | U3: =IFERROR(INDEX(MAESTRO!U:U,_xludf.AGGREGATE(15,6,ROW(MAESTRO!$B$3:$B$1000)/((MAESTRO!$B$3:$B$1000="MILITARES")*(UPPER(MAESTRO!$L$3:$L$1000)="CONFIRMADO")),ROWS($A$3:A3))),"") | V3: =IFERROR(INDEX(MAESTRO!V:V,_xludf.AGGREGATE(15,6,ROW(MAESTRO!$B$3:$B$1000)/((MAESTRO!$B$3:$B$1000="MILITARES")*(UPPER(MAESTRO!$L$3:$L$1000)="CONFIRMADO")),ROWS($A$3:A3))),"") | W3: =IFERROR(INDEX(MAESTRO!W:W,_xludf.AGGREGATE(15,6,ROW(MAESTRO!$B$3:$B$1000)/((MAESTRO!$B$3:$B$1000="MILITARES")*(UPPER(MAESTRO!$L$3:$L$1000)="CONFIRMADO")),ROWS($A$3:A3))),"") | X3: =IFERROR(INDEX(MAESTRO!X:X,_xludf.AGGREGATE(15,6,ROW(MAESTRO!$B$3:$B$1000)/((MAESTRO!$B$3:$B$1000="MILITARES")*(UPPER(MAESTRO!$L$3:$L$1000)="CONFIRMADO")),ROWS($A$3:A3))),"")
A4: =IFERROR(INDEX(MAESTRO!A:A,_xludf.AGGREGATE(15,6,ROW(MAESTRO!$B$3:$B$1000)/((MAESTRO!$B$3:$B$1000="MILITARES")*(UPPER(MAESTRO!$L$3:$L$1000)="CONFIRMADO")),ROWS($A$3:A4))),"") | B4: =IFERROR(INDEX(MAESTRO!B:B,_xludf.AGGREGATE(15,6,ROW(MAESTRO!$B$3:$B$1000)/((MAESTRO!$B$3:$B$1000="MILITARES")*(UPPER(MAESTRO!$L$3:$L$1000)="CONFIRMADO")),ROWS($A$3:A4))),"") | C4: =IFERROR(INDEX(MAESTRO!C:C,_xludf.AGGREGATE(15,6,ROW(MAESTRO!$B$3:$B$1000)/((MAESTRO!$B$3:$B$1000="MILITARES")*(UPPER(MAESTRO!$L$3:$L$1000)="CONFIRMADO")),ROWS($A$3:A4))),"") | D4: =IFERROR(INDEX(MAESTRO!D:D,_xludf.AGGREGATE(15,6,ROW(MAESTRO!$B$3:$B$1000)/((MAESTRO!$B$3:$B$1000="MILITARES")*(UPPER(MAESTRO!$L$3:$L$1000)="CONFIRMADO")),ROWS($A$3:A4))),"") | E4: =IFERROR(INDEX(MAESTRO!E:E,_xludf.AGGREGATE(15,6,ROW(MAESTRO!$B$3:$B$1000)/((MAESTRO!$B$3:$B$1000="MILITARES")*(UPPER(MAESTRO!$L$3:$L$1000)="CONFIRMADO")),ROWS($A$3:A4))),"") | F4: =IFERROR(INDEX(MAESTRO!F:F,_xludf.AGGREGATE(15,6,ROW(MAESTRO!$B$3:$B$1000)/((MAESTRO!$B$3:$B$1000="MILITARES")*(UPPER(MAESTRO!$L$3:$L$1000)="CONFIRMADO")),ROWS($A$3:A4))),"") | G4: =IFERROR(INDEX(MAESTRO!G:G,_xludf.AGGREGATE(15,6,ROW(MAESTRO!$B$3:$B$1000)/((MAESTRO!$B$3:$B$1000="MILITARES")*(UPPER(MAESTRO!$L$3:$L$1000)="CONFIRMADO")),ROWS($A$3:A4))),"") | H4: =IFERROR(INDEX(MAESTRO!H:H,_xludf.AGGREGATE(15,6,ROW(MAESTRO!$B$3:$B$1000)/((MAESTRO!$B$3:$B$1000="MILITARES")*(UPPER(MAESTRO!$L$3:$L$1000)="CONFIRMADO")),ROWS($A$3:A4))),"") | I4: =IFERROR(INDEX(MAESTRO!I:I,_xludf.AGGREGATE(15,6,ROW(MAESTRO!$B$3:$B$1000)/((MAESTRO!$B$3:$B$1000="MILITARES")*(UPPER(MAESTRO!$L$3:$L$1000)="CONFIRMADO")),ROWS($A$3:A4))),"") | J4: =IFERROR(INDEX(MAESTRO!J:J,_xludf.AGGREGATE(15,6,ROW(MAESTRO!$B$3:$B$1000)/((MAESTRO!$B$3:$B$1000="MILITARES")*(UPPER(MAESTRO!$L$3:$L$1000)="CONFIRMADO")),ROWS($A$3:A4))),"") | K4: =IFERROR(INDEX(MAESTRO!K:K,_xludf.AGGREGATE(15,6,ROW(MAESTRO!$B$3:$B$1000)/((MAESTRO!$B$3:$B$1000="MILITARES")*(UPPER(MAESTRO!$L$3:$L$1000)="CONFIRMADO")),ROWS($A$3:A4))),"") | L4: =IFERROR(INDEX(MAESTRO!L:L,_xludf.AGGREGATE(15,6,ROW(MAESTRO!$B$3:$B$1000)/((MAESTRO!$B$3:$B$1000="MILITARES")*(UPPER(MAESTRO!$L$3:$L$1000)="CONFIRMADO")),ROWS($A$3:A4))),"") | M4: =IFERROR(INDEX(MAESTRO!M:M,_xludf.AGGREGATE(15,6,ROW(MAESTRO!$B$3:$B$1000)/((MAESTRO!$B$3:$B$1000="MILITARES")*(UPPER(MAESTRO!$L$3:$L$1000)="CONFIRMADO")),ROWS($A$3:A4))),"") | N4: =IFERROR(INDEX(MAESTRO!N:N,_xludf.AGGREGATE(15,6,ROW(MAESTRO!$B$3:$B$1000)/((MAESTRO!$B$3:$B$1000="MILITARES")*(UPPER(MAESTRO!$L$3:$L$1000)="CONFIRMADO")),ROWS($A$3:A4))),"") | O4: =IFERROR(INDEX(MAESTRO!O:O,_xludf.AGGREGATE(15,6,ROW(MAESTRO!$B$3:$B$1000)/((MAESTRO!$B$3:$B$1000="MILITARES")*(UPPER(MAESTRO!$L$3:$L$1000)="CONFIRMADO")),ROWS($A$3:A4))),"") | P4: =IFERROR(INDEX(MAESTRO!P:P,_xludf.AGGREGATE(15,6,ROW(MAESTRO!$B$3:$B$1000)/((MAESTRO!$B$3:$B$1000="MILITARES")*(UPPER(MAESTRO!$L$3:$L$1000)="CONFIRMADO")),ROWS($A$3:A4))),"") | Q4: =IFERROR(INDEX(MAESTRO!Q:Q,_xludf.AGGREGATE(15,6,ROW(MAESTRO!$B$3:$B$1000)/((MAESTRO!$B$3:$B$1000="MILITARES")*(UPPER(MAESTRO!$L$3:$L$1000)="CONFIRMADO")),ROWS($A$3:A4))),"") | R4: =IFERROR(INDEX(MAESTRO!R:R,_xludf.AGGREGATE(15,6,ROW(MAESTRO!$B$3:$B$1000)/((MAESTRO!$B$3:$B$1000="MILITARES")*(UPPER(MAESTRO!$L$3:$L$1000)="CONFIRMADO")),ROWS($A$3:A4))),"") | S4: =IFERROR(INDEX(MAESTRO!S:S,_xludf.AGGREGATE(15,6,ROW(MAESTRO!$B$3:$B$1000)/((MAESTRO!$B$3:$B$1000="MILITARES")*(UPPER(MAESTRO!$L$3:$L$1000)="CONFIRMADO")),ROWS($A$3:A4))),"") | T4: =IFERROR(INDEX(MAESTRO!T:T,_xludf.AGGREGATE(15,6,ROW(MAESTRO!$B$3:$B$1000)/((MAESTRO!$B$3:$B$1000="MILITARES")*(UPPER(MAESTRO!$L$3:$L$1000)="CONFIRMADO")),ROWS($A$3:A4))),"") | U4: =IFERROR(INDEX(MAESTRO!U:U,_xludf.AGGREGATE(15,6,ROW(MAESTRO!$B$3:$B$1000)/((MAESTRO!$B$3:$B$1000="MILITARES")*(UPPER(MAESTRO!$L$3:$L$1000)="CONFIRMADO")),ROWS($A$3:A4))),"") | V4: =IFERROR(INDEX(MAESTRO!V:V,_xludf.AGGREGATE(15,6,ROW(MAESTRO!$B$3:$B$1000)/((MAESTRO!$B$3:$B$1000="MILITARES")*(UPPER(MAESTRO!$L$3:$L$1000)="CONFIRMADO")),ROWS($A$3:A4))),"") | W4: =IFERROR(INDEX(MAESTRO!W:W,_xludf.AGGREGATE(15,6,ROW(MAESTRO!$B$3:$B$1000)/((MAESTRO!$B$3:$B$1000="MILITARES")*(UPPER(MAESTRO!$L$3:$L$1000)="CONFIRMADO")),ROWS($A$3:A4))),"") | X4: =IFERROR(INDEX(MAESTRO!X:X,_xludf.AGGREGATE(15,6,ROW(MAESTRO!$B$3:$B$1000)/((MAESTRO!$B$3:$B$1000="MILITARES")*(UPPER(MAESTRO!$L$3:$L$1000)="CONFIRMADO")),ROWS($A$3:A4))),"")
